Workbook

Sheet Anleitung+Lizenz
A1: Eine Anleitung für die Verwendung der Tools findet sich in dem seperaten Dokument "Anleitung_Potentialanalyse_Hardware.pdf" und unter https://opentransfer.eu/[Hier muss noch der spezielle Link unserer Webseite rein]
A2: Potentialanalyse Open Hardware © 2026 by Leibniz-IPHT is licensed under CC BY-SA 4.0. To view a copy of this license, visit https://creativecommons.org/licenses/by-sa/4.0/

Sheet Bewertungsbogen
A1: Bewertungstool HARDWARE
A2: Tool zur Einschätzung des Verwertungspotentials von Hardware, basierend auf der Einschätzung verschiedener Aspekte (vier Dimensionen). Zusätzlich wird eine Handlungsempfehlung für die nächsten Schritte sowie eine Einschätzung gegeben, ob die Hardware für eine Ausgründung geeignet ist.
A3: 1. Eingabe der allgemeinen Informationen der zu bewertenden Hardware, um diese später identifizieren zu können. | E3: 2. Festlegen der Schwellenwerte (in Prozent)
A4: Institution | E4: Dimensionen | F4: Bewertung | G4: Zuversicht | I4: Bewertung | J4: Vollständigkeit Startup
A5: Case ID | E5: Hardware | F5: 0.6 | G5: 0.7 | I5: =F23 -> 0 | J5: =IFERROR((COUNTIFS(M14:M22,">0",L14:L22,">0")+COUNTIFS(M27:M33,">0",L27:L33,">0")+COUNTIFS(M38:M43,">0",L38:L43,">0")+COUNTIFS(M48:M53,">0",L48:L53,">0"))/(COUNTIFS(F14:F22,"<>nicht relevant",L14:L22,">0")+COUNTIFS(F27:F33,"<>nicht relevant",L27:L33,">0")+COUNTIFS(F38:F43,"<>nicht relevant",L38:L43,">0")+COUNTIFS(F48:F53,"<>nicht relevant",L48:L53,">0")),"Bewertung nicht möglich") -> 0
A6: Kurze Beschreibung | E6: Team | F6: 0.6 | G6: 0.7 | I6: =F34 -> 0
E7: Einrichtung | F7: 0.6 | G7: 0.7 | I7: =F44 -> 0
E8: Markt | F8: 0.6 | G8: 0.7 | I8: =F54 -> 0
E9: Ausgründung | F9: 0.6 | G9: 0.7 | I9: =IFERROR(SUM(Bewertungsbogen!M:M)/SUM(Bewertungsbogen!L:L),0) -> 0
A10: Eine detaillierte Auswertung mit Handlungsempfehlungen und offenen Fragen/ToDos ist im Tabellenblatt "Auswertung" zu finden! | F10: Mindestwert, ab der die Dimension als Erfolgsfaktor gesehen werden kann. | G10: Mindestwert für eine aussagekräftige Bewertung.
A11: 3. Beantwortung der einzelnen Fragen per Dropdown-Feld. Nur relevante Felder sind auswählbar. Fragen, bei denen nicht alle Spalten beantwortet werden, gelten als nicht beantwortet und reduzieren die Wertung und Zuversicht. Sollen Fragen nicht in die Berechnung einbezogen werden, kann hierfür "nicht relevant" ausgewählt werden.
A12: HARDWARE
A13: ID | B13: Frage | C13: Nein (schlecht = 0) | D13: dazwischen (0,5) | E13: Ja (gut = 1) | F13: Bewertung der Frage | G13: Wie sicher ist die Antwort | H13: Kritische Frage | I13: Gewichtung Dimension | J13: Punkte Prozent | K13: Punkte Altes System | L13: Gewichtung Startup | M13: Punkte Startup | N13: Punkte Zuversicht | O13: Ausgabe Probleme | P13: Ausgabe offene Fragen | Q13: Beschreibung
A14: H01a | B14: =VLOOKUP($A14,Fragenkatalog!$A$1:$L$61,MATCH(B$13,Fragenkatalog!$1:$1,0),FALSE) -> Ist die Hardware eine neuartige Erfindung? | C14: =_xlfn.CONCAT("Nein: ",VLOOKUP($A14,Fragenkatalog!$A$1:$L$61,MATCH(C$13,Fragenkatalog!$1:$1,0),FALSE)) -> Nein: Die Hardware existiert bereits in anderweitiger Form. | D14: =VLOOKUP($A14,Fragenkatalog!$A$1:$L$61,MATCH(D$13,Fragenkatalog!$1:$1,0),FALSE) -> Die Hardware besitzt teilweise neue Funktionen. | E14: =_xlfn.CONCAT("Ja: ",VLOOKUP($A14,Fragenkatalog!$A$1:$L$61,MATCH(E$13,Fragenkatalog!$1:$1,0),FALSE)) -> Ja: Die Hardware oder Teile davon ist/sind eine neuartige Entwicklung. | H14: nein | I14: =IF(F14=LookupTabellen!$A$7,0,IFERROR(VLOOKUP(A14,Fragenkatalog!A:N,13,FALSE),"")) -> 1 | J14: =IF(OR(F14="",AND(G14="",F14<>LookupTabellen!$A$6,F14<>LookupTabellen!$A$7)),0,IFERROR(VLOOKUP(F14,LookupTabellen!$A$3:$B$7,2,FALSE)*VLOOKUP(A14,Fragenkatalog!A:N,13,FALSE),"")) -> 0 | K14: =IF(OR(F14="",AND(G14="",F14<>LookupTabellen!$A$6,F14<>LookupTabellen!$A$7)),0,IFERROR(VLOOKUP(F14,LookupTabellen!$A$3:$C$7,3,FALSE)*VLOOKUP(G14,LookupTabellen!$D$3:$F$5,3,FALSE)*VLOOKUP(A14,Fragenkatalog!A:N,13,FALSE),"")) -> 0 | L14: =IF(F14=LookupTabellen!$A$6,0,IFERROR(ABS(VLOOKUP(A14,Fragenkatalog!A:N,14,FALSE)),"")) -> 0.3 | M14: =IFERROR((IF(VLOOKUP(A14,Fragenkatalog!A:N,14,FALSE)<0,-4,0)+VLOOKUP(F14,LookupTabellen!$A$3:$B$7,2,FALSE))*VLOOKUP(A14,Fragenkatalog!A:N,14,FALSE),"") | N14: =IFERROR(VLOOKUP(G14,LookupTabellen!$D$3:$E$5,2,FALSE)*AND(H14<>"Antwort auswählen",F14<>LookupTabellen!$A$6,F14<>LookupTabellen!$A$7),0) -> 0 | O14: =IF(F14=LookupTabellen!$A$3,IF(VLOOKUP($A14,Fragenkatalog!$A$1:$L$61,MATCH($C$13,Fragenkatalog!$1:$1,0),FALSE)=0,"",CONCATENATE(VLOOKUP(H14,LookupTabellen!$H$2:$I$3,2,FALSE),VLOOKUP($A14,Fragenkatalog!$A$1:$L$61,MATCH($C$13,Fragenkatalog!$1:$1,0),FALSE))),"") | P14: =IF(O14="",IF(OR(F14=LookupTabellen!$A$6,F14="",G14=LookupTabellen!$D$3),IF(VLOOKUP($A14,Fragenkatalog!$A$1:$L$61,MATCH("Frage",Fragenkatalog!$1:$1,0),FALSE)=0,"",CONCATENATE(VLOOKUP(H14,LookupTabellen!$H$2:$I$3,2,FALSE),VLOOKUP($A14,Fragenkatalog!$A$1:$L$61,MATCH("Frage",Fragenkatalog!$1:$1,0),FALSE))),""),"") -> Ist die Hardware eine neuartige Erfindung? | Q14: =VLOOKUP($A14,Fragenkatalog!$A$1:$L$61,MATCH(Q$13,Fragenkatalog!$1:$1,0),FALSE) -> Hier wird abgefragt, wie neuartig und einzigartig eine Hardware ist: Existiert bereits vergleichbare Hardware oder ist sie eine neuartige Lösung für ein bestehendes Problem. Bei NEUHEIT geht es sowohl um Hardware aus der eigenen Einrichtung, als auch um Hardware, die von Dritten entwickelt wurde.)
A15: H01b | B15: =VLOOKUP($A15,Fragenkatalog!$A$1:$L$61,MATCH(B$13,Fragenkatalog!$1:$1,0),FALSE) -> Ist die Hardware in Verwendung? | C15: =_xlfn.CONCAT("Nein: ",VLOOKUP($A15,Fragenkatalog!$A$1:$L$61,MATCH(C$13,Fragenkatalog!$1:$1,0),FALSE)) -> Nein: Es existiert maximal ein Proof of Concept (bis TRL 3). | D15: =VLOOKUP($A15,Fragenkatalog!$A$1:$L$61,MATCH(D$13,Fragenkatalog!$1:$1,0),FALSE) -> Es existiert bereits ein Labor- oder Funktionsmus-ter/Prototyp (TRL 4-6). | E15: =_xlfn.CONCAT("Ja: ",VLOOKUP($A15,Fragenkatalog!$A$1:$L$61,MATCH(E$13,Fragenkatalog!$1:$1,0),FALSE)) -> Ja: Die Hardware ist bereits im realen Einsatz (ab TRL 7). | H15: nein | I15: =IF(F15=LookupTabellen!$A$7,0,IFERROR(VLOOKUP(A15,Fragenkatalog!A:N,13,FALSE),"")) -> 1 | J15: =IF(OR(F15="",AND(G15="",F15<>LookupTabellen!$A$6,F15<>LookupTabellen!$A$7)),0,IFERROR(VLOOKUP(F15,LookupTabellen!$A$3:$B$7,2,FALSE)*VLOOKUP(A15,Fragenkatalog!A:N,13,FALSE),"")) -> 0 | K15: =IF(OR(F15="",AND(G15="",F15<>LookupTabellen!$A$6,F15<>LookupTabellen!$A$7)),0,IFERROR(VLOOKUP(F15,LookupTabellen!$A$3:$C$7,3,FALSE)*VLOOKUP(G15,LookupTabellen!$D$3:$F$5,3,FALSE)*VLOOKUP(A15,Fragenkatalog!A:N,13,FALSE),"")) -> 0 | L15: =IF(F15=LookupTabellen!$A$6,0,IFERROR(ABS(VLOOKUP(A15,Fragenkatalog!A:N,14,FALSE)),"")) -> 0.75 | M15: =IFERROR((IF(VLOOKUP(A15,Fragenkatalog!A:N,14,FALSE)<0,-4,0)+VLOOKUP(F15,LookupTabellen!$A$3:$B$7,2,FALSE))*VLOOKUP(A15,Fragenkatalog!A:N,14,FALSE),"") | N15: =IFERROR(VLOOKUP(G15,LookupTabellen!$D$3:$E$5,2,FALSE)*AND(H15<>"Antwort auswählen",F15<>LookupTabellen!$A$6,F15<>LookupTabellen!$A$7),0) -> 0 | O15: =IF(F15=LookupTabellen!$A$3,IF(VLOOKUP($A15,Fragenkatalog!$A$1:$L$61,MATCH($C$13,Fragenkatalog!$1:$1,0),FALSE)=0,"",CONCATENATE(VLOOKUP(H15,LookupTabellen!$H$2:$I$3,2,FALSE),VLOOKUP($A15,Fragenkatalog!$A$1:$L$61,MATCH($C$13,Fragenkatalog!$1:$1,0),FALSE))),"") | P15: =IF(O15="",IF(OR(F15=LookupTabellen!$A$6,F15="",G15=LookupTabellen!$D$3),IF(VLOOKUP($A15,Fragenkatalog!$A$1:$L$61,MATCH("Frage",Fragenkatalog!$1:$1,0),FALSE)=0,"",CONCATENATE(VLOOKUP(H15,LookupTabellen!$H$2:$I$3,2,FALSE),VLOOKUP($A15,Fragenkatalog!$A$1:$L$61,MATCH("Frage",Fragenkatalog!$1:$1,0),FALSE))),""),"") -> Ist die Hardware in Verwendung? | Q15: =VLOOKUP($A15,Fragenkatalog!$A$1:$L$61,MATCH(Q$13,Fragenkatalog!$1:$1,0),FALSE) -> Die Einteilung orientiert sich am Technology Readiness-Level (TRL). Ist die Hardware bereits im Einsatz (TRL7), dann kann die Frage mit „Ja“ beantwortet werden. Handelt es sich dagegen um ein Labor- oder Funkti-onsmuster/Prototypen in relevanter Einsatzumgebung, (TRL 4-6) kann die mittlere Antwort gewählt werden. Besteht bisher nur ein Proof of Con-cept (bis TRL 3), dann ist die Frage zu verneinen.
A16: H01c | B16: =VLOOKUP($A16,Fragenkatalog!$A$1:$L$61,MATCH(B$13,Fragenkatalog!$1:$1,0),FALSE) -> Ist eine verwertbare Entwicklung der Hardware machbar? | C16: =_xlfn.CONCAT("Nein: ",VLOOKUP($A16,Fragenkatalog!$A$1:$L$61,MATCH(C$13,Fragenkatalog!$1:$1,0),FALSE)) -> Nein: Die Wahrscheinlichkeit für einen Abbruch der Entwicklung und damit Verwertung ist hoch. | D16: =VLOOKUP($A16,Fragenkatalog!$A$1:$L$61,MATCH(D$13,Fragenkatalog!$1:$1,0),FALSE) -> Es besteht die Möglichkeit, dass die Entwicklung abgebrochen wird. Das Risiko hierfür ist jedoch gering. | E16: =_xlfn.CONCAT("Ja: ",VLOOKUP($A16,Fragenkatalog!$A$1:$L$61,MATCH(E$13,Fragenkatalog!$1:$1,0),FALSE)) -> Ja: Ein Abschluss der Entwicklung und damit einer erfolgreichen Verwertung ist sehr wahrscheinlich. | H16: nein | I16: =IF(F16=LookupTabellen!$A$7,0,IFERROR(VLOOKUP(A16,Fragenkatalog!A:N,13,FALSE),"")) -> 1 | J16: =IF(OR(F16="",AND(G16="",F16<>LookupTabellen!$A$6,F16<>LookupTabellen!$A$7)),0,IFERROR(VLOOKUP(F16,LookupTabellen!$A$3:$B$7,2,FALSE)*VLOOKUP(A16,Fragenkatalog!A:N,13,FALSE),"")) -> 0 | K16: =IF(OR(F16="",AND(G16="",F16<>LookupTabellen!$A$6,F16<>LookupTabellen!$A$7)),0,IFERROR(VLOOKUP(F16,LookupTabellen!$A$3:$C$7,3,FALSE)*VLOOKUP(G16,LookupTabellen!$D$3:$F$5,3,FALSE)*VLOOKUP(A16,Fragenkatalog!A:N,13,FALSE),"")) -> 0 | L16: =IF(F16=LookupTabellen!$A$6,0,IFERROR(ABS(VLOOKUP(A16,Fragenkatalog!A:N,14,FALSE)),"")) -> 0 | M16: =IFERROR((IF(VLOOKUP(A16,Fragenkatalog!A:N,14,FALSE)<0,-4,0)+VLOOKUP(F16,LookupTabellen!$A$3:$B$7,2,FALSE))*VLOOKUP(A16,Fragenkatalog!A:N,14,FALSE),"") | N16: =IFERROR(VLOOKUP(G16,LookupTabellen!$D$3:$E$5,2,FALSE)*AND(H16<>"Antwort auswählen",F16<>LookupTabellen!$A$6,F16<>LookupTabellen!$A$7),0) -> 0 | O16: =IF(F16=LookupTabellen!$A$3,IF(VLOOKUP($A16,Fragenkatalog!$A$1:$L$61,MATCH($C$13,Fragenkatalog!$1:$1,0),FALSE)=0,"",CONCATENATE(VLOOKUP(H16,LookupTabellen!$H$2:$I$3,2,FALSE),VLOOKUP($A16,Fragenkatalog!$A$1:$L$61,MATCH($C$13,Fragenkatalog!$1:$1,0),FALSE))),"") | P16: =IF(O16="",IF(OR(F16=LookupTabellen!$A$6,F16="",G16=LookupTabellen!$D$3),IF(VLOOKUP($A16,Fragenkatalog!$A$1:$L$61,MATCH("Frage",Fragenkatalog!$1:$1,0),FALSE)=0,"",CONCATENATE(VLOOKUP(H16,LookupTabellen!$H$2:$I$3,2,FALSE),VLOOKUP($A16,Fragenkatalog!$A$1:$L$61,MATCH("Frage",Fragenkatalog!$1:$1,0),FALSE))),""),"") -> Ist eine verwertbare Entwicklung der Hardware machbar? | Q16: =VLOOKUP($A16,Fragenkatalog!$A$1:$L$61,MATCH(Q$13,Fragenkatalog!$1:$1,0),FALSE) -> Für die Verwertung der Hardware sollte diese soweit wie möglich fertiggestellt sein. Verschiedene Risiken können jedoch dafür sorgen, dass es zu einem Abbruch der Entwicklung und der Verwertung kommt. Schätzen sie ein, ob die Hardware zu einem fertigen Produkt entwickelt werden kann.
A17: H01d | B17: =VLOOKUP($A17,Fragenkatalog!$A$1:$L$61,MATCH(B$13,Fragenkatalog!$1:$1,0),FALSE) -> Ist die Hardware ausreichend dokumentiert? | C17: =_xlfn.CONCAT("Nein: ",VLOOKUP($A17,Fragenkatalog!$A$1:$L$61,MATCH(C$13,Fragenkatalog!$1:$1,0),FALSE)) -> Nein: Die Hardware ist vollständig undokumentiert. | D17: =VLOOKUP($A17,Fragenkatalog!$A$1:$L$61,MATCH(D$13,Fragenkatalog!$1:$1,0),FALSE) -> Die Dokumentation ist noch unzureichend. | E17: =_xlfn.CONCAT("Ja: ",VLOOKUP($A17,Fragenkatalog!$A$1:$L$61,MATCH(E$13,Fragenkatalog!$1:$1,0),FALSE)) -> Ja: Die Dokumentation ist vollständig. | H17: nein | I17: =IF(F17=LookupTabellen!$A$7,0,IFERROR(VLOOKUP(A17,Fragenkatalog!A:N,13,FALSE),"")) -> 1 | J17: =IF(OR(F17="",AND(G17="",F17<>LookupTabellen!$A$6,F17<>LookupTabellen!$A$7)),0,IFERROR(VLOOKUP(F17,LookupTabellen!$A$3:$B$7,2,FALSE)*VLOOKUP(A17,Fragenkatalog!A:N,13,FALSE),"")) -> 0 | K17: =IF(OR(F17="",AND(G17="",F17<>LookupTabellen!$A$6,F17<>LookupTabellen!$A$7)),0,IFERROR(VLOOKUP(F17,LookupTabellen!$A$3:$C$7,3,FALSE)*VLOOKUP(G17,LookupTabellen!$D$3:$F$5,3,FALSE)*VLOOKUP(A17,Fragenkatalog!A:N,13,FALSE),"")) -> 0 | L17: =IF(F17=LookupTabellen!$A$6,0,IFERROR(ABS(VLOOKUP(A17,Fragenkatalog!A:N,14,FALSE)),"")) -> 0.8 | M17: =IFERROR((IF(VLOOKUP(A17,Fragenkatalog!A:N,14,FALSE)<0,-4,0)+VLOOKUP(F17,LookupTabellen!$A$3:$B$7,2,FALSE))*VLOOKUP(A17,Fragenkatalog!A:N,14,FALSE),"") | N17: =IFERROR(VLOOKUP(G17,LookupTabellen!$D$3:$E$5,2,FALSE)*AND(H17<>"Antwort auswählen",F17<>LookupTabellen!$A$6,F17<>LookupTabellen!$A$7),0) -> 0 | O17: =IF(F17=LookupTabellen!$A$3,IF(VLOOKUP($A17,Fragenkatalog!$A$1:$L$61,MATCH($C$13,Fragenkatalog!$1:$1,0),FALSE)=0,"",CONCATENATE(VLOOKUP(H17,LookupTabellen!$H$2:$I$3,2,FALSE),VLOOKUP($A17,Fragenkatalog!$A$1:$L$61,MATCH($C$13,Fragenkatalog!$1:$1,0),FALSE))),"") | P17: =IF(O17="",IF(OR(F17=LookupTabellen!$A$6,F17="",G17=LookupTabellen!$D$3),IF(VLOOKUP($A17,Fragenkatalog!$A$1:$L$61,MATCH("Frage",Fragenkatalog!$1:$1,0),FALSE)=0,"",CONCATENATE(VLOOKUP(H17,LookupTabellen!$H$2:$I$3,2,FALSE),VLOOKUP($A17,Fragenkatalog!$A$1:$L$61,MATCH("Frage",Fragenkatalog!$1:$1,0),FALSE))),""),"") -> Ist die Hardware ausreichend dokumentiert? | Q17: =VLOOKUP($A17,Fragenkatalog!$A$1:$L$61,MATCH(Q$13,Fragenkatalog!$1:$1,0),FALSE) -> Eine ordentliche Dokumentation der Teileliste, des Aufbaus usw. ist essenziell dafür, dass man die Hardware auch in Zukunft noch warten und weiterentwickeln kann.
A18: H02a | B18: =VLOOKUP($A18,Fragenkatalog!$A$1:$L$61,MATCH(B$13,Fragenkatalog!$1:$1,0),FALSE) -> Können alle externen Komponenten für die Verwendung der Hardware eingesetzt werden? | C18: =_xlfn.CONCAT("Nein: ",VLOOKUP($A18,Fragenkatalog!$A$1:$L$61,MATCH(C$13,Fragenkatalog!$1:$1,0),FALSE)) -> Nein: Es gibt Probleme bei der Verwendung externer Komponenten. | D18: =VLOOKUP($A18,Fragenkatalog!$A$1:$L$61,MATCH(D$13,Fragenkatalog!$1:$1,0),FALSE) -> Bestehende Probleme können geklärt werden. | E18: =_xlfn.CONCAT("Ja: ",VLOOKUP($A18,Fragenkatalog!$A$1:$L$61,MATCH(E$13,Fragenkatalog!$1:$1,0),FALSE)) -> Ja: Die Verwendung externer Komponenten ist geklärt. | H18: nein | I18: =IF(F18=LookupTabellen!$A$7,0,IFERROR(VLOOKUP(A18,Fragenkatalog!A:N,13,FALSE),"")) -> 1 | J18: =IF(OR(F18="",AND(G18="",F18<>LookupTabellen!$A$6,F18<>LookupTabellen!$A$7)),0,IFERROR(VLOOKUP(F18,LookupTabellen!$A$3:$B$7,2,FALSE)*VLOOKUP(A18,Fragenkatalog!A:N,13,FALSE),"")) -> 0 | K18: =IF(OR(F18="",AND(G18="",F18<>LookupTabellen!$A$6,F18<>LookupTabellen!$A$7)),0,IFERROR(VLOOKUP(F18,LookupTabellen!$A$3:$C$7,3,FALSE)*VLOOKUP(G18,LookupTabellen!$D$3:$F$5,3,FALSE)*VLOOKUP(A18,Fragenkatalog!A:N,13,FALSE),"")) -> 0 | L18: =IF(F18=LookupTabellen!$A$6,0,IFERROR(ABS(VLOOKUP(A18,Fragenkatalog!A:N,14,FALSE)),"")) -> 0.5 | M18: =IFERROR((IF(VLOOKUP(A18,Fragenkatalog!A:N,14,FALSE)<0,-4,0)+VLOOKUP(F18,LookupTabellen!$A$3:$B$7,2,FALSE))*VLOOKUP(A18,Fragenkatalog!A:N,14,FALSE),"") | N18: =IFERROR(VLOOKUP(G18,LookupTabellen!$D$3:$E$5,2,FALSE)*AND(H18<>"Antwort auswählen",F18<>LookupTabellen!$A$6,F18<>LookupTabellen!$A$7),0) -> 0 | O18: =IF(F18=LookupTabellen!$A$3,IF(VLOOKUP($A18,Fragenkatalog!$A$1:$L$61,MATCH($C$13,Fragenkatalog!$1:$1,0),FALSE)=0,"",CONCATENATE(VLOOKUP(H18,LookupTabellen!$H$2:$I$3,2,FALSE),VLOOKUP($A18,Fragenkatalog!$A$1:$L$61,MATCH($C$13,Fragenkatalog!$1:$1,0),FALSE))),"") | P18: =IF(O18="",IF(OR(F18=LookupTabellen!$A$6,F18="",G18=LookupTabellen!$D$3),IF(VLOOKUP($A18,Fragenkatalog!$A$1:$L$61,MATCH("Frage",Fragenkatalog!$1:$1,0),FALSE)=0,"",CONCATENATE(VLOOKUP(H18,LookupTabellen!$H$2:$I$3,2,FALSE),VLOOKUP($A18,Fragenkatalog!$A$1:$L$61,MATCH("Frage",Fragenkatalog!$1:$1,0),FALSE))),""),"") -> Können alle externen Komponenten für die Verwendung der Hardware eingesetzt werden? | Q18: =VLOOKUP($A18,Fragenkatalog!$A$1:$L$61,MATCH(Q$13,Fragenkatalog!$1:$1,0),FALSE) -> Hier wird abgefragt, ob alle externen Komponenten schon beschafft und die Rechte (z.B. Nutzungsrechte) und Abhängigkeiten (z.B. Copyleft) für die weitere Verwendung geklärt sind.
A19: H02e | B19: =VLOOKUP($A19,Fragenkatalog!$A$1:$L$61,MATCH(B$13,Fragenkatalog!$1:$1,0),FALSE) -> Besteht die Hardware aus verschiedenen Komponenten, die jeweils separat verwertet werden können? | C19: =_xlfn.CONCAT("Nein: ",VLOOKUP($A19,Fragenkatalog!$A$1:$L$61,MATCH(C$13,Fragenkatalog!$1:$1,0),FALSE)) -> Nein: Die Hardware besitzt keine einzeln verwertbaren Komponenten. | D19: =VLOOKUP($A19,Fragenkatalog!$A$1:$L$61,MATCH(D$13,Fragenkatalog!$1:$1,0),FALSE) -> Ob einzelne Komponenten verwertbar sind, ist derzeit nicht sicher abschätzbar. | E19: =_xlfn.CONCAT("Ja: ",VLOOKUP($A19,Fragenkatalog!$A$1:$L$61,MATCH(E$13,Fragenkatalog!$1:$1,0),FALSE)) -> Ja: Einzelne Komponenten können separat verwertet werden. | H19: nein | I19: =IF(F19=LookupTabellen!$A$7,0,IFERROR(VLOOKUP(A19,Fragenkatalog!A:N,13,FALSE),"")) -> 1 | J19: =IF(OR(F19="",AND(G19="",F19<>LookupTabellen!$A$6,F19<>LookupTabellen!$A$7)),0,IFERROR(VLOOKUP(F19,LookupTabellen!$A$3:$B$7,2,FALSE)*VLOOKUP(A19,Fragenkatalog!A:N,13,FALSE),"")) -> 0 | K19: =IF(OR(F19="",AND(G19="",F19<>LookupTabellen!$A$6,F19<>LookupTabellen!$A$7)),0,IFERROR(VLOOKUP(F19,LookupTabellen!$A$3:$C$7,3,FALSE)*VLOOKUP(G19,LookupTabellen!$D$3:$F$5,3,FALSE)*VLOOKUP(A19,Fragenkatalog!A:N,13,FALSE),"")) -> 0 | L19: =IF(F19=LookupTabellen!$A$6,0,IFERROR(ABS(VLOOKUP(A19,Fragenkatalog!A:N,14,FALSE)),"")) -> 0.25 | M19: =IFERROR((IF(VLOOKUP(A19,Fragenkatalog!A:N,14,FALSE)<0,-4,0)+VLOOKUP(F19,LookupTabellen!$A$3:$B$7,2,FALSE))*VLOOKUP(A19,Fragenkatalog!A:N,14,FALSE),"") | N19: =IFERROR(VLOOKUP(G19,LookupTabellen!$D$3:$E$5,2,FALSE)*AND(H19<>"Antwort auswählen",F19<>LookupTabellen!$A$6,F19<>LookupTabellen!$A$7),0) -> 0 | O19: =IF(F19=LookupTabellen!$A$3,IF(VLOOKUP($A19,Fragenkatalog!$A$1:$L$61,MATCH($C$13,Fragenkatalog!$1:$1,0),FALSE)=0,"",CONCATENATE(VLOOKUP(H19,LookupTabellen!$H$2:$I$3,2,FALSE),VLOOKUP($A19,Fragenkatalog!$A$1:$L$61,MATCH($C$13,Fragenkatalog!$1:$1,0),FALSE))),"") | P19: =IF(O19="",IF(OR(F19=LookupTabellen!$A$6,F19="",G19=LookupTabellen!$D$3),IF(VLOOKUP($A19,Fragenkatalog!$A$1:$L$61,MATCH("Frage",Fragenkatalog!$1:$1,0),FALSE)=0,"",CONCATENATE(VLOOKUP(H19,LookupTabellen!$H$2:$I$3,2,FALSE),VLOOKUP($A19,Fragenkatalog!$A$1:$L$61,MATCH("Frage",Fragenkatalog!$1:$1,0),FALSE))),""),"") -> Besteht die Hardware aus verschiedenen Komponenten, die jeweils separat verwertet werden können? | Q19: =VLOOKUP($A19,Fragenkatalog!$A$1:$L$61,MATCH(Q$13,Fragenkatalog!$1:$1,0),FALSE) -> Hier wird abgefragt, ob eine Möglichkeit der Verwertung von Einzelteilen besteht, für den Fall, dass nicht das gesamte System verwertet werden kann. Damit wäre eine Teilverwertung möglich.
A20: H02f | B20: =VLOOKUP($A20,Fragenkatalog!$A$1:$L$61,MATCH(B$13,Fragenkatalog!$1:$1,0),FALSE) -> Kann die Hardware ohne Einsatz von Software betrieben werden? | C20: =_xlfn.CONCAT("Nein: ",VLOOKUP($A20,Fragenkatalog!$A$1:$L$61,MATCH(C$13,Fragenkatalog!$1:$1,0),FALSE)) -> Nein: Die Hardware benötigt für die Nutzung den Einsatz von Software. | D20: =VLOOKUP($A20,Fragenkatalog!$A$1:$L$61,MATCH(D$13,Fragenkatalog!$1:$1,0),FALSE) -> Für bestimmte Komponenten/Aufgaben ist eine Software nötig. | E20: =_xlfn.CONCAT("Ja: ",VLOOKUP($A20,Fragenkatalog!$A$1:$L$61,MATCH(E$13,Fragenkatalog!$1:$1,0),FALSE)) -> Ja: Die Hardware benötigt keine zusätzliche Software. | H20: nein | I20: =IF(F20=LookupTabellen!$A$7,0,IFERROR(VLOOKUP(A20,Fragenkatalog!A:N,13,FALSE),"")) -> 1 | J20: =IF(OR(F20="",AND(G20="",F20<>LookupTabellen!$A$6,F20<>LookupTabellen!$A$7)),0,IFERROR(VLOOKUP(F20,LookupTabellen!$A$3:$B$7,2,FALSE)*VLOOKUP(A20,Fragenkatalog!A:N,13,FALSE),"")) -> 0 | K20: =IF(OR(F20="",AND(G20="",F20<>LookupTabellen!$A$6,F20<>LookupTabellen!$A$7)),0,IFERROR(VLOOKUP(F20,LookupTabellen!$A$3:$C$7,3,FALSE)*VLOOKUP(G20,LookupTabellen!$D$3:$F$5,3,FALSE)*VLOOKUP(A20,Fragenkatalog!A:N,13,FALSE),"")) -> 0 | L20: =IF(F20=LookupTabellen!$A$6,0,IFERROR(ABS(VLOOKUP(A20,Fragenkatalog!A:N,14,FALSE)),"")) -> 0.25 | M20: =IFERROR((IF(VLOOKUP(A20,Fragenkatalog!A:N,14,FALSE)<0,-4,0)+VLOOKUP(F20,LookupTabellen!$A$3:$B$7,2,FALSE))*VLOOKUP(A20,Fragenkatalog!A:N,14,FALSE),"") | N20: =IFERROR(VLOOKUP(G20,LookupTabellen!$D$3:$E$5,2,FALSE)*AND(H20<>"Antwort auswählen",F20<>LookupTabellen!$A$6,F20<>LookupTabellen!$A$7),0) -> 0 | O20: =IF(F20=LookupTabellen!$A$3,IF(VLOOKUP($A20,Fragenkatalog!$A$1:$L$61,MATCH($C$13,Fragenkatalog!$1:$1,0),FALSE)=0,"",CONCATENATE(VLOOKUP(H20,LookupTabellen!$H$2:$I$3,2,FALSE),VLOOKUP($A20,Fragenkatalog!$A$1:$L$61,MATCH($C$13,Fragenkatalog!$1:$1,0),FALSE))),"") | P20: =IF(O20="",IF(OR(F20=LookupTabellen!$A$6,F20="",G20=LookupTabellen!$D$3),IF(VLOOKUP($A20,Fragenkatalog!$A$1:$L$61,MATCH("Frage",Fragenkatalog!$1:$1,0),FALSE)=0,"",CONCATENATE(VLOOKUP(H20,LookupTabellen!$H$2:$I$3,2,FALSE),VLOOKUP($A20,Fragenkatalog!$A$1:$L$61,MATCH("Frage",Fragenkatalog!$1:$1,0),FALSE))),""),"") -> Kann die Hardware ohne Einsatz von Software betrieben werden? | Q20: =VLOOKUP($A20,Fragenkatalog!$A$1:$L$61,MATCH(Q$13,Fragenkatalog!$1:$1,0),FALSE) -> Der Einsatz von proprietärer Software oder von Software mit starker Copyleft-Lizenz (z.B. GPL 3.0) kann zu Einschränkungen der geplanten Verwertung führen.
A21: H03c | B21: =VLOOKUP($A21,Fragenkatalog!$A$1:$L$61,MATCH(B$13,Fragenkatalog!$1:$1,0),FALSE) -> Kann die Hardware ohne spezielle Zulassungen verwertet werden? | C21: =_xlfn.CONCAT("Nein: ",VLOOKUP($A21,Fragenkatalog!$A$1:$L$61,MATCH(C$13,Fragenkatalog!$1:$1,0),FALSE)) -> Nein: Die Hardware erfordert spezielle Zulassungen. | D21: =VLOOKUP($A21,Fragenkatalog!$A$1:$L$61,MATCH(D$13,Fragenkatalog!$1:$1,0),FALSE) -> Die Hardware benötigt keine Zulassungen, muss jedoch bestimmte Standards erfüllen. | E21: =_xlfn.CONCAT("Ja: ",VLOOKUP($A21,Fragenkatalog!$A$1:$L$61,MATCH(E$13,Fragenkatalog!$1:$1,0),FALSE)) -> Ja: Keine Zulassungen oder Einhaltung von Standards erforderlich. | H21: nein | I21: =IF(F21=LookupTabellen!$A$7,0,IFERROR(VLOOKUP(A21,Fragenkatalog!A:N,13,FALSE),"")) -> 1 | J21: =IF(OR(F21="",AND(G21="",F21<>LookupTabellen!$A$6,F21<>LookupTabellen!$A$7)),0,IFERROR(VLOOKUP(F21,LookupTabellen!$A$3:$B$7,2,FALSE)*VLOOKUP(A21,Fragenkatalog!A:N,13,FALSE),"")) -> 0 | K21: =IF(OR(F21="",AND(G21="",F21<>LookupTabellen!$A$6,F21<>LookupTabellen!$A$7)),0,IFERROR(VLOOKUP(F21,LookupTabellen!$A$3:$C$7,3,FALSE)*VLOOKUP(G21,LookupTabellen!$D$3:$F$5,3,FALSE)*VLOOKUP(A21,Fragenkatalog!A:N,13,FALSE),"")) -> 0 | L21: =IF(F21=LookupTabellen!$A$6,0,IFERROR(ABS(VLOOKUP(A21,Fragenkatalog!A:N,14,FALSE)),"")) -> 0 | M21: =IFERROR((IF(VLOOKUP(A21,Fragenkatalog!A:N,14,FALSE)<0,-4,0)+VLOOKUP(F21,LookupTabellen!$A$3:$B$7,2,FALSE))*VLOOKUP(A21,Fragenkatalog!A:N,14,FALSE),"") | N21: =IFERROR(VLOOKUP(G21,LookupTabellen!$D$3:$E$5,2,FALSE)*AND(H21<>"Antwort auswählen",F21<>LookupTabellen!$A$6,F21<>LookupTabellen!$A$7),0) -> 0 | O21: =IF(F21=LookupTabellen!$A$3,IF(VLOOKUP($A21,Fragenkatalog!$A$1:$L$61,MATCH($C$13,Fragenkatalog!$1:$1,0),FALSE)=0,"",CONCATENATE(VLOOKUP(H21,LookupTabellen!$H$2:$I$3,2,FALSE),VLOOKUP($A21,Fragenkatalog!$A$1:$L$61,MATCH($C$13,Fragenkatalog!$1:$1,0),FALSE))),"") | P21: =IF(O21="",IF(OR(F21=LookupTabellen!$A$6,F21="",G21=LookupTabellen!$D$3),IF(VLOOKUP($A21,Fragenkatalog!$A$1:$L$61,MATCH("Frage",Fragenkatalog!$1:$1,0),FALSE)=0,"",CONCATENATE(VLOOKUP(H21,LookupTabellen!$H$2:$I$3,2,FALSE),VLOOKUP($A21,Fragenkatalog!$A$1:$L$61,MATCH("Frage",Fragenkatalog!$1:$1,0),FALSE))),""),"") -> Kann die Hardware ohne spezielle Zulassungen verwertet werden? | Q21: =VLOOKUP($A21,Fragenkatalog!$A$1:$L$61,MATCH(Q$13,Fragenkatalog!$1:$1,0),FALSE) -> Für die Verwertung der Hardware sind möglicherweise bestimmte Zulassungen, Standards oder Anforderungen erforderlich. Dies können bspw. die Zulassung als Medizinprodukt (MDR), bestimmte Datenschutzverordnungen oder Industriestandards sein.
A22: H03d | B22: =VLOOKUP($A22,Fragenkatalog!$A$1:$L$61,MATCH(B$13,Fragenkatalog!$1:$1,0),FALSE) -> Lässt sich die Hardware unbedenklich für Umwelt, Mensch und/oder Gesellschaft verwenden? | C22: =_xlfn.CONCAT("Nein: ",VLOOKUP($A22,Fragenkatalog!$A$1:$L$61,MATCH(C$13,Fragenkatalog!$1:$1,0),FALSE)) -> Nein: Die Hardware ist schädlich. | D22: =VLOOKUP($A22,Fragenkatalog!$A$1:$L$61,MATCH(D$13,Fragenkatalog!$1:$1,0),FALSE) -> Die Hardware lässt sich zu schädlichen Zwecken missbrauchen. | E22: =_xlfn.CONCAT("Ja: ",VLOOKUP($A22,Fragenkatalog!$A$1:$L$61,MATCH(E$13,Fragenkatalog!$1:$1,0),FALSE)) -> Ja: Die Hardware ist unbedenklich. | H22: nein | I22: =IF(F22=LookupTabellen!$A$7,0,IFERROR(VLOOKUP(A22,Fragenkatalog!A:N,13,FALSE),"")) -> 1 | J22: =IF(OR(F22="",AND(G22="",F22<>LookupTabellen!$A$6,F22<>LookupTabellen!$A$7)),0,IFERROR(VLOOKUP(F22,LookupTabellen!$A$3:$B$7,2,FALSE)*VLOOKUP(A22,Fragenkatalog!A:N,13,FALSE),"")) -> 0 | K22: =IF(OR(F22="",AND(G22="",F22<>LookupTabellen!$A$6,F22<>LookupTabellen!$A$7)),0,IFERROR(VLOOKUP(F22,LookupTabellen!$A$3:$C$7,3,FALSE)*VLOOKUP(G22,LookupTabellen!$D$3:$F$5,3,FALSE)*VLOOKUP(A22,Fragenkatalog!A:N,13,FALSE),"")) -> 0 | L22: =IF(F22=LookupTabellen!$A$6,0,IFERROR(ABS(VLOOKUP(A22,Fragenkatalog!A:N,14,FALSE)),"")) -> 0.4 | M22: =IFERROR((IF(VLOOKUP(A22,Fragenkatalog!A:N,14,FALSE)<0,-4,0)+VLOOKUP(F22,LookupTabellen!$A$3:$B$7,2,FALSE))*VLOOKUP(A22,Fragenkatalog!A:N,14,FALSE),"") | N22: =IFERROR(VLOOKUP(G22,LookupTabellen!$D$3:$E$5,2,FALSE)*AND(H22<>"Antwort auswählen",F22<>LookupTabellen!$A$6,F22<>LookupTabellen!$A$7),0) -> 0 | O22: =IF(F22=LookupTabellen!$A$3,IF(VLOOKUP($A22,Fragenkatalog!$A$1:$L$61,MATCH($C$13,Fragenkatalog!$1:$1,0),FALSE)=0,"",CONCATENATE(VLOOKUP(H22,LookupTabellen!$H$2:$I$3,2,FALSE),VLOOKUP($A22,Fragenkatalog!$A$1:$L$61,MATCH($C$13,Fragenkatalog!$1:$1,0),FALSE))),"") | P22: =IF(O22="",IF(OR(F22=LookupTabellen!$A$6,F22="",G22=LookupTabellen!$D$3),IF(VLOOKUP($A22,Fragenkatalog!$A$1:$L$61,MATCH("Frage",Fragenkatalog!$1:$1,0),FALSE)=0,"",CONCATENATE(VLOOKUP(H22,LookupTabellen!$H$2:$I$3,2,FALSE),VLOOKUP($A22,Fragenkatalog!$A$1:$L$61,MATCH("Frage",Fragenkatalog!$1:$1,0),FALSE))),""),"") -> Lässt sich die Hardware unbedenklich für Umwelt, Mensch und/oder Gesellschaft verwenden? | Q22: =VLOOKUP($A22,Fragenkatalog!$A$1:$L$61,MATCH(Q$13,Fragenkatalog!$1:$1,0),FALSE) -> Führt die Hardware zu schädlichen Auswirkungen auf Mensch, Gesellschaft oder Umwelt, dann sollte von einer Veröffentlichung abgesehen werden. Schädliche Auswirkungen können sein: Nutzung als Waffensysteme, Aufnahme von Satellitenbildern, Sammlung und Auswertung personenbezogener Daten usw.
E23: =IFERROR(SUM(K14:K22)/SUM(I14:I22),0) -> 0 | F23: =IFERROR(SUM(J14:J22)/SUM(I14:I22),0) -> 0 | G23: =IFERROR(SUM(N14:N22)/(COUNTIF(F14:F22,"<>nicht relevant")),"Bewertung nicht möglich") -> 0
E24: Wertung (Punkte) | F24: Wertung (Prozent) | G24: Zuversicht
A25: TEAM | T25: =IF(F25=LookupTabellen!$A$3,IF(VLOOKUP($A25,Fragenkatalog!$A$1:$L$61,MATCH("Empfehlungen",Fragenkatalog!$1:$1,0),FALSE)=0,"",VLOOKUP($A25,Fragenkatalog!$A$1:$L$61,MATCH("Empfehlungen",Fragenkatalog!$1:$1,0),FALSE)),"") | U25: =IF(G25=LookupTabellen!$D$3,IF(VLOOKUP($A25,Fragenkatalog!$A$1:$L$61,MATCH("Frage",Fragenkatalog!$1:$1,0),FALSE)=0,"",VLOOKUP($A25,Fragenkatalog!$A$1:$L$61,MATCH("Frage",Fragenkatalog!$1:$1,0),FALSE)),"")
A26: ID | B26: Frage | C26: Nein (schlecht = 0) | D26: dazwischen (0,5) | E26: Ja (gut = 1) | F26: Antwort | G26: Zuversicht der Bewertung | H26: Gewichtete Wertung | I26: Gewichtung Dimension | J26: Punkte Prozent | K26: Punkte Altes System | L26: Gewichtung Spinout | M26: Punkte Spinout | N26: Punkte Zuversicht | O26: Ausgabe Probleme | P26: Ausgabe offene Fragen | Q26: Beschreibung
A27: T01a | B27: =VLOOKUP($A27,Fragenkatalog!$A$1:$L$61,MATCH(B$26,Fragenkatalog!$1:$1,0),FALSE) -> Ist das Entwicklerteam bereit, die Verwertung der Hardware zu unterstützen? | C27: =_xlfn.CONCAT("Nein: ",VLOOKUP($A27,Fragenkatalog!$A$1:$L$61,MATCH(C$13,Fragenkatalog!$1:$1,0),FALSE)) -> Nein: Das Entwicklerteam will die Verwertung nicht unterstützen. | D27: =VLOOKUP($A27,Fragenkatalog!$A$1:$L$61,MATCH(D$13,Fragenkatalog!$1:$1,0),FALSE) -> Das Entwicklerteam möchte die Hardware noch fertigstellen, aber nicht verwerten. | E27: =_xlfn.CONCAT("Ja: ",VLOOKUP($A27,Fragenkatalog!$A$1:$L$61,MATCH(E$13,Fragenkatalog!$1:$1,0),FALSE)) -> Ja: Das Entwicklerteam möchte bei der Verwertung mitarbeiten. | H27: nein | I27: =IF(F27=LookupTabellen!$A$7,0,IFERROR(VLOOKUP(A27,Fragenkatalog!A:N,13,FALSE),"")) -> 1 | J27: =IF(OR(F27="",AND(G27="",F27<>LookupTabellen!$A$6,F27<>LookupTabellen!$A$7)),0,IFERROR(VLOOKUP(F27,LookupTabellen!$A$3:$B$7,2,FALSE)*VLOOKUP(A27,Fragenkatalog!A:N,13,FALSE),"")) -> 0 | K27: =IF(OR(F27="",AND(G27="",F27<>LookupTabellen!$A$6,F27<>LookupTabellen!$A$7)),0,IFERROR(VLOOKUP(F27,LookupTabellen!$A$3:$C$7,3,FALSE)*VLOOKUP(G27,LookupTabellen!$D$3:$F$5,3,FALSE)*VLOOKUP(A27,Fragenkatalog!A:N,13,FALSE),"")) -> 0 | L27: =IF(F27=LookupTabellen!$A$6,0,IFERROR(ABS(VLOOKUP(A27,Fragenkatalog!A:N,14,FALSE)),"")) -> 0.8 | M27: =IFERROR((IF(VLOOKUP(A27,Fragenkatalog!A:N,14,FALSE)<0,-4,0)+VLOOKUP(F27,LookupTabellen!$A$3:$B$7,2,FALSE))*VLOOKUP(A27,Fragenkatalog!A:N,14,FALSE),"") | N27: =IFERROR(VLOOKUP(G27,LookupTabellen!$D$3:$E$5,2,FALSE)*AND(H27<>"Antwort auswählen",F27<>LookupTabellen!$A$6,F27<>LookupTabellen!$A$7),0) -> 0 | O27: =IF(F27=LookupTabellen!$A$3,IF(VLOOKUP($A27,Fragenkatalog!$A$1:$L$61,MATCH($C$13,Fragenkatalog!$1:$1,0),FALSE)=0,"",CONCATENATE(VLOOKUP(H27,LookupTabellen!$H$2:$I$3,2,FALSE),VLOOKUP($A27,Fragenkatalog!$A$1:$L$61,MATCH($C$13,Fragenkatalog!$1:$1,0),FALSE))),"") | P27: =IF(O27="",IF(OR(F27=LookupTabellen!$A$6,F27="",G27=LookupTabellen!$D$3),IF(VLOOKUP($A27,Fragenkatalog!$A$1:$L$61,MATCH("Frage",Fragenkatalog!$1:$1,0),FALSE)=0,"",CONCATENATE(VLOOKUP(H27,LookupTabellen!$H$2:$I$3,2,FALSE),VLOOKUP($A27,Fragenkatalog!$A$1:$L$61,MATCH("Frage",Fragenkatalog!$1:$1,0),FALSE))),""),"") -> Ist das Entwicklerteam bereit, die Verwertung der Hardware zu unterstützen? | Q27: =VLOOKUP($A27,Fragenkatalog!$A$1:$L$61,MATCH(Q$13,Fragenkatalog!$1:$1,0),FALSE) -> Inwieweit sind die Entwickler: innen bereit bei der Verwertung mitzuarbeiten? Sei es in Form einer Ausgründung oder durch Unterstützung bei Aufgaben wie Wartung, Support, Beratung usw.?
A28: T01b | B28: =VLOOKUP($A28,Fragenkatalog!$A$1:$L$61,MATCH(B$26,Fragenkatalog!$1:$1,0),FALSE) -> Ist das Entwicklerteam kompromissbereit und zeigt es eine realistische Erwartung bzgl. der angestrebten Verwertung? | C28: =_xlfn.CONCAT("Nein: ",VLOOKUP($A28,Fragenkatalog!$A$1:$L$61,MATCH(C$13,Fragenkatalog!$1:$1,0),FALSE)) -> Nein: Die Entwickler zeigen wenig Kompromissbereitschaft. | D28: =VLOOKUP($A28,Fragenkatalog!$A$1:$L$61,MATCH(D$26,Fragenkatalog!$1:$1,0),FALSE) -> Das Entwicklerteam hat gegensätzliche und unrealistische Erwartungen. | E28: =_xlfn.CONCAT("Ja: ",VLOOKUP($A28,Fragenkatalog!$A$1:$L$61,MATCH(E$13,Fragenkatalog!$1:$1,0),FALSE)) -> Ja: Das Entwicklerteam hat realistische Erwartungen hinsichtlich der Verwertung. | H28: nein | I28: =IF(F28=LookupTabellen!$A$7,0,IFERROR(VLOOKUP(A28,Fragenkatalog!A:N,13,FALSE),"")) -> 1 | J28: =IF(OR(F28="",AND(G28="",F28<>LookupTabellen!$A$6,F28<>LookupTabellen!$A$7)),0,IFERROR(VLOOKUP(F28,LookupTabellen!$A$3:$B$7,2,FALSE)*VLOOKUP(A28,Fragenkatalog!A:N,13,FALSE),"")) -> 0 | K28: =IF(OR(F28="",AND(G28="",F28<>LookupTabellen!$A$6,F28<>LookupTabellen!$A$7)),0,IFERROR(VLOOKUP(F28,LookupTabellen!$A$3:$C$7,3,FALSE)*VLOOKUP(G28,LookupTabellen!$D$3:$F$5,3,FALSE)*VLOOKUP(A28,Fragenkatalog!A:N,13,FALSE),"")) -> 0 | L28: =IF(F28=LookupTabellen!$A$6,0,IFERROR(ABS(VLOOKUP(A28,Fragenkatalog!A:N,14,FALSE)),"")) -> 1 | M28: =IFERROR((IF(VLOOKUP(A28,Fragenkatalog!A:N,14,FALSE)<0,-4,0)+VLOOKUP(F28,LookupTabellen!$A$3:$B$7,2,FALSE))*VLOOKUP(A28,Fragenkatalog!A:N,14,FALSE),"") | N28: =IFERROR(VLOOKUP(G28,LookupTabellen!$D$3:$E$5,2,FALSE)*AND(H28<>"Antwort auswählen",F28<>LookupTabellen!$A$6,F28<>LookupTabellen!$A$7),0) -> 0 | O28: =IF(F28=LookupTabellen!$A$3,IF(VLOOKUP($A28,Fragenkatalog!$A$1:$L$61,MATCH($C$13,Fragenkatalog!$1:$1,0),FALSE)=0,"",CONCATENATE(VLOOKUP(H28,LookupTabellen!$H$2:$I$3,2,FALSE),VLOOKUP($A28,Fragenkatalog!$A$1:$L$61,MATCH($C$13,Fragenkatalog!$1:$1,0),FALSE))),"") | P28: =IF(O28="",IF(OR(F28=LookupTabellen!$A$6,F28="",G28=LookupTabellen!$D$3),IF(VLOOKUP($A28,Fragenkatalog!$A$1:$L$61,MATCH("Frage",Fragenkatalog!$1:$1,0),FALSE)=0,"",CONCATENATE(VLOOKUP(H28,LookupTabellen!$H$2:$I$3,2,FALSE),VLOOKUP($A28,Fragenkatalog!$A$1:$L$61,MATCH("Frage",Fragenkatalog!$1:$1,0),FALSE))),""),"") -> Ist das Entwicklerteam kompromissbereit und zeigt es eine realistische Erwartung bzgl. der angestrebten Verwertung? | Q28: =VLOOKUP($A28,Fragenkatalog!$A$1:$L$61,MATCH(Q$26,Fragenkatalog!$1:$1,0),FALSE) -> Die Erwartungen von Entwickler: innen bzgl. der Verwertung können erheblich variieren. Sie können auf eine Open-Source-Verwertung bestehen oder großen Gewinn anstreben. Bei der Bewertung muss abgeschätzt werden, ob die Erwartungen im Entwicklerteam realistisch sind, zu Problemen führen und Kompromissbereitschaft besteht.
A29: T02a | B29: =VLOOKUP($A29,Fragenkatalog!$A$1:$L$61,MATCH(B$26,Fragenkatalog!$1:$1,0),FALSE) -> Sind alle Fragen der Autorenschaft geklärt? | C29: =_xlfn.CONCAT("Nein: ",VLOOKUP($A29,Fragenkatalog!$A$1:$L$61,MATCH(C$13,Fragenkatalog!$1:$1,0),FALSE)) -> Nein: Es gibt noch offene Fragen oder Streitpunkte. | D29: =VLOOKUP($A29,Fragenkatalog!$A$1:$L$61,MATCH(D$26,Fragenkatalog!$1:$1,0),FALSE) -> Offene Punkte lassen sich klären. | E29: =_xlfn.CONCAT("Ja: ",VLOOKUP($A29,Fragenkatalog!$A$1:$L$61,MATCH(E$13,Fragenkatalog!$1:$1,0),FALSE)) -> Ja: Alle Fragen sind geklärt. | H29: nein | I29: =IF(F29=LookupTabellen!$A$7,0,IFERROR(VLOOKUP(A29,Fragenkatalog!A:N,13,FALSE),"")) -> 1 | J29: =IF(OR(F29="",AND(G29="",F29<>LookupTabellen!$A$6,F29<>LookupTabellen!$A$7)),0,IFERROR(VLOOKUP(F29,LookupTabellen!$A$3:$B$7,2,FALSE)*VLOOKUP(A29,Fragenkatalog!A:N,13,FALSE),"")) -> 0 | K29: =IF(OR(F29="",AND(G29="",F29<>LookupTabellen!$A$6,F29<>LookupTabellen!$A$7)),0,IFERROR(VLOOKUP(F29,LookupTabellen!$A$3:$C$7,3,FALSE)*VLOOKUP(G29,LookupTabellen!$D$3:$F$5,3,FALSE)*VLOOKUP(A29,Fragenkatalog!A:N,13,FALSE),"")) -> 0 | L29: =IF(F29=LookupTabellen!$A$6,0,IFERROR(ABS(VLOOKUP(A29,Fragenkatalog!A:N,14,FALSE)),"")) -> 0.75 | M29: =IFERROR((IF(VLOOKUP(A29,Fragenkatalog!A:N,14,FALSE)<0,-4,0)+VLOOKUP(F29,LookupTabellen!$A$3:$B$7,2,FALSE))*VLOOKUP(A29,Fragenkatalog!A:N,14,FALSE),"") | N29: =IFERROR(VLOOKUP(G29,LookupTabellen!$D$3:$E$5,2,FALSE)*AND(H29<>"Antwort auswählen",F29<>LookupTabellen!$A$6,F29<>LookupTabellen!$A$7),0) -> 0 | O29: =IF(F29=LookupTabellen!$A$3,IF(VLOOKUP($A29,Fragenkatalog!$A$1:$L$61,MATCH($C$13,Fragenkatalog!$1:$1,0),FALSE)=0,"",CONCATENATE(VLOOKUP(H29,LookupTabellen!$H$2:$I$3,2,FALSE),VLOOKUP($A29,Fragenkatalog!$A$1:$L$61,MATCH($C$13,Fragenkatalog!$1:$1,0),FALSE))),"") | P29: =IF(O29="",IF(OR(F29=LookupTabellen!$A$6,F29="",G29=LookupTabellen!$D$3),IF(VLOOKUP($A29,Fragenkatalog!$A$1:$L$61,MATCH("Frage",Fragenkatalog!$1:$1,0),FALSE)=0,"",CONCATENATE(VLOOKUP(H29,LookupTabellen!$H$2:$I$3,2,FALSE),VLOOKUP($A29,Fragenkatalog!$A$1:$L$61,MATCH("Frage",Fragenkatalog!$1:$1,0),FALSE))),""),"") -> Sind alle Fragen der Autorenschaft geklärt? | Q29: =VLOOKUP($A29,Fragenkatalog!$A$1:$L$61,MATCH(Q$26,Fragenkatalog!$1:$1,0),FALSE) -> Zu den Fragen der Autorenschaft zählen u.a.: Wer sind die involvierten Entwickler? Wie groß sind die jeweiligen Beiträge? Wurden Fragen der Vergütung usw. geklärt?
A30: T02b | B30: =VLOOKUP($A30,Fragenkatalog!$A$1:$L$61,MATCH(B$26,Fragenkatalog!$1:$1,0),FALSE) -> Ist die Autorenschaft gut dokumentiert? | C30: =_xlfn.CONCAT("Nein: ",VLOOKUP($A30,Fragenkatalog!$A$1:$L$61,MATCH(C$13,Fragenkatalog!$1:$1,0),FALSE)) -> Nein: Dokumente zur Autorenschaft und zu einzelnen Beiträgen liegen nicht vor. | D30: =VLOOKUP($A30,Fragenkatalog!$A$1:$L$61,MATCH(D$26,Fragenkatalog!$1:$1,0),FALSE) -> Die Autorenschaft geht aus schriftlicher Kommunikation hervor. | E30: =_xlfn.CONCAT("Ja: ",VLOOKUP($A30,Fragenkatalog!$A$1:$L$61,MATCH(E$13,Fragenkatalog!$1:$1,0),FALSE)) -> Ja: Die Dokumentation ist ausreichend und verständlich. | H30: nein | I30: =IF(F30=LookupTabellen!$A$7,0,IFERROR(VLOOKUP(A30,Fragenkatalog!A:N,13,FALSE),"")) -> 1 | J30: =IF(OR(F30="",AND(G30="",F30<>LookupTabellen!$A$6,F30<>LookupTabellen!$A$7)),0,IFERROR(VLOOKUP(F30,LookupTabellen!$A$3:$B$7,2,FALSE)*VLOOKUP(A30,Fragenkatalog!A:N,13,FALSE),"")) -> 0 | K30: =IF(OR(F30="",AND(G30="",F30<>LookupTabellen!$A$6,F30<>LookupTabellen!$A$7)),0,IFERROR(VLOOKUP(F30,LookupTabellen!$A$3:$C$7,3,FALSE)*VLOOKUP(G30,LookupTabellen!$D$3:$F$5,3,FALSE)*VLOOKUP(A30,Fragenkatalog!A:N,13,FALSE),"")) -> 0 | L30: =IF(F30=LookupTabellen!$A$6,0,IFERROR(ABS(VLOOKUP(A30,Fragenkatalog!A:N,14,FALSE)),"")) -> 0.85 | M30: =IFERROR((IF(VLOOKUP(A30,Fragenkatalog!A:N,14,FALSE)<0,-4,0)+VLOOKUP(F30,LookupTabellen!$A$3:$B$7,2,FALSE))*VLOOKUP(A30,Fragenkatalog!A:N,14,FALSE),"") | N30: =IFERROR(VLOOKUP(G30,LookupTabellen!$D$3:$E$5,2,FALSE)*AND(H30<>"Antwort auswählen",F30<>LookupTabellen!$A$6,F30<>LookupTabellen!$A$7),0) -> 0 | O30: =IF(F30=LookupTabellen!$A$3,IF(VLOOKUP($A30,Fragenkatalog!$A$1:$L$61,MATCH($C$13,Fragenkatalog!$1:$1,0),FALSE)=0,"",CONCATENATE(VLOOKUP(H30,LookupTabellen!$H$2:$I$3,2,FALSE),VLOOKUP($A30,Fragenkatalog!$A$1:$L$61,MATCH($C$13,Fragenkatalog!$1:$1,0),FALSE))),"") | P30: =IF(O30="",IF(OR(F30=LookupTabellen!$A$6,F30="",G30=LookupTabellen!$D$3),IF(VLOOKUP($A30,Fragenkatalog!$A$1:$L$61,MATCH("Frage",Fragenkatalog!$1:$1,0),FALSE)=0,"",CONCATENATE(VLOOKUP(H30,LookupTabellen!$H$2:$I$3,2,FALSE),VLOOKUP($A30,Fragenkatalog!$A$1:$L$61,MATCH("Frage",Fragenkatalog!$1:$1,0),FALSE))),""),"") -> Ist die Autorenschaft gut dokumentiert? | Q30: =VLOOKUP($A30,Fragenkatalog!$A$1:$L$61,MATCH(Q$26,Fragenkatalog!$1:$1,0),FALSE) -> Geht aus der Dokumentation hervor, wer an der Entwicklung beteiligt war/ist und wie groß der jeweilige Anteil/Beitrag zur Hardware war/ist? Hierbei ist auch die Form der Dokumentation entscheidend. Existieren lediglich mündliche Absprachen, kann dies nicht mit "gut" bewertet werden. Besser wäre es, wenn zumindest aus schriftlicher Kommunikation hervorgeht, wer was gemacht hat. Eine gute Dokumentation sollte bspw. in Form eines Repository oder einer Erfindungsmeldung vorliegen.
A31: T03a | B31: =VLOOKUP($A31,Fragenkatalog!$A$1:$L$61,MATCH(B$26,Fragenkatalog!$1:$1,0),FALSE) -> Verfügt das Entwicklerteam über genügend Ressourcen für die Verwertung? | C31: =_xlfn.CONCAT("Nein: ",VLOOKUP($A31,Fragenkatalog!$A$1:$L$61,MATCH(C$13,Fragenkatalog!$1:$1,0),FALSE)) -> Nein: Es fehlen sowohl Geld als auch Zeit. | D31: =VLOOKUP($A31,Fragenkatalog!$A$1:$L$61,MATCH(D$26,Fragenkatalog!$1:$1,0),FALSE) -> Es fehlt entweder Geld oder Zeit. | E31: =_xlfn.CONCAT("Ja: ",VLOOKUP($A31,Fragenkatalog!$A$1:$L$61,MATCH(E$13,Fragenkatalog!$1:$1,0),FALSE)) -> Ja: Es sind ausreichend Res-sourcen vorhanden. | H31: nein | I31: =IF(F31=LookupTabellen!$A$7,0,IFERROR(VLOOKUP(A31,Fragenkatalog!A:N,13,FALSE),"")) -> 1 | J31: =IF(OR(F31="",AND(G31="",F31<>LookupTabellen!$A$6,F31<>LookupTabellen!$A$7)),0,IFERROR(VLOOKUP(F31,LookupTabellen!$A$3:$B$7,2,FALSE)*VLOOKUP(A31,Fragenkatalog!A:N,13,FALSE),"")) -> 0 | K31: =IF(OR(F31="",AND(G31="",F31<>LookupTabellen!$A$6,F31<>LookupTabellen!$A$7)),0,IFERROR(VLOOKUP(F31,LookupTabellen!$A$3:$C$7,3,FALSE)*VLOOKUP(G31,LookupTabellen!$D$3:$F$5,3,FALSE)*VLOOKUP(A31,Fragenkatalog!A:N,13,FALSE),"")) -> 0 | L31: =IF(F31=LookupTabellen!$A$6,0,IFERROR(ABS(VLOOKUP(A31,Fragenkatalog!A:N,14,FALSE)),"")) -> 0.85 | M31: =IFERROR((IF(VLOOKUP(A31,Fragenkatalog!A:N,14,FALSE)<0,-4,0)+VLOOKUP(F31,LookupTabellen!$A$3:$B$7,2,FALSE))*VLOOKUP(A31,Fragenkatalog!A:N,14,FALSE),"") | N31: =IFERROR(VLOOKUP(G31,LookupTabellen!$D$3:$E$5,2,FALSE)*AND(H31<>"Antwort auswählen",F31<>LookupTabellen!$A$6,F31<>LookupTabellen!$A$7),0) -> 0 | O31: =IF(F31=LookupTabellen!$A$3,IF(VLOOKUP($A31,Fragenkatalog!$A$1:$L$61,MATCH($C$13,Fragenkatalog!$1:$1,0),FALSE)=0,"",CONCATENATE(VLOOKUP(H31,LookupTabellen!$H$2:$I$3,2,FALSE),VLOOKUP($A31,Fragenkatalog!$A$1:$L$61,MATCH($C$13,Fragenkatalog!$1:$1,0),FALSE))),"") | P31: =IF(O31="",IF(OR(F31=LookupTabellen!$A$6,F31="",G31=LookupTabellen!$D$3),IF(VLOOKUP($A31,Fragenkatalog!$A$1:$L$61,MATCH("Frage",Fragenkatalog!$1:$1,0),FALSE)=0,"",CONCATENATE(VLOOKUP(H31,LookupTabellen!$H$2:$I$3,2,FALSE),VLOOKUP($A31,Fragenkatalog!$A$1:$L$61,MATCH("Frage",Fragenkatalog!$1:$1,0),FALSE))),""),"") -> Verfügt das Entwicklerteam über genügend Ressourcen für die Verwertung? | Q31: =VLOOKUP($A31,Fragenkatalog!$A$1:$L$61,MATCH(Q$26,Fragenkatalog!$1:$1,0),FALSE) -> Ressourcen sind sowohl Zeit als auch Geld, die dem Team für die Entwicklung und Verwertung zur Verfügung stehen.
A32: T03b | B32: =VLOOKUP($A32,Fragenkatalog!$A$1:$L$61,MATCH(B$26,Fragenkatalog!$1:$1,0),FALSE) -> Verfügt das Entwicklerteam über die notwendigen Kompetenzen? | C32: =_xlfn.CONCAT("Nein: ",VLOOKUP($A32,Fragenkatalog!$A$1:$L$61,MATCH(C$13,Fragenkatalog!$1:$1,0),FALSE)) -> Nein: Es fehlen wichtige Kompetenzen. | D32: =VLOOKUP($A32,Fragenkatalog!$A$1:$L$61,MATCH(D$26,Fragenkatalog!$1:$1,0),FALSE) -> Fehlende Kompetenzen können erworben werden. | E32: =_xlfn.CONCAT("Ja: ",VLOOKUP($A32,Fragenkatalog!$A$1:$L$61,MATCH(E$13,Fragenkatalog!$1:$1,0),FALSE)) -> Ja: Alle nötigen Kompetenzen sind vorhanden. | H32: nein | I32: =IF(F32=LookupTabellen!$A$7,0,IFERROR(VLOOKUP(A32,Fragenkatalog!A:N,13,FALSE),"")) -> 1 | J32: =IF(OR(F32="",AND(G32="",F32<>LookupTabellen!$A$6,F32<>LookupTabellen!$A$7)),0,IFERROR(VLOOKUP(F32,LookupTabellen!$A$3:$B$7,2,FALSE)*VLOOKUP(A32,Fragenkatalog!A:N,13,FALSE),"")) -> 0 | K32: =IF(OR(F32="",AND(G32="",F32<>LookupTabellen!$A$6,F32<>LookupTabellen!$A$7)),0,IFERROR(VLOOKUP(F32,LookupTabellen!$A$3:$C$7,3,FALSE)*VLOOKUP(G32,LookupTabellen!$D$3:$F$5,3,FALSE)*VLOOKUP(A32,Fragenkatalog!A:N,13,FALSE),"")) -> 0 | L32: =IF(F32=LookupTabellen!$A$6,0,IFERROR(ABS(VLOOKUP(A32,Fragenkatalog!A:N,14,FALSE)),"")) -> 0.85 | M32: =IFERROR((IF(VLOOKUP(A32,Fragenkatalog!A:N,14,FALSE)<0,-4,0)+VLOOKUP(F32,LookupTabellen!$A$3:$B$7,2,FALSE))*VLOOKUP(A32,Fragenkatalog!A:N,14,FALSE),"") | N32: =IFERROR(VLOOKUP(G32,LookupTabellen!$D$3:$E$5,2,FALSE)*AND(H32<>"Antwort auswählen",F32<>LookupTabellen!$A$6,F32<>LookupTabellen!$A$7),0) -> 0 | O32: =IF(F32=LookupTabellen!$A$3,IF(VLOOKUP($A32,Fragenkatalog!$A$1:$L$61,MATCH($C$13,Fragenkatalog!$1:$1,0),FALSE)=0,"",CONCATENATE(VLOOKUP(H32,LookupTabellen!$H$2:$I$3,2,FALSE),VLOOKUP($A32,Fragenkatalog!$A$1:$L$61,MATCH($C$13,Fragenkatalog!$1:$1,0),FALSE))),"") | P32: =IF(O32="",IF(OR(F32=LookupTabellen!$A$6,F32="",G32=LookupTabellen!$D$3),IF(VLOOKUP($A32,Fragenkatalog!$A$1:$L$61,MATCH("Frage",Fragenkatalog!$1:$1,0),FALSE)=0,"",CONCATENATE(VLOOKUP(H32,LookupTabellen!$H$2:$I$3,2,FALSE),VLOOKUP($A32,Fragenkatalog!$A$1:$L$61,MATCH("Frage",Fragenkatalog!$1:$1,0),FALSE))),""),"") -> Verfügt das Entwicklerteam über die notwendigen Kompetenzen? | Q32: =VLOOKUP($A32,Fragenkatalog!$A$1:$L$61,MATCH(Q$26,Fragenkatalog!$1:$1,0),FALSE) -> Kompetenzen können sich auf die Entwicklung der Hardware (z.B. Kenntnisse zum Aufbau und der Funktionsweise oder auch theoretisches Wissen im Fachgebiet) oder auf die Verwertung (fehlendes Know-how über Rechte, Markt etc.) beziehen.
A33: T03c | B33: =VLOOKUP($A33,Fragenkatalog!$A$1:$L$61,MATCH(B$26,Fragenkatalog!$1:$1,0),FALSE) -> Ist das Entwicklerteam gut mit der Community und/oder Industrie vernetzt? | C33: =_xlfn.CONCAT("Nein: ",VLOOKUP($A33,Fragenkatalog!$A$1:$L$61,MATCH(C$13,Fragenkatalog!$1:$1,0),FALSE)) -> Nein: Es gibt keine Vernetzungen. | D33: =VLOOKUP($A33,Fragenkatalog!$A$1:$L$61,MATCH(D$26,Fragenkatalog!$1:$1,0),FALSE) -> Das Entwicklerteam ist in die Forschungscommunity oder in die Industrie integriert. | E33: =_xlfn.CONCAT("Ja: ",VLOOKUP($A33,Fragenkatalog!$A$1:$L$61,MATCH(E$13,Fragenkatalog!$1:$1,0),FALSE)) -> Ja: Das Entwicklerteam ist in beide Bereiche gut integriert. | H33: nein | I33: =IF(F33=LookupTabellen!$A$7,0,IFERROR(VLOOKUP(A33,Fragenkatalog!A:N,13,FALSE),"")) -> 1 | J33: =IF(OR(F33="",AND(G33="",F33<>LookupTabellen!$A$6,F33<>LookupTabellen!$A$7)),0,IFERROR(VLOOKUP(F33,LookupTabellen!$A$3:$B$7,2,FALSE)*VLOOKUP(A33,Fragenkatalog!A:N,13,FALSE),"")) -> 0 | K33: =IF(OR(F33="",AND(G33="",F33<>LookupTabellen!$A$6,F33<>LookupTabellen!$A$7)),0,IFERROR(VLOOKUP(F33,LookupTabellen!$A$3:$C$7,3,FALSE)*VLOOKUP(G33,LookupTabellen!$D$3:$F$5,3,FALSE)*VLOOKUP(A33,Fragenkatalog!A:N,13,FALSE),"")) -> 0 | L33: =IF(F33=LookupTabellen!$A$6,0,IFERROR(ABS(VLOOKUP(A33,Fragenkatalog!A:N,14,FALSE)),"")) -> 0.5 | M33: =IFERROR((IF(VLOOKUP(A33,Fragenkatalog!A:N,14,FALSE)<0,-4,0)+VLOOKUP(F33,LookupTabellen!$A$3:$B$7,2,FALSE))*VLOOKUP(A33,Fragenkatalog!A:N,14,FALSE),"") | N33: =IFERROR(VLOOKUP(G33,LookupTabellen!$D$3:$E$5,2,FALSE)*AND(H33<>"Antwort auswählen",F33<>LookupTabellen!$A$6,F33<>LookupTabellen!$A$7),0) -> 0 | O33: =IF(F33=LookupTabellen!$A$3,IF(VLOOKUP($A33,Fragenkatalog!$A$1:$L$61,MATCH($C$13,Fragenkatalog!$1:$1,0),FALSE)=0,"",CONCATENATE(VLOOKUP(H33,LookupTabellen!$H$2:$I$3,2,FALSE),VLOOKUP($A33,Fragenkatalog!$A$1:$L$61,MATCH($C$13,Fragenkatalog!$1:$1,0),FALSE))),"") | P33: =IF(O33="",IF(OR(F33=LookupTabellen!$A$6,F33="",G33=LookupTabellen!$D$3),IF(VLOOKUP($A33,Fragenkatalog!$A$1:$L$61,MATCH("Frage",Fragenkatalog!$1:$1,0),FALSE)=0,"",CONCATENATE(VLOOKUP(H33,LookupTabellen!$H$2:$I$3,2,FALSE),VLOOKUP($A33,Fragenkatalog!$A$1:$L$61,MATCH("Frage",Fragenkatalog!$1:$1,0),FALSE))),""),"") -> Ist das Entwicklerteam gut mit der Community und/oder Industrie vernetzt? | Q33: =VLOOKUP($A33,Fragenkatalog!$A$1:$L$61,MATCH(Q$26,Fragenkatalog!$1:$1,0),FALSE) -> Anerkennung/Etablierung im relevanten Gebiet, Unterstützung und Kontakte zu Industrie, ggfs. Vertriebsnetze (direkte Kontakte aus dem Bereich der Entwicklerschaft/Lehrstuhlinhaber usw.).
E34: =IFERROR(SUM(K27:K33)/SUM(I27:I33),0) -> 0 | F34: =IFERROR(SUM(J27:J33)/SUM(I27:I33),0) -> 0 | G34: =IFERROR(SUM(N27:N33)/(COUNTIF(F27:F33,"<>nicht relevant")),"Bewertung nicht möglich") -> 0
E35: Wertung (Punkte) | F35: Wertung (Prozent) | G35: Zuversicht
A36: EINRICHTUNG | U36: =IF(G36=LookupTabellen!$D$3,IF(VLOOKUP($A36,Fragenkatalog!$A$1:$L$61,MATCH("Frage",Fragenkatalog!$1:$1,0),FALSE)=0,"",VLOOKUP($A36,Fragenkatalog!$A$1:$L$61,MATCH("Frage",Fragenkatalog!$1:$1,0),FALSE)),"")
A37: ID | B37: Frage | C37: Nein (schlecht = 0) | D37: dazwischen (0,5) | E37: Ja (gut = 1) | F37: Antwort | G37: Zuversicht der Bewertung | H37: Gewichtete Wertung | I37: Gewichtung Dimension | J37: Punkte Prozent | K37: Punkte Altes System | L37: Gewichtung Spinout | M37: Punkte Spinout | N37: Punkte Zuversicht | O37: Ausgabe Probleme | P37: Ausgabe offene Fragen | Q37: Beschreibung
A38: E01a | B38: =VLOOKUP($A38,Fragenkatalog!$A$1:$L$61,MATCH(B$37,Fragenkatalog!$1:$1,0),FALSE) -> Passt die Verwertung der Hardware zur strategischen Ausrichtung der Einrichtung? | C38: =_xlfn.CONCAT("Nein: ",VLOOKUP($A38,Fragenkatalog!$A$1:$L$61,MATCH(C$13,Fragenkatalog!$1:$1,0),FALSE)) -> Nein: Die Verwertung passt nicht zur strategischen Ausrichtung der Einrichtung. | D38: =VLOOKUP($A38,Fragenkatalog!$A$1:$L$61,MATCH(D$13,Fragenkatalog!$1:$1,0),FALSE) -> Die Hardware passt nur bedingt zur Einrichtung und/oder es besteht ein Interesse an der Verwertung. | E38: =_xlfn.CONCAT("Ja: ",VLOOKUP($A38,Fragenkatalog!$A$1:$L$61,MATCH(E$13,Fragenkatalog!$1:$1,0),FALSE)) -> Ja: Die Hardware passt in das Portfolio der Einrichtung und soll verwertet werden. | H38: nein | I38: =IF(F38=LookupTabellen!$A$7,0,IFERROR(VLOOKUP(A38,Fragenkatalog!A:N,13,FALSE),"")) -> 1 | J38: =IF(OR(F38="",AND(G38="",F38<>LookupTabellen!$A$6,F38<>LookupTabellen!$A$7)),0,IFERROR(VLOOKUP(F38,LookupTabellen!$A$3:$B$7,2,FALSE)*VLOOKUP(A38,Fragenkatalog!A:N,13,FALSE),"")) -> 0 | K38: =IF(OR(F38="",AND(G38="",F38<>LookupTabellen!$A$6,F38<>LookupTabellen!$A$7)),0,IFERROR(VLOOKUP(F38,LookupTabellen!$A$3:$C$7,3,FALSE)*VLOOKUP(G38,LookupTabellen!$D$3:$F$5,3,FALSE)*VLOOKUP(A38,Fragenkatalog!A:N,13,FALSE),"")) -> 0 | L38: =IF(F38=LookupTabellen!$A$6,0,IFERROR(ABS(VLOOKUP(A38,Fragenkatalog!A:N,14,FALSE)),"")) -> 0.1 | M38: =IFERROR((IF(VLOOKUP(A38,Fragenkatalog!A:N,14,FALSE)<0,-4,0)+VLOOKUP(F38,LookupTabellen!$A$3:$B$7,2,FALSE))*VLOOKUP(A38,Fragenkatalog!A:N,14,FALSE),"") | N38: =IFERROR(VLOOKUP(G38,LookupTabellen!$D$3:$E$5,2,FALSE)*AND(H38<>"Antwort auswählen",F38<>LookupTabellen!$A$6,F38<>LookupTabellen!$A$7),0) -> 0 | O38: =IF(F38=LookupTabellen!$A$3,IF(VLOOKUP($A38,Fragenkatalog!$A$1:$L$61,MATCH($C$13,Fragenkatalog!$1:$1,0),FALSE)=0,"",CONCATENATE(VLOOKUP(H38,LookupTabellen!$H$2:$I$3,2,FALSE),VLOOKUP($A38,Fragenkatalog!$A$1:$L$61,MATCH($C$13,Fragenkatalog!$1:$1,0),FALSE))),"") | P38: =IF(O38="",IF(OR(F38=LookupTabellen!$A$6,F38="",G38=LookupTabellen!$D$3),IF(VLOOKUP($A38,Fragenkatalog!$A$1:$L$61,MATCH("Frage",Fragenkatalog!$1:$1,0),FALSE)=0,"",CONCATENATE(VLOOKUP(H38,LookupTabellen!$H$2:$I$3,2,FALSE),VLOOKUP($A38,Fragenkatalog!$A$1:$L$61,MATCH("Frage",Fragenkatalog!$1:$1,0),FALSE))),""),"") -> Passt die Verwertung der Hardware zur strategischen Ausrichtung der Einrichtung? | Q38: =VLOOKUP($A38,Fragenkatalog!$A$1:$L$61,MATCH(Q$13,Fragenkatalog!$1:$1,0),FALSE) -> Aus verschiedenen Gründen kann die Verwertung der Hardware nicht zur Einrichtung passen oder kein Interesse an der Verwertung seitens der Einrichtung bestehen. Gründe können sein: die Verwertung passt nicht ins bestehende Portfolio, schränkt zukünftige Forschungsaktivitäten ein (z.B. durch den Wegfall von Know-how), bedient einen Markt, der nicht von der Einrichtung gewünscht ist (z.B. militärische Nutzung) oder hat nichts mit der Ausrichtung der Einrichtung generell zu tun.
A39: E01b | B39: =VLOOKUP($A39,Fragenkatalog!$A$1:$L$61,MATCH(B$37,Fragenkatalog!$1:$1,0),FALSE) -> Passen die Vorstellungen von Team und Einrichtung bzgl. der Hardwareverwertung zusammen? | C39: =_xlfn.CONCAT("Nein: ",VLOOKUP($A39,Fragenkatalog!$A$1:$L$61,MATCH(C$13,Fragenkatalog!$1:$1,0),FALSE)) -> Nein: Die Vorstellungen passen nicht zusammen und keine der beiden Seiten ist kompromissbereit. | D39: =VLOOKUP($A39,Fragenkatalog!$A$1:$L$61,MATCH(D$37,Fragenkatalog!$1:$1,0),FALSE) -> Die Vorstellungen passen nicht zusammen, die Einrichtung ist aber kompromissbereit. | E39: =_xlfn.CONCAT("Ja: ",VLOOKUP($A39,Fragenkatalog!$A$1:$L$61,MATCH(E$13,Fragenkatalog!$1:$1,0),FALSE)) -> Ja: Die Vorstellungen passen zusammen. | H39: nein | I39: =IF(F39=LookupTabellen!$A$7,0,IFERROR(VLOOKUP(A39,Fragenkatalog!A:N,13,FALSE),"")) -> 1 | J39: =IF(OR(F39="",AND(G39="",F39<>LookupTabellen!$A$6,F39<>LookupTabellen!$A$7)),0,IFERROR(VLOOKUP(F39,LookupTabellen!$A$3:$B$7,2,FALSE)*VLOOKUP(A39,Fragenkatalog!A:N,13,FALSE),"")) -> 0 | K39: =IF(OR(F39="",AND(G39="",F39<>LookupTabellen!$A$6,F39<>LookupTabellen!$A$7)),0,IFERROR(VLOOKUP(F39,LookupTabellen!$A$3:$C$7,3,FALSE)*VLOOKUP(G39,LookupTabellen!$D$3:$F$5,3,FALSE)*VLOOKUP(A39,Fragenkatalog!A:N,13,FALSE),"")) -> 0 | L39: =IF(F39=LookupTabellen!$A$6,0,IFERROR(ABS(VLOOKUP(A39,Fragenkatalog!A:N,14,FALSE)),"")) -> 0.8 | M39: =IFERROR((IF(VLOOKUP(A39,Fragenkatalog!A:N,14,FALSE)<0,-4,0)+VLOOKUP(F39,LookupTabellen!$A$3:$B$7,2,FALSE))*VLOOKUP(A39,Fragenkatalog!A:N,14,FALSE),"") | N39: =IFERROR(VLOOKUP(G39,LookupTabellen!$D$3:$E$5,2,FALSE)*AND(H39<>"Antwort auswählen",F39<>LookupTabellen!$A$6,F39<>LookupTabellen!$A$7),0) -> 0 | O39: =IF(F39=LookupTabellen!$A$3,IF(VLOOKUP($A39,Fragenkatalog!$A$1:$L$61,MATCH($C$13,Fragenkatalog!$1:$1,0),FALSE)=0,"",CONCATENATE(VLOOKUP(H39,LookupTabellen!$H$2:$I$3,2,FALSE),VLOOKUP($A39,Fragenkatalog!$A$1:$L$61,MATCH($C$13,Fragenkatalog!$1:$1,0),FALSE))),"") | P39: =IF(O39="",IF(OR(F39=LookupTabellen!$A$6,F39="",G39=LookupTabellen!$D$3),IF(VLOOKUP($A39,Fragenkatalog!$A$1:$L$61,MATCH("Frage",Fragenkatalog!$1:$1,0),FALSE)=0,"",CONCATENATE(VLOOKUP(H39,LookupTabellen!$H$2:$I$3,2,FALSE),VLOOKUP($A39,Fragenkatalog!$A$1:$L$61,MATCH("Frage",Fragenkatalog!$1:$1,0),FALSE))),""),"") -> Passen die Vorstellungen von Team und Einrichtung bzgl. der Hardwareverwertung zusammen? | Q39: =VLOOKUP($A39,Fragenkatalog!$A$1:$L$61,MATCH(Q$37,Fragenkatalog!$1:$1,0),FALSE) -> Haben Einrichtung und Entwicklerteam die gleichen Erwartungen bzgl. der Verwertung der Hardware? Möchte die Einrichtung die Hardware z.B. kommerziell verwerten, das Team jedoch als Open Source veröffentlichen, dann entsteht ein Mehraufwand für die Vermittlung beider Seiten. Ausschlaggebend ist weiterhin, wie aufgeschlossen die Einrichtung/Lehrstuhl für Kompromisse ist.
A40: E02a | B40: =VLOOKUP($A40,Fragenkatalog!$A$1:$L$61,MATCH(B$37,Fragenkatalog!$1:$1,0),FALSE) -> Liegen alle Nutzungs- und Verwertungsrechte bei der Einrichtung? | C40: =_xlfn.CONCAT("Nein: ",VLOOKUP($A40,Fragenkatalog!$A$1:$L$61,MATCH(C$13,Fragenkatalog!$1:$1,0),FALSE)) -> Nein: Nicht alle Rechte liegen bei der Einrichtung. | D40: =VLOOKUP($A40,Fragenkatalog!$A$1:$L$61,MATCH(D$37,Fragenkatalog!$1:$1,0),FALSE) -> Rechte können noch erworben oder geklärt werden. | E40: =_xlfn.CONCAT("Ja: ",VLOOKUP($A40,Fragenkatalog!$A$1:$L$61,MATCH(E$13,Fragenkatalog!$1:$1,0),FALSE)) -> Ja: Die Einrichtung besitzt alle Nutzungs- und Verwertungsrechte. | H40: nein | I40: =IF(F40=LookupTabellen!$A$7,0,IFERROR(VLOOKUP(A40,Fragenkatalog!A:N,13,FALSE),"")) -> 1 | J40: =IF(OR(F40="",AND(G40="",F40<>LookupTabellen!$A$6,F40<>LookupTabellen!$A$7)),0,IFERROR(VLOOKUP(F40,LookupTabellen!$A$3:$B$7,2,FALSE)*VLOOKUP(A40,Fragenkatalog!A:N,13,FALSE),"")) -> 0 | K40: =IF(OR(F40="",AND(G40="",F40<>LookupTabellen!$A$6,F40<>LookupTabellen!$A$7)),0,IFERROR(VLOOKUP(F40,LookupTabellen!$A$3:$C$7,3,FALSE)*VLOOKUP(G40,LookupTabellen!$D$3:$F$5,3,FALSE)*VLOOKUP(A40,Fragenkatalog!A:N,13,FALSE),"")) -> 0 | L40: =IF(F40=LookupTabellen!$A$6,0,IFERROR(ABS(VLOOKUP(A40,Fragenkatalog!A:N,14,FALSE)),"")) -> 0.5 | M40: =IFERROR((IF(VLOOKUP(A40,Fragenkatalog!A:N,14,FALSE)<0,-4,0)+VLOOKUP(F40,LookupTabellen!$A$3:$B$7,2,FALSE))*VLOOKUP(A40,Fragenkatalog!A:N,14,FALSE),"") | N40: =IFERROR(VLOOKUP(G40,LookupTabellen!$D$3:$E$5,2,FALSE)*AND(H40<>"Antwort auswählen",F40<>LookupTabellen!$A$6,F40<>LookupTabellen!$A$7),0) -> 0 | O40: =IF(F40=LookupTabellen!$A$3,IF(VLOOKUP($A40,Fragenkatalog!$A$1:$L$61,MATCH($C$13,Fragenkatalog!$1:$1,0),FALSE)=0,"",CONCATENATE(VLOOKUP(H40,LookupTabellen!$H$2:$I$3,2,FALSE),VLOOKUP($A40,Fragenkatalog!$A$1:$L$61,MATCH($C$13,Fragenkatalog!$1:$1,0),FALSE))),"") | P40: =IF(O40="",IF(OR(F40=LookupTabellen!$A$6,F40="",G40=LookupTabellen!$D$3),IF(VLOOKUP($A40,Fragenkatalog!$A$1:$L$61,MATCH("Frage",Fragenkatalog!$1:$1,0),FALSE)=0,"",CONCATENATE(VLOOKUP(H40,LookupTabellen!$H$2:$I$3,2,FALSE),VLOOKUP($A40,Fragenkatalog!$A$1:$L$61,MATCH("Frage",Fragenkatalog!$1:$1,0),FALSE))),""),"") -> Liegen alle Nutzungs- und Verwertungsrechte bei der Einrichtung? | Q40: =VLOOKUP($A40,Fragenkatalog!$A$1:$L$61,MATCH(Q$37,Fragenkatalog!$1:$1,0),FALSE) -> Für eine Verwertung durch die Einrichtung ist es notwendig, dass alle Rechte bei der Einrichtung liegen. Ist dies nicht der Fall oder noch unklar, dann müssen diese Rechte wenn möglich über Lizenzen oder Kauf erworben werden.
A41: E02b | B41: =VLOOKUP($A41,Fragenkatalog!$A$1:$L$61,MATCH(B$37,Fragenkatalog!$1:$1,0),FALSE) -> Ist eine Verwertung der Hardware trotz bestehender Rahmenverträge (Auftragsforschung, FuE-Projekt, Kooperationsverträge, Verpflichtungen aufgrund staatlicher Unterstützung) möglich? | C41: =_xlfn.CONCAT("Nein: ",VLOOKUP($A41,Fragenkatalog!$A$1:$L$61,MATCH(C$13,Fragenkatalog!$1:$1,0),FALSE)) -> Nein: Eine Verwertung wird durch bestehende Verträge explizit ausgeschlossen. | D41: =VLOOKUP($A41,Fragenkatalog!$A$1:$L$61,MATCH(D$37,Fragenkatalog!$1:$1,0),FALSE) -> Die Verwertungsmodalitäten müssen noch mit den Kooperationspartnern, Geldgebern usw. geklärt werden. | E41: =_xlfn.CONCAT("Ja: ",VLOOKUP($A41,Fragenkatalog!$A$1:$L$61,MATCH(E$13,Fragenkatalog!$1:$1,0),FALSE)) -> Ja: Die Verwertung ist ausdrücklich erlaubt. | H41: nein | I41: =IF(F41=LookupTabellen!$A$7,0,IFERROR(VLOOKUP(A41,Fragenkatalog!A:N,13,FALSE),"")) -> 1 | J41: =IF(OR(F41="",AND(G41="",F41<>LookupTabellen!$A$6,F41<>LookupTabellen!$A$7)),0,IFERROR(VLOOKUP(F41,LookupTabellen!$A$3:$B$7,2,FALSE)*VLOOKUP(A41,Fragenkatalog!A:N,13,FALSE),"")) -> 0 | K41: =IF(OR(F41="",AND(G41="",F41<>LookupTabellen!$A$6,F41<>LookupTabellen!$A$7)),0,IFERROR(VLOOKUP(F41,LookupTabellen!$A$3:$C$7,3,FALSE)*VLOOKUP(G41,LookupTabellen!$D$3:$F$5,3,FALSE)*VLOOKUP(A41,Fragenkatalog!A:N,13,FALSE),"")) -> 0 | L41: =IF(F41=LookupTabellen!$A$6,0,IFERROR(ABS(VLOOKUP(A41,Fragenkatalog!A:N,14,FALSE)),"")) -> 1 | M41: =IFERROR((IF(VLOOKUP(A41,Fragenkatalog!A:N,14,FALSE)<0,-4,0)+VLOOKUP(F41,LookupTabellen!$A$3:$B$7,2,FALSE))*VLOOKUP(A41,Fragenkatalog!A:N,14,FALSE),"") | N41: =IFERROR(VLOOKUP(G41,LookupTabellen!$D$3:$E$5,2,FALSE)*AND(H41<>"Antwort auswählen",F41<>LookupTabellen!$A$6,F41<>LookupTabellen!$A$7),0) -> 0 | O41: =IF(F41=LookupTabellen!$A$3,IF(VLOOKUP($A41,Fragenkatalog!$A$1:$L$61,MATCH($C$13,Fragenkatalog!$1:$1,0),FALSE)=0,"",CONCATENATE(VLOOKUP(H41,LookupTabellen!$H$2:$I$3,2,FALSE),VLOOKUP($A41,Fragenkatalog!$A$1:$L$61,MATCH($C$13,Fragenkatalog!$1:$1,0),FALSE))),"") | P41: =IF(O41="",IF(OR(F41=LookupTabellen!$A$6,F41="",G41=LookupTabellen!$D$3),IF(VLOOKUP($A41,Fragenkatalog!$A$1:$L$61,MATCH("Frage",Fragenkatalog!$1:$1,0),FALSE)=0,"",CONCATENATE(VLOOKUP(H41,LookupTabellen!$H$2:$I$3,2,FALSE),VLOOKUP($A41,Fragenkatalog!$A$1:$L$61,MATCH("Frage",Fragenkatalog!$1:$1,0),FALSE))),""),"") -> Ist eine Verwertung der Hardware trotz bestehender Rahmenverträge (Auftragsforschung, FuE-Projekt, Kooperationsverträge, Verpflichtungen aufgrund staatlicher Unterstützung) möglich? | Q41: =VLOOKUP($A41,Fragenkatalog!$A$1:$L$61,MATCH(Q$37,Fragenkatalog!$1:$1,0),FALSE) -> Entwicklung und Verwertung der Hardware können durch bestehende Verträge oder Kooperationen erlaubt oder ausgeschlossen sein. Ist eine Verwertung ausgeschlossen, dann ist zu prüfen, was dennoch an Verwertung möglich ist.
A42: E03a | B42: =VLOOKUP($A42,Fragenkatalog!$A$1:$L$61,MATCH(B$37,Fragenkatalog!$1:$1,0),FALSE) -> Kann die Einrichtung Ressourcen für Betrieb, Wartung und Support der Hardware zur Verfügung zu stellen? | C42: =_xlfn.CONCAT("Nein: ",VLOOKUP($A42,Fragenkatalog!$A$1:$L$61,MATCH(C$13,Fragenkatalog!$1:$1,0),FALSE)) -> Nein: Die Einrichtung kann keine Ressourcen zur Verfügung stellen. | D42: =VLOOKUP($A42,Fragenkatalog!$A$1:$L$61,MATCH(D$37,Fragenkatalog!$1:$1,0),FALSE) -> Die Einrichtung kann nur einen Teil der notwendigen Ressourcen bereitstellen. | E42: =_xlfn.CONCAT("Ja: ",VLOOKUP($A42,Fragenkatalog!$A$1:$L$61,MATCH(E$13,Fragenkatalog!$1:$1,0),FALSE)) -> Ja: Die Einrichtung kann entsprechende Ressourcen bereitstellen. | H42: nein | I42: =IF(F42=LookupTabellen!$A$7,0,IFERROR(VLOOKUP(A42,Fragenkatalog!A:N,13,FALSE),"")) -> 1 | J42: =IF(OR(F42="",AND(G42="",F42<>LookupTabellen!$A$6,F42<>LookupTabellen!$A$7)),0,IFERROR(VLOOKUP(F42,LookupTabellen!$A$3:$B$7,2,FALSE)*VLOOKUP(A42,Fragenkatalog!A:N,13,FALSE),"")) -> 0 | K42: =IF(OR(F42="",AND(G42="",F42<>LookupTabellen!$A$6,F42<>LookupTabellen!$A$7)),0,IFERROR(VLOOKUP(F42,LookupTabellen!$A$3:$C$7,3,FALSE)*VLOOKUP(G42,LookupTabellen!$D$3:$F$5,3,FALSE)*VLOOKUP(A42,Fragenkatalog!A:N,13,FALSE),"")) -> 0 | L42: =IF(F42=LookupTabellen!$A$6,0,IFERROR(ABS(VLOOKUP(A42,Fragenkatalog!A:N,14,FALSE)),"")) -> 0.75 | M42: =IFERROR((IF(VLOOKUP(A42,Fragenkatalog!A:N,14,FALSE)<0,-4,0)+VLOOKUP(F42,LookupTabellen!$A$3:$B$7,2,FALSE))*VLOOKUP(A42,Fragenkatalog!A:N,14,FALSE),"") | N42: =IFERROR(VLOOKUP(G42,LookupTabellen!$D$3:$E$5,2,FALSE)*AND(H42<>"Antwort auswählen",F42<>LookupTabellen!$A$6,F42<>LookupTabellen!$A$7),0) -> 0 | O42: =IF(F42=LookupTabellen!$A$3,IF(VLOOKUP($A42,Fragenkatalog!$A$1:$L$61,MATCH($C$13,Fragenkatalog!$1:$1,0),FALSE)=0,"",CONCATENATE(VLOOKUP(H42,LookupTabellen!$H$2:$I$3,2,FALSE),VLOOKUP($A42,Fragenkatalog!$A$1:$L$61,MATCH($C$13,Fragenkatalog!$1:$1,0),FALSE))),"") | P42: =IF(O42="",IF(OR(F42=LookupTabellen!$A$6,F42="",G42=LookupTabellen!$D$3),IF(VLOOKUP($A42,Fragenkatalog!$A$1:$L$61,MATCH("Frage",Fragenkatalog!$1:$1,0),FALSE)=0,"",CONCATENATE(VLOOKUP(H42,LookupTabellen!$H$2:$I$3,2,FALSE),VLOOKUP($A42,Fragenkatalog!$A$1:$L$61,MATCH("Frage",Fragenkatalog!$1:$1,0),FALSE))),""),"") -> Kann die Einrichtung Ressourcen für Betrieb, Wartung und Support der Hardware zur Verfügung zu stellen? | Q42: =VLOOKUP($A42,Fragenkatalog!$A$1:$L$61,MATCH(Q$37,Fragenkatalog!$1:$1,0),FALSE) -> Kann die Einrichtung neben den bereitgestellten Ressourcen für das Team auch weitere Ressourcen zur Verfügung stellen? Dies können bspw. finanzielle, materielle oder personelle Ressourcen sein, aber auch die Unterstützung durch andere Abteilungen (z.B. Kommunikation). Je nach Art der Verwertung (z.B. HaaS) kann es auch notwendig sein, Ressourcen für den Betrieb der Hardware bereit zu stellen.
A43: E03b | B43: =VLOOKUP($A43,Fragenkatalog!$A$1:$L$61,MATCH(B$37,Fragenkatalog!$1:$1,0),FALSE) -> Ist ein Abbruch der Entwicklung und der Verwertung für die Einrichtung tragbar? | C43: =_xlfn.CONCAT("Nein: ",VLOOKUP($A43,Fragenkatalog!$A$1:$L$61,MATCH(C$13,Fragenkatalog!$1:$1,0),FALSE)) -> Nein: Ein Abbruch wäre nicht tragbar. | D43: =VLOOKUP($A43,Fragenkatalog!$A$1:$L$61,MATCH(D$37,Fragenkatalog!$1:$1,0),FALSE) -> Der Abbruch könnte kompensiert werden. | E43: =_xlfn.CONCAT("Ja: ",VLOOKUP($A43,Fragenkatalog!$A$1:$L$61,MATCH(E$13,Fragenkatalog!$1:$1,0),FALSE)) -> Ja: Ein Abbruch wäre verkraftbar. | H43: nein | I43: =IF(F43=LookupTabellen!$A$7,0,IFERROR(VLOOKUP(A43,Fragenkatalog!A:N,13,FALSE),"")) -> 1 | J43: =IF(OR(F43="",AND(G43="",F43<>LookupTabellen!$A$6,F43<>LookupTabellen!$A$7)),0,IFERROR(VLOOKUP(F43,LookupTabellen!$A$3:$B$7,2,FALSE)*VLOOKUP(A43,Fragenkatalog!A:N,13,FALSE),"")) -> 0 | K43: =IF(OR(F43="",AND(G43="",F43<>LookupTabellen!$A$6,F43<>LookupTabellen!$A$7)),0,IFERROR(VLOOKUP(F43,LookupTabellen!$A$3:$C$7,3,FALSE)*VLOOKUP(G43,LookupTabellen!$D$3:$F$5,3,FALSE)*VLOOKUP(A43,Fragenkatalog!A:N,13,FALSE),"")) -> 0 | L43: =IF(F43=LookupTabellen!$A$6,0,IFERROR(ABS(VLOOKUP(A43,Fragenkatalog!A:N,14,FALSE)),"")) -> 0.2 | M43: =IFERROR((IF(VLOOKUP(A43,Fragenkatalog!A:N,14,FALSE)<0,-4,0)+VLOOKUP(F43,LookupTabellen!$A$3:$B$7,2,FALSE))*VLOOKUP(A43,Fragenkatalog!A:N,14,FALSE),"") | N43: =IFERROR(VLOOKUP(G43,LookupTabellen!$D$3:$E$5,2,FALSE)*AND(H43<>"Antwort auswählen",F43<>LookupTabellen!$A$6,F43<>LookupTabellen!$A$7),0) -> 0 | O43: =IF(F43=LookupTabellen!$A$3,IF(VLOOKUP($A43,Fragenkatalog!$A$1:$L$61,MATCH($C$13,Fragenkatalog!$1:$1,0),FALSE)=0,"",CONCATENATE(VLOOKUP(H43,LookupTabellen!$H$2:$I$3,2,FALSE),VLOOKUP($A43,Fragenkatalog!$A$1:$L$61,MATCH($C$13,Fragenkatalog!$1:$1,0),FALSE))),"") | P43: =IF(O43="",IF(OR(F43=LookupTabellen!$A$6,F43="",G43=LookupTabellen!$D$3),IF(VLOOKUP($A43,Fragenkatalog!$A$1:$L$61,MATCH("Frage",Fragenkatalog!$1:$1,0),FALSE)=0,"",CONCATENATE(VLOOKUP(H43,LookupTabellen!$H$2:$I$3,2,FALSE),VLOOKUP($A43,Fragenkatalog!$A$1:$L$61,MATCH("Frage",Fragenkatalog!$1:$1,0),FALSE))),""),"") -> Ist ein Abbruch der Entwicklung und der Verwertung für die Einrichtung tragbar? | Q43: =VLOOKUP($A43,Fragenkatalog!$A$1:$L$61,MATCH(Q$37,Fragenkatalog!$1:$1,0),FALSE) -> Wird keine Verwertung gestartet oder muss die Entwicklung abgebrochen werden, kann dies negative Auswirkungen für die Einrichtung haben. Dies kann beispielsweise den Verlust von Ansehen oder finanzielle Verluste bedeuten.
E44: =IFERROR(SUM(K37:K43)/SUM(I37:I43),0) -> 0 | F44: =IFERROR(SUM(J37:J43)/SUM(I37:I43),0) -> 0 | G44: =IFERROR(SUM(N38:N43)/(COUNTIF(F38:F43,"<>nicht relevant")),"Bewertung nicht möglich") -> 0
E45: Wertung (Punkte) | F45: Wertung (Prozent) | G45: Zuversicht
A46: MARKT | U46: =IF(G46=LookupTabellen!$D$3,IF(VLOOKUP($A46,Fragenkatalog!$A$1:$L$61,MATCH("Frage",Fragenkatalog!$1:$1,0),FALSE)=0,"",VLOOKUP($A46,Fragenkatalog!$A$1:$L$61,MATCH("Frage",Fragenkatalog!$1:$1,0),FALSE)),"")
A47: ID | B47: Frage | C47: Nein (schlecht = 0) | D47: dazwischen (0,5) | E47: Ja (gut = 1) | F47: Antwort | G47: Zuversicht der Bewertung | H47: Gewichtete Wertung | I47: Gewichtung Dimension | J47: Punkte Prozent | K47: Punkte Altes System | L47: Gewichtung Spinout | M47: Punkte Spinout | N47: Punkte Zuversicht | O47: Ausgabe Probleme | P47: Ausgabe offene Fragen | Q47: Beschreibung
A48: M01a | B48: =VLOOKUP($A48,Fragenkatalog!$A$1:$L$61,MATCH(B$47,Fragenkatalog!$1:$1,0),FALSE) -> Gibt es für die Hardware einen belastbaren und ggfs. einen quantifizierbaren Bedarf oder wird sich dieser in absehbarer Zukunft entwickeln? | C48: =_xlfn.CONCAT("Nein: ",VLOOKUP($A48,Fragenkatalog!$A$1:$L$61,MATCH(C$13,Fragenkatalog!$1:$1,0),FALSE)) -> Nein: Es existiert kein Bedarf außerhalb der Einrichtung. | D48: =VLOOKUP($A48,Fragenkatalog!$A$1:$L$61,MATCH(D$13,Fragenkatalog!$1:$1,0),FALSE) -> Es gibt noch keinen Bedarf, dieser wird sich aber zukünftig entwickeln. | E48: =_xlfn.CONCAT("Ja: ",VLOOKUP($A48,Fragenkatalog!$A$1:$L$61,MATCH(E$13,Fragenkatalog!$1:$1,0),FALSE)) -> Ja: Es gibt einen Bedarf. | H48: nein | I48: =IF(F48=LookupTabellen!$A$7,0,IFERROR(VLOOKUP(A48,Fragenkatalog!A:N,13,FALSE),"")) -> 1 | J48: =IF(OR(F48="",AND(G48="",F48<>LookupTabellen!$A$6,F48<>LookupTabellen!$A$7)),0,IFERROR(VLOOKUP(F48,LookupTabellen!$A$3:$B$7,2,FALSE)*VLOOKUP(A48,Fragenkatalog!A:N,13,FALSE),"")) -> 0 | K48: =IF(OR(F48="",AND(G48="",F48<>LookupTabellen!$A$6,F48<>LookupTabellen!$A$7)),0,IFERROR(VLOOKUP(F48,LookupTabellen!$A$3:$C$7,3,FALSE)*VLOOKUP(G48,LookupTabellen!$D$3:$F$5,3,FALSE)*VLOOKUP(A48,Fragenkatalog!A:N,13,FALSE),"")) -> 0 | L48: =IF(F48=LookupTabellen!$A$6,0,IFERROR(ABS(VLOOKUP(A48,Fragenkatalog!A:N,14,FALSE)),"")) -> 1 | M48: =IFERROR((IF(VLOOKUP(A48,Fragenkatalog!A:N,14,FALSE)<0,-4,0)+VLOOKUP(F48,LookupTabellen!$A$3:$B$7,2,FALSE))*VLOOKUP(A48,Fragenkatalog!A:N,14,FALSE),"") | N48: =IFERROR(VLOOKUP(G48,LookupTabellen!$D$3:$E$5,2,FALSE)*AND(H48<>"Antwort auswählen",F48<>LookupTabellen!$A$6,F48<>LookupTabellen!$A$7),0) -> 0 | O48: =IF(F48=LookupTabellen!$A$3,IF(VLOOKUP($A48,Fragenkatalog!$A$1:$L$61,MATCH($C$13,Fragenkatalog!$1:$1,0),FALSE)=0,"",CONCATENATE(VLOOKUP(H48,LookupTabellen!$H$2:$I$3,2,FALSE),VLOOKUP($A48,Fragenkatalog!$A$1:$L$61,MATCH($C$13,Fragenkatalog!$1:$1,0),FALSE))),"") | P48: =IF(O48="",IF(OR(F48=LookupTabellen!$A$6,F48="",G48=LookupTabellen!$D$3),IF(VLOOKUP($A48,Fragenkatalog!$A$1:$L$61,MATCH("Frage",Fragenkatalog!$1:$1,0),FALSE)=0,"",CONCATENATE(VLOOKUP(H48,LookupTabellen!$H$2:$I$3,2,FALSE),VLOOKUP($A48,Fragenkatalog!$A$1:$L$61,MATCH("Frage",Fragenkatalog!$1:$1,0),FALSE))),""),"") -> Gibt es für die Hardware einen belastbaren und ggfs. einen quantifizierbaren Bedarf oder wird sich dieser in absehbarer Zukunft entwickeln? | Q48: =VLOOKUP($A48,Fragenkatalog!$A$1:$L$61,MATCH(Q$13,Fragenkatalog!$1:$1,0),FALSE) -> Allgemeine Frage zur Nachfrage der Hardware auf dem Markt: Gibt es Bedarf für die Hardware oder wird sich dieser in absehbarer Zukunft entwickeln?
A49: M02a | B49: =VLOOKUP($A49,Fragenkatalog!$A$1:$L$61,MATCH(B$47,Fragenkatalog!$1:$1,0),FALSE) -> Bietet die Hardware messbare Vorteile für den Kunden? | C49: =_xlfn.CONCAT("Nein: ",VLOOKUP($A49,Fragenkatalog!$A$1:$L$61,MATCH(C$13,Fragenkatalog!$1:$1,0),FALSE)) -> Nein: Die Hardware unterscheidet sich kaum von Konkurrenzprodukten. | D49: =VLOOKUP($A49,Fragenkatalog!$A$1:$L$61,MATCH(D$47,Fragenkatalog!$1:$1,0),FALSE) -> Die Hardware bietet kleinere Vorteile für den Nutzer. | E49: =_xlfn.CONCAT("Ja: ",VLOOKUP($A49,Fragenkatalog!$A$1:$L$61,MATCH(E$13,Fragenkatalog!$1:$1,0),FALSE)) -> Ja: Die Hardware bietet erhebliche Vorteile für den Nutzer. | H49: nein | I49: =IF(F49=LookupTabellen!$A$7,0,IFERROR(VLOOKUP(A49,Fragenkatalog!A:N,13,FALSE),"")) -> 1 | J49: =IF(OR(F49="",AND(G49="",F49<>LookupTabellen!$A$6,F49<>LookupTabellen!$A$7)),0,IFERROR(VLOOKUP(F49,LookupTabellen!$A$3:$B$7,2,FALSE)*VLOOKUP(A49,Fragenkatalog!A:N,13,FALSE),"")) -> 0 | K49: =IF(OR(F49="",AND(G49="",F49<>LookupTabellen!$A$6,F49<>LookupTabellen!$A$7)),0,IFERROR(VLOOKUP(F49,LookupTabellen!$A$3:$C$7,3,FALSE)*VLOOKUP(G49,LookupTabellen!$D$3:$F$5,3,FALSE)*VLOOKUP(A49,Fragenkatalog!A:N,13,FALSE),"")) -> 0 | L49: =IF(F49=LookupTabellen!$A$6,0,IFERROR(ABS(VLOOKUP(A49,Fragenkatalog!A:N,14,FALSE)),"")) -> 1 | M49: =IFERROR((IF(VLOOKUP(A49,Fragenkatalog!A:N,14,FALSE)<0,-4,0)+VLOOKUP(F49,LookupTabellen!$A$3:$B$7,2,FALSE))*VLOOKUP(A49,Fragenkatalog!A:N,14,FALSE),"") | N49: =IFERROR(VLOOKUP(G49,LookupTabellen!$D$3:$E$5,2,FALSE)*AND(H49<>"Antwort auswählen",F49<>LookupTabellen!$A$6,F49<>LookupTabellen!$A$7),0) -> 0 | O49: =IF(F49=LookupTabellen!$A$3,IF(VLOOKUP($A49,Fragenkatalog!$A$1:$L$61,MATCH($C$13,Fragenkatalog!$1:$1,0),FALSE)=0,"",CONCATENATE(VLOOKUP(H49,LookupTabellen!$H$2:$I$3,2,FALSE),VLOOKUP($A49,Fragenkatalog!$A$1:$L$61,MATCH($C$13,Fragenkatalog!$1:$1,0),FALSE))),"") | P49: =IF(O49="",IF(OR(F49=LookupTabellen!$A$6,F49="",G49=LookupTabellen!$D$3),IF(VLOOKUP($A49,Fragenkatalog!$A$1:$L$61,MATCH("Frage",Fragenkatalog!$1:$1,0),FALSE)=0,"",CONCATENATE(VLOOKUP(H49,LookupTabellen!$H$2:$I$3,2,FALSE),VLOOKUP($A49,Fragenkatalog!$A$1:$L$61,MATCH("Frage",Fragenkatalog!$1:$1,0),FALSE))),""),"") -> Bietet die Hardware messbare Vorteile für den Kunden? | Q49: =VLOOKUP($A49,Fragenkatalog!$A$1:$L$61,MATCH(Q$47,Fragenkatalog!$1:$1,0),FALSE) -> Vorteile könnten bspw. eine bessere Bedienbarkeit, eine effizientere Arbeitsweise, neuartige Funktionen oder Kosten sein.
A50: M02b | B50: =VLOOKUP($A50,Fragenkatalog!$A$1:$L$61,MATCH(B$47,Fragenkatalog!$1:$1,0),FALSE) -> Handelt es sich bei der Hardware um eine Kerntechnologie, auf die andere Produkte aufgebaut werden können? | C50: =_xlfn.CONCAT("Nein: ",VLOOKUP($A50,Fragenkatalog!$A$1:$L$61,MATCH(C$13,Fragenkatalog!$1:$1,0),FALSE)) -> Nein: Die Hardware ist in sich geschlossen. | D50: =VLOOKUP($A50,Fragenkatalog!$A$1:$L$61,MATCH(D$47,Fragenkatalog!$1:$1,0),FALSE) -> Andere können die Hardware erweitern und modifizieren. | E50: =_xlfn.CONCAT("Ja: ",VLOOKUP($A50,Fragenkatalog!$A$1:$L$61,MATCH(E$13,Fragenkatalog!$1:$1,0),FALSE)) -> Ja: Andere können eigene Hardware basierend auf der Kerntechnologie entwickeln. | H50: nein | I50: =IF(F50=LookupTabellen!$A$7,0,IFERROR(VLOOKUP(A50,Fragenkatalog!A:N,13,FALSE),"")) -> 1 | J50: =IF(OR(F50="",AND(G50="",F50<>LookupTabellen!$A$6,F50<>LookupTabellen!$A$7)),0,IFERROR(VLOOKUP(F50,LookupTabellen!$A$3:$B$7,2,FALSE)*VLOOKUP(A50,Fragenkatalog!A:N,13,FALSE),"")) -> 0 | K50: =IF(OR(F50="",AND(G50="",F50<>LookupTabellen!$A$6,F50<>LookupTabellen!$A$7)),0,IFERROR(VLOOKUP(F50,LookupTabellen!$A$3:$C$7,3,FALSE)*VLOOKUP(G50,LookupTabellen!$D$3:$F$5,3,FALSE)*VLOOKUP(A50,Fragenkatalog!A:N,13,FALSE),"")) -> 0 | L50: =IF(F50=LookupTabellen!$A$6,0,IFERROR(ABS(VLOOKUP(A50,Fragenkatalog!A:N,14,FALSE)),"")) -> 0.6 | M50: =IFERROR((IF(VLOOKUP(A50,Fragenkatalog!A:N,14,FALSE)<0,-4,0)+VLOOKUP(F50,LookupTabellen!$A$3:$B$7,2,FALSE))*VLOOKUP(A50,Fragenkatalog!A:N,14,FALSE),"") | N50: =IFERROR(VLOOKUP(G50,LookupTabellen!$D$3:$E$5,2,FALSE)*AND(H50<>"Antwort auswählen",F50<>LookupTabellen!$A$6,F50<>LookupTabellen!$A$7),0) -> 0 | O50: =IF(F50=LookupTabellen!$A$3,IF(VLOOKUP($A50,Fragenkatalog!$A$1:$L$61,MATCH($C$13,Fragenkatalog!$1:$1,0),FALSE)=0,"",CONCATENATE(VLOOKUP(H50,LookupTabellen!$H$2:$I$3,2,FALSE),VLOOKUP($A50,Fragenkatalog!$A$1:$L$61,MATCH($C$13,Fragenkatalog!$1:$1,0),FALSE))),"") | P50: =IF(O50="",IF(OR(F50=LookupTabellen!$A$6,F50="",G50=LookupTabellen!$D$3),IF(VLOOKUP($A50,Fragenkatalog!$A$1:$L$61,MATCH("Frage",Fragenkatalog!$1:$1,0),FALSE)=0,"",CONCATENATE(VLOOKUP(H50,LookupTabellen!$H$2:$I$3,2,FALSE),VLOOKUP($A50,Fragenkatalog!$A$1:$L$61,MATCH("Frage",Fragenkatalog!$1:$1,0),FALSE))),""),"") -> Handelt es sich bei der Hardware um eine Kerntechnologie, auf die andere Produkte aufgebaut werden können? | Q50: =VLOOKUP($A50,Fragenkatalog!$A$1:$L$61,MATCH(Q$47,Fragenkatalog!$1:$1,0),FALSE) -> Können andere Entwickler weitere Produkte basierend auf der Kernhardware entwickeln, dann bietet dies die Möglichkeit einer kommerziellen Nutzung (z.B. Lizenzierung).
A51: M02c | B51: =VLOOKUP($A51,Fragenkatalog!$A$1:$L$61,MATCH(B$47,Fragenkatalog!$1:$1,0),FALSE) -> Sind keine vergleichbaren Produkte auf dem Markt? | C51: =_xlfn.CONCAT("Nein: ",VLOOKUP($A51,Fragenkatalog!$A$1:$L$61,MATCH(C$13,Fragenkatalog!$1:$1,0),FALSE)) -> Nein: Es sind bereits vergleichbare Produkte auf dem Markt. | D51: =VLOOKUP($A51,Fragenkatalog!$A$1:$L$61,MATCH(D$47,Fragenkatalog!$1:$1,0),FALSE) -> Vergleichbare Produkte befinden sich in der Entwicklung. | E51: =_xlfn.CONCAT("Ja: ",VLOOKUP($A51,Fragenkatalog!$A$1:$L$61,MATCH(E$13,Fragenkatalog!$1:$1,0),FALSE)) -> Ja: Vergleichbare Produkte sind weder auf dem Markt noch werden diese nach aktuellem Stand entwickelt. | H51: nein | I51: =IF(F51=LookupTabellen!$A$7,0,IFERROR(VLOOKUP(A51,Fragenkatalog!A:N,13,FALSE),"")) -> 1 | J51: =IF(OR(F51="",AND(G51="",F51<>LookupTabellen!$A$6,F51<>LookupTabellen!$A$7)),0,IFERROR(VLOOKUP(F51,LookupTabellen!$A$3:$B$7,2,FALSE)*VLOOKUP(A51,Fragenkatalog!A:N,13,FALSE),"")) -> 0 | K51: =IF(OR(F51="",AND(G51="",F51<>LookupTabellen!$A$6,F51<>LookupTabellen!$A$7)),0,IFERROR(VLOOKUP(F51,LookupTabellen!$A$3:$C$7,3,FALSE)*VLOOKUP(G51,LookupTabellen!$D$3:$F$5,3,FALSE)*VLOOKUP(A51,Fragenkatalog!A:N,13,FALSE),"")) -> 0 | L51: =IF(F51=LookupTabellen!$A$6,0,IFERROR(ABS(VLOOKUP(A51,Fragenkatalog!A:N,14,FALSE)),"")) -> 0.5 | M51: =IFERROR((IF(VLOOKUP(A51,Fragenkatalog!A:N,14,FALSE)<0,-4,0)+VLOOKUP(F51,LookupTabellen!$A$3:$B$7,2,FALSE))*VLOOKUP(A51,Fragenkatalog!A:N,14,FALSE),"") | N51: =IFERROR(VLOOKUP(G51,LookupTabellen!$D$3:$E$5,2,FALSE)*AND(H51<>"Antwort auswählen",F51<>LookupTabellen!$A$6,F51<>LookupTabellen!$A$7),0) -> 0 | O51: =IF(F51=LookupTabellen!$A$3,IF(VLOOKUP($A51,Fragenkatalog!$A$1:$L$61,MATCH($C$13,Fragenkatalog!$1:$1,0),FALSE)=0,"",CONCATENATE(VLOOKUP(H51,LookupTabellen!$H$2:$I$3,2,FALSE),VLOOKUP($A51,Fragenkatalog!$A$1:$L$61,MATCH($C$13,Fragenkatalog!$1:$1,0),FALSE))),"") | P51: =IF(O51="",IF(OR(F51=LookupTabellen!$A$6,F51="",G51=LookupTabellen!$D$3),IF(VLOOKUP($A51,Fragenkatalog!$A$1:$L$61,MATCH("Frage",Fragenkatalog!$1:$1,0),FALSE)=0,"",CONCATENATE(VLOOKUP(H51,LookupTabellen!$H$2:$I$3,2,FALSE),VLOOKUP($A51,Fragenkatalog!$A$1:$L$61,MATCH("Frage",Fragenkatalog!$1:$1,0),FALSE))),""),"") -> Sind keine vergleichbaren Produkte auf dem Markt? | Q51: =VLOOKUP($A51,Fragenkatalog!$A$1:$L$61,MATCH(Q$47,Fragenkatalog!$1:$1,0),FALSE) -> Vergleichbare Produkte sind solche, mit denen die gleichen Aufgaben gelöst werden können und mit denen man auf dem Markt in Konkurrenz tritt.
A52: M02d | B52: =VLOOKUP($A52,Fragenkatalog!$A$1:$L$61,MATCH(B$47,Fragenkatalog!$1:$1,0),FALSE) -> Ist die Hardware durch Aufwand nicht replizierbar? | C52: =_xlfn.CONCAT("Nein: ",VLOOKUP($A52,Fragenkatalog!$A$1:$L$61,MATCH(C$13,Fragenkatalog!$1:$1,0),FALSE)) -> Nein: Die Hardware ist replizierbar. | D52: =VLOOKUP($A52,Fragenkatalog!$A$1:$L$61,MATCH(D$47,Fragenkatalog!$1:$1,0),FALSE) -> Die Hardware ist mit einigem Aufwand replizierbar. | E52: =_xlfn.CONCAT("Ja: ",VLOOKUP($A52,Fragenkatalog!$A$1:$L$61,MATCH(E$13,Fragenkatalog!$1:$1,0),FALSE)) -> Ja: Die Hardware ist nicht replizierbar. | H52: nein | I52: =IF(F52=LookupTabellen!$A$7,0,IFERROR(VLOOKUP(A52,Fragenkatalog!A:N,13,FALSE),"")) -> 1 | J52: =IF(OR(F52="",AND(G52="",F52<>LookupTabellen!$A$6,F52<>LookupTabellen!$A$7)),0,IFERROR(VLOOKUP(F52,LookupTabellen!$A$3:$B$7,2,FALSE)*VLOOKUP(A52,Fragenkatalog!A:N,13,FALSE),"")) -> 0 | K52: =IF(OR(F52="",AND(G52="",F52<>LookupTabellen!$A$6,F52<>LookupTabellen!$A$7)),0,IFERROR(VLOOKUP(F52,LookupTabellen!$A$3:$C$7,3,FALSE)*VLOOKUP(G52,LookupTabellen!$D$3:$F$5,3,FALSE)*VLOOKUP(A52,Fragenkatalog!A:N,13,FALSE),"")) -> 0 | L52: =IF(F52=LookupTabellen!$A$6,0,IFERROR(ABS(VLOOKUP(A52,Fragenkatalog!A:N,14,FALSE)),"")) -> 0.25 | M52: =IFERROR((IF(VLOOKUP(A52,Fragenkatalog!A:N,14,FALSE)<0,-4,0)+VLOOKUP(F52,LookupTabellen!$A$3:$B$7,2,FALSE))*VLOOKUP(A52,Fragenkatalog!A:N,14,FALSE),"") | N52: =IFERROR(VLOOKUP(G52,LookupTabellen!$D$3:$E$5,2,FALSE)*AND(H52<>"Antwort auswählen",F52<>LookupTabellen!$A$6,F52<>LookupTabellen!$A$7),0) -> 0 | O52: =IF(F52=LookupTabellen!$A$3,IF(VLOOKUP($A52,Fragenkatalog!$A$1:$L$61,MATCH($C$13,Fragenkatalog!$1:$1,0),FALSE)=0,"",CONCATENATE(VLOOKUP(H52,LookupTabellen!$H$2:$I$3,2,FALSE),VLOOKUP($A52,Fragenkatalog!$A$1:$L$61,MATCH($C$13,Fragenkatalog!$1:$1,0),FALSE))),"") | P52: =IF(O52="",IF(OR(F52=LookupTabellen!$A$6,F52="",G52=LookupTabellen!$D$3),IF(VLOOKUP($A52,Fragenkatalog!$A$1:$L$61,MATCH("Frage",Fragenkatalog!$1:$1,0),FALSE)=0,"",CONCATENATE(VLOOKUP(H52,LookupTabellen!$H$2:$I$3,2,FALSE),VLOOKUP($A52,Fragenkatalog!$A$1:$L$61,MATCH("Frage",Fragenkatalog!$1:$1,0),FALSE))),""),"") -> Ist die Hardware durch Aufwand nicht replizierbar? | Q52: =VLOOKUP($A52,Fragenkatalog!$A$1:$L$61,MATCH(Q$47,Fragenkatalog!$1:$1,0),FALSE) -> Wie groß wäre der Aufwand, um vergleichbare Hardware herzustellen? Der Aufwand kann sich auf benötigte Ressourcen (Zeit, Geld, spezielle Technologien, Daten) aber auch Know-how (Entwicklung, Forschung) beziehen.
A53: M02g | B53: =VLOOKUP($A53,Fragenkatalog!$A$1:$L$61,MATCH(B$47,Fragenkatalog!$1:$1,0),FALSE) -> Kann mit der Verwertung der Hardware Gewinn erzielt werden? | C53: =_xlfn.CONCAT("Nein: ",VLOOKUP($A53,Fragenkatalog!$A$1:$L$61,MATCH(C$13,Fragenkatalog!$1:$1,0),FALSE)) -> Nein: Es wird ein Verlust erwartet. | D53: =VLOOKUP($A53,Fragenkatalog!$A$1:$L$61,MATCH(D$47,Fragenkatalog!$1:$1,0),FALSE) -> Die Verwertung wäre kostenneutral. | E53: =_xlfn.CONCAT("Ja: ",VLOOKUP($A53,Fragenkatalog!$A$1:$L$61,MATCH(E$13,Fragenkatalog!$1:$1,0),FALSE)) -> Ja: Ein Gewinn wird erwartet. | H53: nein | I53: =IF(F53=LookupTabellen!$A$7,0,IFERROR(VLOOKUP(A53,Fragenkatalog!A:N,13,FALSE),"")) -> 1 | J53: =IF(OR(F53="",AND(G53="",F53<>LookupTabellen!$A$6,F53<>LookupTabellen!$A$7)),0,IFERROR(VLOOKUP(F53,LookupTabellen!$A$3:$B$7,2,FALSE)*VLOOKUP(A53,Fragenkatalog!A:N,13,FALSE),"")) -> 0 | K53: =IF(OR(F53="",AND(G53="",F53<>LookupTabellen!$A$6,F53<>LookupTabellen!$A$7)),0,IFERROR(VLOOKUP(F53,LookupTabellen!$A$3:$C$7,3,FALSE)*VLOOKUP(G53,LookupTabellen!$D$3:$F$5,3,FALSE)*VLOOKUP(A53,Fragenkatalog!A:N,13,FALSE),"")) -> 0 | L53: =IF(F53=LookupTabellen!$A$6,0,IFERROR(ABS(VLOOKUP(A53,Fragenkatalog!A:N,14,FALSE)),"")) -> 1 | M53: =IFERROR((IF(VLOOKUP(A53,Fragenkatalog!A:N,14,FALSE)<0,-4,0)+VLOOKUP(F53,LookupTabellen!$A$3:$B$7,2,FALSE))*VLOOKUP(A53,Fragenkatalog!A:N,14,FALSE),"") | N53: =IFERROR(VLOOKUP(G53,LookupTabellen!$D$3:$E$5,2,FALSE)*AND(H53<>"Antwort auswählen",F53<>LookupTabellen!$A$6,F53<>LookupTabellen!$A$7),0) -> 0 | O53: =IF(F53=LookupTabellen!$A$3,IF(VLOOKUP($A53,Fragenkatalog!$A$1:$L$61,MATCH($C$13,Fragenkatalog!$1:$1,0),FALSE)=0,"",CONCATENATE(VLOOKUP(H53,LookupTabellen!$H$2:$I$3,2,FALSE),VLOOKUP($A53,Fragenkatalog!$A$1:$L$61,MATCH($C$13,Fragenkatalog!$1:$1,0),FALSE))),"") | P53: =IF(O53="",IF(OR(F53=LookupTabellen!$A$6,F53="",G53=LookupTabellen!$D$3),IF(VLOOKUP($A53,Fragenkatalog!$A$1:$L$61,MATCH("Frage",Fragenkatalog!$1:$1,0),FALSE)=0,"",CONCATENATE(VLOOKUP(H53,LookupTabellen!$H$2:$I$3,2,FALSE),VLOOKUP($A53,Fragenkatalog!$A$1:$L$61,MATCH("Frage",Fragenkatalog!$1:$1,0),FALSE))),""),"") -> Kann mit der Verwertung der Hardware Gewinn erzielt werden? | Q53: =VLOOKUP($A53,Fragenkatalog!$A$1:$L$61,MATCH(Q$47,Fragenkatalog!$1:$1,0),FALSE) -> Mit Gewinn ist ein positiver „return of investment“ gemeint.
E54: =IFERROR(SUM(K47:K53)/SUM(I47:I53),0) -> 0 | F54: =IFERROR(SUM(J47:J53)/SUM(I47:I53),0) -> 0 | G54: =IFERROR(SUM(N48:N53)/(COUNTIF(F48:F53,"<>nicht relevant")),"Bewertung nicht möglich") -> 0
E55: Wertung (Punkte) | F55: Wertung (Prozent) | G55: Zuversicht

Sheet Auswertung
A1: Case ID | B1: =IF(Bewertungsbogen!C5="","",Bewertungsbogen!C5) | E1: Institution | G1: =IF(Bewertungsbogen!C4="","",Bewertungsbogen!C4) | K1: Case ID | M1: =B1 | N1: Institution | O1: =G1
A2: Beschreibung Projekt | F2: Hardware | K2: =VLOOKUP(16-(C20>D45)*8-(C21>D46)*4-(C22>D47)*2-(C23>D48),Szenarien!A3:I19,9,FALSE) -> Projekt fallen lassen (15) | L2: Handlungsempfehlungen
A3: =IF(Bewertungsbogen!C6="","",Bewertungsbogen!C6) | F3: =_xlfn.CONCAT("Offene Fragen:",CHAR(10),_xlfn.TEXTJOIN(CHAR(10),TRUE,Bewertungsbogen!P14:P22),CHAR(10),CHAR(10),"Hindernisse:",CHAR(10),_xlfn.TEXTJOIN(CHAR(10),TRUE,Bewertungsbogen!O14:O22)) -> Offene Fragen: Ist die Hardware eine neuartige Erfindung? Ist die Hardware in Verwendung? Ist eine verwertbare Entwicklung der Hardware machbar? Ist die Hardware ausreichend dokumentiert? Können alle externen Komponenten für die Verwendung der Hardware eingesetzt werden? Besteht die Hardware aus verschiedenen Komponenten, die jeweils separat verwertet werden können? Kann die Hardware ohne Einsatz von Software betrieben werden? Kann die Hardware ohne spezielle Zulassungen verwertet werden? Lässt sich die Hardware unbedenklich für Umwelt, Mensch und/oder Gesellschaft verwenden? Hindernisse: | L3: =VLOOKUP(16-(C20>D45)*8-(C21>D46)*4-(C22>D47)*2-(C23>D48),Szenarien!A3:I19,9,FALSE) -> Projekt fallen lassen (15)
K8: =IFERROR(FIND("(",VLOOKUP(16-(C20>D45)*8-(C21>D46)*4-(C22>D47)*2-(C23>D48),Szenarien!A3:I19,9,FALSE))+1,"") -> 24 | L8: =IFERROR(VLOOKUP(INT(MID($K$2,K8,FIND(")",$K$2,K8)-K8)),Handlungsempfehlungen!$A$2:$C$17,2,FALSE),"") -> Projekt fallen lassen | M8: =IFERROR(VLOOKUP(INT(MID($K$2,K8,FIND(")",$K$2,K8)-K8)),Handlungsempfehlungen!$A$2:$C$17,3,FALSE),"") -> Die Bewertung ein letztes Mal prüfen, ob die Hardware tatsächlich so viele Defizite hinsichtlich der Verwertung hat. Wenn die Bewertung stimmt, sollte die Hardware fallen gelassen werden.
E11: =IFERROR(FIND("(",$A$33,K8)+1,"")
E12: =IFERROR(FIND("(",$A$33,E11)+1,"")
A13: Dimensionen | C13: Bewertung | D13: Zuversicht | K13: =IFERROR(FIND("(",VLOOKUP(16-(C20>D45)*8-(C21>D46)*4-(C22>D47)*2-(C23>D48),Szenarien!A3:I19,9,FALSE),K8)+1,"") | L13: =IFERROR(VLOOKUP(INT(MID($K$2,K13,FIND(")",$K$2,K13)-K13)),Handlungsempfehlungen!$A$2:$C$17,2,FALSE),"") | M13: =IFERROR(VLOOKUP(INT(MID($K$2,K13,FIND(")",$K$2,K13)-K13)),Handlungsempfehlungen!$A$2:$C$17,3,FALSE),"")
F15: Team
F16: =_xlfn.CONCAT("Offene Fragen:",CHAR(10),_xlfn.TEXTJOIN(CHAR(10),TRUE,Bewertungsbogen!P27:P33),CHAR(10),CHAR(10),"Hindernisse:",CHAR(10),_xlfn.TEXTJOIN(CHAR(10),TRUE,Bewertungsbogen!O27:O33)) -> Offene Fragen: Ist das Entwicklerteam bereit, die Verwertung der Hardware zu unterstützen? Ist das Entwicklerteam kompromissbereit und zeigt es eine realistische Erwartung bzgl. der angestrebten Verwertung? Sind alle Fragen der Autorenschaft geklärt? Ist die Autorenschaft gut dokumentiert? Verfügt das Entwicklerteam über genügend Ressourcen für die Verwertung? Verfügt das Entwicklerteam über die notwendigen Kompetenzen? Ist das Entwicklerteam gut mit der Community und/oder Industrie vernetzt? Hindernisse:
K18: =IFERROR(FIND("(",VLOOKUP(16-(C20>D45)*8-(C21>D46)*4-(C22>D47)*2-(C23>D48),Szenarien!A3:I19,9,FALSE),K13)+1,"") | L18: =IFERROR(VLOOKUP(INT(MID($K$2,K18,FIND(")",$K$2,K18)-K18)),Handlungsempfehlungen!$A$2:$C$17,2,FALSE),"") | M18: =IFERROR(VLOOKUP(INT(MID($K$2,K18,FIND(")",$K$2,K18)-K18)),Handlungsempfehlungen!$A$2:$C$17,3,FALSE),"")
A20: Hardware | C20: =Bewertungsbogen!F23 -> 0 | D20: =Bewertungsbogen!G23 -> 0
A21: Team | C21: =Bewertungsbogen!F34 -> 0 | D21: =Bewertungsbogen!G34 -> 0
A22: Einrichtung | C22: =Bewertungsbogen!F44 -> 0 | D22: =Bewertungsbogen!G44 -> 0
A23: Markt | C23: =Bewertungsbogen!F54 -> 0 | D23: =Bewertungsbogen!G54 -> 0 | K23: =IFERROR(FIND("(",VLOOKUP(16-(C20>D45)*8-(C21>D46)*4-(C22>D47)*2-(C23>D48),Szenarien!A3:I19,9,FALSE),K18)+1,"") | L23: =IFERROR(VLOOKUP(INT(MID($K$2,K23,FIND(")",$K$2,K23)-K23)),Handlungsempfehlungen!$A$2:$C$17,2,FALSE),"") | M23: =IFERROR(VLOOKUP(INT(MID($K$2,K23,FIND(")",$K$2,K23)-K23)),Handlungsempfehlungen!$A$2:$C$17,3,FALSE),"")
A24: Ausgründung | C24: =Bewertungsbogen!I9 -> 0 | D24: =Bewertungsbogen!J5 -> 0
A26: =VLOOKUP(16-(C20>D45)*8-(C21>D46)*4-(C22>D47)*2-(C23>D48),Szenarien!A3:H19,2,FALSE) -> Kritische Zone | D26: =IF((D20>=C45)*(D21>=C46)*(D22>=C47)*(D23>=C48)=0,"geringe Aussagekraft","") -> geringe Aussagekraft
F28: Einrichtung | K28: =IFERROR(FIND("(",VLOOKUP(16-(C20>D45)*8-(C21>D46)*4-(C22>D47)*2-(C23>D48),Szenarien!A3:I19,9,FALSE),K23)+1,"") | L28: =IFERROR(VLOOKUP(INT(MID($K$2,K28,FIND(")",$K$2,K28)-K28)),Handlungsempfehlungen!$A$2:$C$17,2,FALSE),"") | M28: =IFERROR(VLOOKUP(INT(MID($K$2,K28,FIND(")",$K$2,K28)-K28)),Handlungsempfehlungen!$A$2:$C$17,3,FALSE),"")
F29: =_xlfn.CONCAT("Offene Fragen:",CHAR(10),_xlfn.TEXTJOIN(CHAR(10),TRUE,Bewertungsbogen!P38:P43),CHAR(10),CHAR(10),"Hindernisse:",CHAR(10),_xlfn.TEXTJOIN(CHAR(10),TRUE,Bewertungsbogen!O38:O43)) -> Offene Fragen: Passt die Verwertung der Hardware zur strategischen Ausrichtung der Einrichtung? Passen die Vorstellungen von Team und Einrichtung bzgl. der Hardwareverwertung zusammen? Liegen alle Nutzungs- und Verwertungsrechte bei der Einrichtung? Ist eine Verwertung der Hardware trotz bestehender Rahmenverträge (Auftragsforschung, FuE-Projekt, Kooperationsverträge, Verpflichtungen aufgrund staatlicher Unterstützung) möglich? Kann die Einrichtung Ressourcen für Betrieb, Wartung und Support der Hardware zur Verfügung zu stellen? Ist ein Abbruch der Entwicklung und der Verwertung für die Einrichtung tragbar? Hindernisse:
A32: Wichtigste Handlungsempfehlung:
A33: =VLOOKUP(16-(C20>D45)*8-(C21>D46)*4-(C22>D47)*2-(C23>D48),Szenarien!A3:J19,10,FALSE) -> Projekt fallen lassen | K33: =IFERROR(FIND("(",VLOOKUP(16-(C20>D45)*8-(C21>D46)*4-(C22>D47)*2-(C23>D48),Szenarien!A3:I19,9,FALSE),K28)+1,"") | L33: =IFERROR(VLOOKUP(INT(MID($K$2,K33,FIND(")",$K$2,K33)-K33)),Handlungsempfehlungen!$A$2:$C$17,2,FALSE),"") | M33: =IFERROR(VLOOKUP(INT(MID($K$2,K33,FIND(")",$K$2,K33)-K33)),Handlungsempfehlungen!$A$2:$C$17,3,FALSE),"")
A36: =IF(C24>=D49,"Software zeigt Potential für ein Startup!","") | D36: =IF(($D$24<$C$49)*($C$24>=$D$49),"geringe Aussagekraft","")
K38: =IFERROR(FIND("(",VLOOKUP(16-(C20>D45)*8-(C21>D46)*4-(C22>D47)*2-(C23>D48),Szenarien!A3:I19,9,FALSE),K33)+1,"") | L38: =IFERROR(VLOOKUP(INT(MID($K$2,K38,FIND(")",$K$2,K38)-K38)),Handlungsempfehlungen!$A$2:$C$17,2,FALSE),"") | M38: =IFERROR(VLOOKUP(INT(MID($K$2,K38,FIND(")",$K$2,K38)-K38)),Handlungsempfehlungen!$A$2:$C$17,3,FALSE),"")
F41: Markt
C42: =(D20>C45)*(D21>C46)*(D22>C47)*(D23>C48) -> 0 | F42: =_xlfn.CONCAT("Offene Fragen:",CHAR(10),_xlfn.TEXTJOIN(CHAR(10),TRUE,Bewertungsbogen!P48:P53),CHAR(10),CHAR(10),"Hindernisse:",CHAR(10),_xlfn.TEXTJOIN(CHAR(10),TRUE,Bewertungsbogen!O48:O53)) -> Offene Fragen: Gibt es für die Hardware einen belastbaren und ggfs. einen quantifizierbaren Bedarf oder wird sich dieser in absehbarer Zukunft entwickeln? Bietet die Hardware messbare Vorteile für den Kunden? Handelt es sich bei der Hardware um eine Kerntechnologie, auf die andere Produkte aufgebaut werden können? Sind keine vergleichbaren Produkte auf dem Markt? Ist die Hardware durch Aufwand nicht replizierbar? Kann mit der Verwertung der Hardware Gewinn erzielt werden? Hindernisse:
K43: =IFERROR(FIND("(",VLOOKUP(16-(C20>D45)*8-(C21>D46)*4-(C22>D47)*2-(C23>D48),Szenarien!A3:I19,9,FALSE),K38)+1,"") | L43: =IFERROR(VLOOKUP(INT(MID($K$2,K43,FIND(")",$K$2,K43)-K43)),Handlungsempfehlungen!$A$2:$C$17,2,FALSE),"") | M43: =IFERROR(VLOOKUP(INT(MID($K$2,K43,FIND(")",$K$2,K43)-K43)),Handlungsempfehlungen!$A$2:$C$17,3,FALSE),"")
C44: Anteil beantworte Fragen | D44: Toleranzen
C45: =Bewertungsbogen!G5 -> 0.7 | D45: =Bewertungsbogen!F5 -> 0.6
C46: =Bewertungsbogen!G6 -> 0.7 | D46: =Bewertungsbogen!F6 -> 0.6
C47: =Bewertungsbogen!G7 -> 0.7 | D47: =Bewertungsbogen!F7 -> 0.6
C48: =Bewertungsbogen!G8 -> 0.7 | D48: =Bewertungsbogen!F8 -> 0.6 | K48: =IFERROR(FIND("(",VLOOKUP(16-(C20>D45)*8-(C21>D46)*4-(C22>D47)*2-(C23>D48),Szenarien!A3:I19,9,FALSE),K43)+1,"") | L48: =IFERROR(VLOOKUP(INT(MID($K$2,K48,FIND(")",$K$2,K48)-K48)),Handlungsempfehlungen!$A$2:$C$17,2,FALSE),"") | M48: =IFERROR(VLOOKUP(INT(MID($K$2,K48,FIND(")",$K$2,K48)-K48)),Handlungsempfehlungen!$A$2:$C$17,3,FALSE),"")
C49: =Bewertungsbogen!G9 -> 0.7 | D49: =Bewertungsbogen!F9 -> 0.6

Sheet Fragenkatalog
A1: Code | B1: Dimension | C1: Cluster | D1: Fragecode | E1: Bezeichnung | F1: Fragebogen | G1: Frage | H1: Satz | I1: Nein (schlecht = 0) | J1: dazwischen (0,5) | K1: Ja (gut = 1) | L1: Beschreibung | M1: Gewichtung | N1: Gewichtung Ausgründung
A2: =_xlfn.CONCAT(LEFT(Table1[[#This Row],[Dimension]],1),TEXT(Table1[[#This Row],[Cluster]],"00"),Table1[[#This Row],[Fragecode]]) -> E01a | B2: Einrichtung | C2: 1 | D2: a | E2: Motivation Einrichtung | F2: beide | G2: Passt die Verwertung der Hardware zur strategischen Ausrichtung der Einrichtung? | H2: Die Verwertung der Hardware passt zu der strategischen Ausrichtung und den Zielen der Einrichtung. | I2: Die Verwertung passt nicht zur strategischen Ausrichtung der Einrichtung. | J2: Die Hardware passt nur bedingt zur Einrichtung und/oder es besteht ein Interesse an der Verwertung. | K2: Die Hardware passt in das Portfolio der Einrichtung und soll verwertet werden. | L2: Aus verschiedenen Gründen kann die Verwertung der Hardware nicht zur Einrichtung passen oder kein Interesse an der Verwertung seitens der Einrichtung bestehen. Gründe können sein: die Verwertung passt nicht ins bestehende Portfolio, schränkt zukünftige Forschungsaktivitäten ein (z.B. durch den Wegfall von Know-how), bedient einen Markt, der nicht von der Einrichtung gewünscht ist (z.B. militärische Nutzung) oder hat nichts mit der Ausrichtung der Einrichtung generell zu tun. | M2: 1 | N2: 0.1
A3: =_xlfn.CONCAT(LEFT(Table1[[#This Row],[Dimension]],1),TEXT(Table1[[#This Row],[Cluster]],"00"),Table1[[#This Row],[Fragecode]]) -> E01b | B3: Einrichtung | C3: 1 | D3: b | E3: Motivation Einrichtung | F3: beide | G3: Passen die Vorstellungen von Team und Einrichtung bzgl. der Hardwareverwertung zusammen? | H3: Die Einrichtung hat die gleichen Vorstellungen von der Verwertung wie das Projektteam. | I3: Die Vorstellungen passen nicht zusammen und keine der beiden Seiten ist kompromissbereit. | J3: Die Vorstellungen passen nicht zusammen, die Einrichtung ist aber kompromissbereit. | K3: Die Vorstellungen passen zusammen. | L3: Haben Einrichtung und Entwicklerteam die gleichen Erwartungen bzgl. der Verwertung der Hardware? Möchte die Einrichtung die Hardware z.B. kommerziell verwerten, das Team jedoch als Open Source veröffentlichen, dann entsteht ein Mehraufwand für die Vermittlung beider Seiten. Ausschlaggebend ist weiterhin, wie aufgeschlossen die Einrichtung/Lehrstuhl für Kompromisse ist. | M3: 1 | N3: 0.8
A4: =_xlfn.CONCAT(LEFT(Table1[[#This Row],[Dimension]],1),TEXT(Table1[[#This Row],[Cluster]],"00"),Table1[[#This Row],[Fragecode]]) -> E02a | B4: Einrichtung | C4: 2 | D4: a | E4: Abhängigkeiten | F4: beide | G4: Liegen alle Nutzungs- und Verwertungsrechte bei der Einrichtung? | H4: Alle Nutzungs- und Verwertungsrechte liegen bei der Einrichtung. | I4: Nicht alle Rechte liegen bei der Einrichtung. | J4: Rechte können noch erworben oder geklärt werden. | K4: Die Einrichtung besitzt alle Nutzungs- und Verwertungsrechte. | L4: Für eine Verwertung durch die Einrichtung ist es notwendig, dass alle Rechte bei der Einrichtung liegen. Ist dies nicht der Fall oder noch unklar, dann müssen diese Rechte wenn möglich über Lizenzen oder Kauf erworben werden. | M4: 1 | N4: 0.5
A5: =_xlfn.CONCAT(LEFT(Table1[[#This Row],[Dimension]],1),TEXT(Table1[[#This Row],[Cluster]],"00"),Table1[[#This Row],[Fragecode]]) -> E02b | B5: Einrichtung | C5: 2 | D5: b | E5: Abhängigkeiten | F5: beide | G5: Ist eine Verwertung der Hardware trotz bestehender Rahmenverträge (Auftragsforschung, FuE-Projekt, Kooperationsverträge, Verpflichtungen aufgrund staatlicher Unterstützung) möglich? | H5: Eine Verwertung ist trotz bestehender Rahmenverträge (Auftragsforschung, FuE Projekt, Kooperationsverträgen, Verpflichtungen aufgrund staatlicher Unterstützung) möglich. | I5: Eine Verwertung wird durch bestehende Verträge explizit ausgeschlossen. | J5: Die Verwertungsmodalitäten müssen noch mit den Kooperationspartnern, Geldgebern usw. geklärt werden. | K5: Die Verwertung ist ausdrücklich erlaubt. | L5: Entwicklung und Verwertung der Hardware können durch bestehende Verträge oder Kooperationen erlaubt oder ausgeschlossen sein. Ist eine Verwertung ausgeschlossen, dann ist zu prüfen, was dennoch an Verwertung möglich ist. | M5: 1 | N5: 1
A6: =_xlfn.CONCAT(LEFT(Table1[[#This Row],[Dimension]],1),TEXT(Table1[[#This Row],[Cluster]],"00"),Table1[[#This Row],[Fragecode]]) -> E02c | B6: Einrichtung | C6: 2 | D6: c | E6: Abhängigkeiten | G6: Ist ausgeschlossen, dass die Hardware unter DualUse-Verdacht steht und ggf. Exportkontrollvorschriften auslöst? | H6: Der Hardware lässt sich nicht für militärische Zwecke einsetzen (DualUse) und fällt nicht unter die Exportkontrolle. | I6: Die Hardware lässt sich militärisch nutzen und fällt unter Exportkontrollvorschriften. | J6: Es ist unklar oder zu noch zu klären, ob die Hardware militärisch nutzbar oder exportkontrollrechtlich relevant ist. | K6: Eine militärische Nutzung kann ausgeschlossen werden; Exportkontrollvorschriften stehen der Verwertung nicht entgegen. | L6: Hier wird geprüft, ob die Hardware dem DualUse-Bereich (neben ziviler Nutzung auch ggf. militärische Nutzung möglich) zuzuordnen ist und exportkontrollrechtliche Vorgaben auslöst. Ist dies der Fall, kann die Verwertung erheblich eingeschränkt, genehmigungspflichtig oder in bestimmten Fällen ausgeschlossen sein. Daher ist frühzeitig zu klären, ob die Hardware zivilen Zwecken vorbehalten ist oder aufgrund ihres Einsatzpotentials besonderen rechtlichen Beschränkungen unterliegt. | M6: 1 | N6: 0.3
A7: =_xlfn.CONCAT(LEFT(Table1[[#This Row],[Dimension]],1),TEXT(Table1[[#This Row],[Cluster]],"00"),Table1[[#This Row],[Fragecode]]) -> E03a | B7: Einrichtung | C7: 3 | D7: a | E7: Ressourcen Einrichtung | F7: beide | G7: Kann die Einrichtung Ressourcen für Betrieb, Wartung und Support der Hardware zur Verfügung zu stellen? | H7: Die Einrichtung kann für Verwertung und ggfs. Betrieb/Wartung/Support der Hardware weitere Ressourcen zur Verfügung stellen. | I7: Die Einrichtung kann keine Ressourcen zur Verfügung stellen. | J7: Die Einrichtung kann nur einen Teil der notwendigen Ressourcen bereitstellen. | K7: Die Einrichtung kann entsprechende Ressourcen bereitstellen. | L7: Kann die Einrichtung neben den bereitgestellten Ressourcen für das Team auch weitere Ressourcen zur Verfügung stellen? Dies können bspw. finanzielle, materielle oder personelle Ressourcen sein, aber auch die Unterstützung durch andere Abteilungen (z.B. Kommunikation). Je nach Art der Verwertung (z.B. HaaS) kann es auch notwendig sein, Ressourcen für den Betrieb der Hardware bereit zu stellen. | M7: 1 | N7: 0.75
A8: =_xlfn.CONCAT(LEFT(Table1[[#This Row],[Dimension]],1),TEXT(Table1[[#This Row],[Cluster]],"00"),Table1[[#This Row],[Fragecode]]) -> E03b | B8: Einrichtung | C8: 3 | D8: b | E8: Ressourcen Einrichtung | F8: beide | G8: Ist ein Abbruch der Entwicklung und der Verwertung für die Einrichtung tragbar? | H8: Ein Abbruch der Entwicklung und Verwertung wäre für die Einrichtung tragbar. | I8: Ein Abbruch wäre nicht tragbar. | J8: Der Abbruch könnte kompensiert werden. | K8: Ein Abbruch wäre verkraftbar. | L8: Wird keine Verwertung gestartet oder muss die Entwicklung abgebrochen werden, kann dies negative Auswirkungen für die Einrichtung haben. Dies kann beispielsweise den Verlust von Ansehen oder finanzielle Verluste bedeuten. | M8: 1 | N8: 0.2
A9: =_xlfn.CONCAT(LEFT(Table1[[#This Row],[Dimension]],1),TEXT(Table1[[#This Row],[Cluster]],"00"),Table1[[#This Row],[Fragecode]]) -> E03c | B9: Einrichtung | C9: 3 | D9: c | E9: Ressourcen Einrichtung | G9: Bietet die Einrichtung für Gründer den notwendigen Support (fachliches Know-how, finanzielle Mittel, Räumlichkeiten, Equipment), um die Ausgründung erfolgreich zu entwickeln? | I9: Die Einrichtung bietet aktuell keinerlei Unterstützung für die erfolgreiche Entwicklung einer Ausgründung. | J9: Die Einrichtung verfügt selbst nicht über Background und Support im Bereich Unternehmensgründungen, hat aber am Ort verbundene Institutionen, die bei Ausgründungen helfen können. | K9: Die Institution hat selbst einen breiten Background im Bereich Unternehmensgründungen und bietet Ausgründungen den erforderlichen Support an. | L9: Ausgründungen benötigen Unterstützung, um den Unternehmensaufbau voranzutreiben. Neben fachlichem Support im Bereich Unternehmensentwicklung kann hierzu v.a. finanzieller Support (u.a. Gehälter während der Gründungsphase, Gelder für Sachmittel) oder auch Support in Form von Equipment und Räumlichkeiten (die die Ausgründung kostengünstig nutzen kann) erforderlich sein. | M9: 1 | N9: 1
A10: =_xlfn.CONCAT(LEFT(Table1[[#This Row],[Dimension]],1),TEXT(Table1[[#This Row],[Cluster]],"00"),Table1[[#This Row],[Fragecode]]) -> E03d | B10: Einrichtung | C10: 3 | D10: d | E10: Ressourcen Einrichtung | G10: Verfügt die Einrichtung über ein Netzwerk von Partnern, die die Ausgründung nutzen kann und diese voranbringen? | I10: Es sind keine nützlichen Partner vorhanden. | J10: Es gibt die Möglichkeit potenzielle Partner über die Einrichtung anzusprechen. | K10: Es gibt ein Netzwerk hochwertiger Partner, mit denen die Ausgründung zusammenarbeiten kann. | L10: Ausgründungen benötigen Zugang zu verschiedensten Gruppen und Unternehmen, um die Entwicklung voranzubringen. Dies können bspw. Ausgründungs-Advisor/Experten, spezialisierte Anwälte/Notare, andere Ausgründungen, Investoren oder auch Unternehmen für die Kundenakquise sein. Außerdem ist ein breites Netzwerk von Unternehmen wichtig, um über die Institution eine gewisse Glaubwürdigkeit zu erhalten und etwaige Produktverkäufe oder Pilotprojekte durchführen zu können. | M10: 1 | N10: 1
A11: =_xlfn.CONCAT(LEFT(Table1[[#This Row],[Dimension]],1),TEXT(Table1[[#This Row],[Cluster]],"00"),Table1[[#This Row],[Fragecode]]) -> E03e | B11: Einrichtung | C11: 3 | D11: e | E11: Ressourcen Einrichtung | G11: Kann die Einrichtung das Ausgründungsteam mit Co-Foundern sowie weiteren (hochqualifizierten) Mitarbeitern ergänzen (bspw. durch eigenen Talentpool, Ausschreibungen, verbundene Institutionen, Lehrstühle etc.)? | I11: Die Einrichtung bietet für Ausgründungen keine Möglichkeit der Talentakquise. | J11: Die Institution verfügt punktuell/einzelfallabhängig über Möglichkeiten, Co-Founder/Mitarbeiter für die Ausgründung zu gewinnen. | K11: Die Einrichtung verfügt über verschiedene Möglichkeiten, Ausgründungen mit Personal auszustatten. | L11: Neben dem Gründerteam benötigt die Ausgründung in ihrer Aufbauphase meist weitere Mitarbeiter in verschiedenen Bereichen. Von Vorteil ist, wenn die Institution auf vorhandene Talente zurückzugreifen kann oder Quellen dafür hat. | M11: 1 | N11: 1
A12: =_xlfn.CONCAT(LEFT(Table1[[#This Row],[Dimension]],1),TEXT(Table1[[#This Row],[Cluster]],"00"),Table1[[#This Row],[Fragecode]]) -> E03f | B12: Einrichtung | C12: 3 | D12: f | E12: Ressourcen Einrichtung | G12: Verfügt die Institution über Kontakte zu Risikokapitalgebern, Banken, BusinessAngels usw., die der Ausgründung eine (Anschluss-)Finanzierung ermöglichen? | I12: Es ist kein Netzwerk vorhanden | J12: Es gibt die Möglichkeit, über eigene Kontakte Verbindung zu Anschlußfinanzierern herzustellen. | K12: Die Einrichtung ist bezüglich Anschlussfinanzierung sehr gut mit potenziellen Geldgebern vernetzt. | L12: Ausgründungen benötigen zu Beginn oft finanzielle Unterstützung. Daher ist es wichtig, im Umfeld der Institution vorhandene Kontakte zu anderen Ausgründungs-Finanzierern wie z.B. Banken, Venture Capital-Gebern, Business Angels usw. vorzuweisen, die auf eine Finanzierung (und Weiterentwicklung) von Ausgründungen spezialisiert sind. | M12: 1 | N12: 1
A13: =_xlfn.CONCAT(LEFT(Table1[[#This Row],[Dimension]],1),TEXT(Table1[[#This Row],[Cluster]],"00"),Table1[[#This Row],[Fragecode]]) -> E04a | B13: Einrichtung | C13: 4 | D13: a | E13: Zukünftige Forschungsaktivitäten | F13: lang | G13: Ist die Verwertung der Hardware mit zukünftigen Forschungsaktivitäten vereinbar? | H13: Eine Verwertung ist mit zukünftigen Forschungsaktivitäten vereinbar? | I13: Die Verwertung ist nicht mit zukünftigen Forschungsaktivitäten vereinbar. | J13: Die Verwertung ist vereinbar, birgt jedoch zukünftige Risiken. | K13: Die Verwertung ist mit den Forschungsaktivitäten vereinbar. | L13: Zukünftige Forschungsaktivitäten können durch bestimmte Verwertungsformen behindert werden. Beispielsweise dann, wenn das Know-how nach der Verwertung ausschließlich bei den externen Kooperations-partnern liegt. | M13: 1 | N13: 0.1
A14: =_xlfn.CONCAT(LEFT(Table1[[#This Row],[Dimension]],1),TEXT(Table1[[#This Row],[Cluster]],"00"),Table1[[#This Row],[Fragecode]]) -> E04b | B14: Einrichtung | C14: 4 | D14: b | E14: Zukünftige Forschungsaktivitäten | F14: lang | G14: Ist davon auszugehen, dass das Know-how langfristig bei der Einrichtung gesichert ist? | H14: Das Know-how ist längerfristig an der Einrichtung gesichert. | I14: Das Know-how wird verloren gehen. | J14: Das Know-how ist nur mittelfristig gesichert. | K14: Das Know-how ist langfristig gesichert. | L14: Know-How kann durch Weggang von Mitarbeitern verloren gehen oder durch die Notwendigkeit, eine Lizenz für Beratungs- und Serviceleistungen annehmen zu müssen. Unter „langfristig“ kann ein Zeitraum zwischen 3-5 Jahren verstanden werden. | M14: 1 | N14: 0.25
A15: =_xlfn.CONCAT(LEFT(Table1[[#This Row],[Dimension]],1),TEXT(Table1[[#This Row],[Cluster]],"00"),Table1[[#This Row],[Fragecode]]) -> E04c | B15: Einrichtung | C15: 4 | D15: c | E15: Zukünftige Forschungsaktivitäten | F15: lang | G15: Erleichtert eine als open veröffentlichte Hardware die Zusammenarbeit mit anderen Einrichtungen? | H15: Die Zusammenarbeit mit anderen Einrichtungen wird durch die open-Stellung verbessert. | I15: Eine open-Veröffentlichung der Hardware erschwert oder verhindert die Zusammenarbeit mit anderen Einrichtungen. | J15: Die Auswirkungen einer open-Veröffentlichung auf die Zusammenarbeit mit anderen Einrichtungen sind derzeit nicht eindeutig abschätzbar. | K15: Eine open-Veröffentlichung der Hardware erleichtert die Zusammenarbeit mit anderen Einrichtungen. | L15: Hier ist zu bewerten, ob die open-Bereitstellung der Hardware die Kooperation mit anderen Einrichtungen fördert. Eine open-Veröffentlichung kann gemeinsame Weiterentwicklung, Nachnutzung, Standardisierung und transparente Arbeitsteilung erleichtern. Sie kann damit dazu beitragen, Forschungsnetzwerke auszubauen, Doppelarbeit zu vermeiden und die Sichtbarkeit der Einrichtung im wissenschaftlichen Umfeld zu erhöhen. | M15: 1 | N15: 0.25
A16: =_xlfn.CONCAT(LEFT(Table1[[#This Row],[Dimension]],1),TEXT(Table1[[#This Row],[Cluster]],"00"),Table1[[#This Row],[Fragecode]]) -> M01a | B16: Markt | C16: 1 | D16: a | E16: Nachfrage/Bedarf | F16: beide | G16: Gibt es für die Hardware einen belastbaren und ggfs. einen quantifizierbaren Bedarf oder wird sich dieser in absehbarer Zukunft entwickeln? | H16: Es gibt für die Hardware einen belastbaren und ggfs. quantifizierbaren Bedarf und/oder dieser wird sich in absehbarer Zukunft entwickeln. | I16: Es existiert kein Bedarf außerhalb der Einrichtung. | J16: Es gibt noch keinen Bedarf, dieser wird sich aber zukünftig entwickeln. | K16: Es gibt einen Bedarf. | L16: Allgemeine Frage zur Nachfrage der Hardware auf dem Markt: Gibt es Bedarf für die Hardware oder wird sich dieser in absehbarer Zukunft entwickeln? | M16: 1 | N16: 1
A17: =_xlfn.CONCAT(LEFT(Table1[[#This Row],[Dimension]],1),TEXT(Table1[[#This Row],[Cluster]],"00"),Table1[[#This Row],[Fragecode]]) -> M01b | B17: Markt | C17: 1 | D17: b | E17: Nachfrage/Bedarf | F17: lang | G17: Ist der Markt ausreichend groß für die Verwertung? | H17: Der Markt ist ausreichend groß für eine Verwertung. | I17: Es gibt so gut wie keinen oder nur kleinen Markt. | J17: Der Markt ist ausreichend für die Hardware. | K17: Der Markt ist größer als erwartet. | L17: Gibt es genügend Nachfrage, so dass sich die Verwertung der Hardware lohnt? | M17: 1 | N17: 1
A18: =_xlfn.CONCAT(LEFT(Table1[[#This Row],[Dimension]],1),TEXT(Table1[[#This Row],[Cluster]],"00"),Table1[[#This Row],[Fragecode]]) -> M01c | B18: Markt | C18: 1 | D18: c | E18: Nachfrage/Bedarf | F18: lang | G18: Hat der Markt Wachstumspotential? | H18: Der Markt zeigt wachsende Tendenz. | I18: Der Markt schrumpft eher. | J18: Der Markt ist gleichbleibend. | K18: Es existiert ein wachsender Markt. | L18: Hier soll abgeschätzt werden, wie sich die Nachfrage für die Hardware in nächster Zeit entwickelt. | M18: 1 | N18: 1
A19: =_xlfn.CONCAT(LEFT(Table1[[#This Row],[Dimension]],1),TEXT(Table1[[#This Row],[Cluster]],"00"),Table1[[#This Row],[Fragecode]]) -> M01d | B19: Markt | C19: 1 | D19: d | E19: Nachfrage/Bedarf | F19: lang | G19: Gibt es Abnehmer für die Hardware? | H19: Es gibt Abnehmer für die Hardware. | I19: Zur Zeit keine. | J19: Es gibt Interessenten. | K19: Es gibt Abnehmer. | L19: Gibt es Interessensbekundungen oder Zusagen von Abnehmern (idealerweise schriftliche Zusagen/LOIs), die die Hardware erwerben oder nutzen möchten? Dies können auch Entwickler sein, die die Hardware für eine Ausgründung verwenden möchten. | M19: 1 | N19: 1
A20: =_xlfn.CONCAT(LEFT(Table1[[#This Row],[Dimension]],1),TEXT(Table1[[#This Row],[Cluster]],"00"),Table1[[#This Row],[Fragecode]]) -> M01e | B20: Markt | C20: 1 | D20: e | E20: Nachfrage/Bedarf | F20: lang | G20: Existiert ein Vertriebsnetz für die Hardware? | H20: Das Vertriebsnetz ist vorhanden und zugänglich. | I20: Es existiert kein Vertriebsnetz. | J20: Das Vertriebsnetz befindet sich im Aufbau. | K20: Es gibt ein etabliertes Vertriebsnetz. | L20: Kann die Hardware bspw. über bestehende Plattformen und Marktplätze vertrieben werden? | M20: 1 | N20: 0.5
A21: =_xlfn.CONCAT(LEFT(Table1[[#This Row],[Dimension]],1),TEXT(Table1[[#This Row],[Cluster]],"00"),Table1[[#This Row],[Fragecode]]) -> M01f | B21: Markt | C21: 1 | D21: f | E21: Nachfrage/Bedarf | G21: Gibt es bereits zahlende Kunden für die Hardware? | I21: Es gibt derzeit keine zahlenden Kunden. | J21: Es gibt bereits Kundeninteresse. | K21: Es gibt bereits mindestens einen zahlenden Kunden. | L21: Ob es bereits zahlende Kunden gibt, ist entscheidend dafür, ob die Entwicklung der Hardware an den Bedürfnissen des Marktes durchgeführt wurde bzw. ob tatsächlich ein vorhandener Markt befriedigt werden kann. Erste Kunden erleichtern den Aufbau einer Ausgründung erheblich. | M21: 1 | N21: 0.9
A22: =_xlfn.CONCAT(LEFT(Table1[[#This Row],[Dimension]],1),TEXT(Table1[[#This Row],[Cluster]],"00"),Table1[[#This Row],[Fragecode]]) -> M01g | B22: Markt | C22: 1 | D22: g | E22: Nachfrage/Bedarf | G22: Wurde die Hardware nahe am bzw. mit potenziellen Kunden entwickelt? (user-centric approach) | I22: Die Hardware wurde ausschließlich am Institut entwickelt. | J22: Die Hardware soll gemeinsam mit (potenziellen) Kunden entwickelt werden. | K22: Die Hardware wurde bereits im Entstehungsprozess mit (potenziellen) Kunden entwickelt. | L22: Die Einbindung potenzieller Kunden ist entscheidend, um Hardware nicht am Markt „vorbeizuentwickeln“. Es gibt verschiedene Stufen, um kundenzentriert zu entwickeln. Hierzu gehören u.a. verschiedene Pilotprojekte, durch die Entwickler Feedback bei der Entwicklung der Hardware erhalten. Die nutzerzentrierte Entwicklung steigert zudem die Attraktivität der Hardware bzw. der Ausgründung bei potenziellen Investoren. | M22: 1 | N22: 0.9
A23: =_xlfn.CONCAT(LEFT(Table1[[#This Row],[Dimension]],1),TEXT(Table1[[#This Row],[Cluster]],"00"),Table1[[#This Row],[Fragecode]]) -> M02a | B23: Markt | C23: 2 | D23: a | E23: Erfolgsfaktoren | F23: beide | G23: Bietet die Hardware messbare Vorteile für den Kunden? | H23: Die Hardware bietet identifizierbare und quantifizierbare Vorteile für Kunden. | I23: Die Hardware unterscheidet sich kaum von Konkurrenzprodukten. | J23: Die Hardware bietet kleinere Vorteile für den Nutzer. | K23: Die Hardware bietet erhebliche Vorteile für den Nutzer. | L23: Vorteile könnten bspw. eine bessere Bedienbarkeit, eine effizientere Arbeitsweise, neuartige Funktionen oder Kosten sein. | M23: 1 | N23: 1
A24: =_xlfn.CONCAT(LEFT(Table1[[#This Row],[Dimension]],1),TEXT(Table1[[#This Row],[Cluster]],"00"),Table1[[#This Row],[Fragecode]]) -> M02b | B24: Markt | C24: 2 | D24: b | E24: Erfolgsfaktoren | F24: beide | G24: Handelt es sich bei der Hardware um eine Kerntechnologie, auf die andere Produkte aufgebaut werden können? | H24: Bei der Technologie handelt es sich um eine Kern- oder Plattformtechnologie, die von anderen für weitere, darauf aufbauende Produkte genutzt werden kann. | I24: Die Hardware ist in sich geschlossen. | J24: Andere können die Hardware erweitern und modifizieren. | K24: Andere können eigene Hardware basierend auf der Kerntechnologie entwickeln. | L24: Können andere Entwickler weitere Produkte basierend auf der Kernhardware entwickeln, dann bietet dies die Möglichkeit einer kommerziellen Nutzung (z.B. Lizenzierung). | M24: 1 | N24: 0.6
A25: =_xlfn.CONCAT(LEFT(Table1[[#This Row],[Dimension]],1),TEXT(Table1[[#This Row],[Cluster]],"00"),Table1[[#This Row],[Fragecode]]) -> M02c | B25: Markt | C25: 2 | D25: c | E25: Erfolgsfaktoren | F25: beide | G25: Sind keine vergleichbaren Produkte auf dem Markt? | H25: Es gibt keine vergleichbaren Produkte auf dem Markt. | I25: Es sind bereits vergleichbare Produkte auf dem Markt. | J25: Vergleichbare Produkte befinden sich in der Entwicklung. | K25: Vergleichbare Produkte sind weder auf dem Markt noch werden diese nach aktuellem Stand entwickelt. | L25: Vergleichbare Produkte sind solche, mit denen die gleichen Aufgaben gelöst werden können und mit denen man auf dem Markt in Konkurrenz tritt. | M25: 1 | N25: 0.5
A26: =_xlfn.CONCAT(LEFT(Table1[[#This Row],[Dimension]],1),TEXT(Table1[[#This Row],[Cluster]],"00"),Table1[[#This Row],[Fragecode]]) -> M02d | B26: Markt | C26: 2 | D26: d | E26: Erfolgsfaktoren | F26: beide | G26: Ist die Hardware durch Aufwand nicht replizierbar? | H26: Die Hardware ist durch Aufwand nicht replizierbar. | I26: Die Hardware ist replizierbar. | J26: Die Hardware ist mit einigem Aufwand replizierbar. | K26: Die Hardware ist nicht replizierbar. | L26: Wie groß wäre der Aufwand, um vergleichbare Hardware herzustellen? Der Aufwand kann sich auf benötigte Ressourcen (Zeit, Geld, spezielle Technologien, Daten) aber auch Know-how (Entwicklung, Forschung) beziehen. | M26: 1 | N26: 0.25
A27: =_xlfn.CONCAT(LEFT(Table1[[#This Row],[Dimension]],1),TEXT(Table1[[#This Row],[Cluster]],"00"),Table1[[#This Row],[Fragecode]]) -> M02e | B27: Markt | C27: 2 | D27: e | E27: Erfolgsfaktoren | F27: lang | G27: Lässt sich die Hardware schnell auf den Markt bringen? | H27: Es wird nicht lange dauern bis die Hardware auf dem Markt ist. | I27: Ein schneller Markteintritt ist unmöglich. | J27: Ein schneller Markteintritt ist nach Einsatz weiterer Ressourcen möglich. | K27: Die Hardware lässt sich schnell auf den Markt bringen. | L27: Wie lange dauert es, um die Hardware zur Marktreife zu bringen? Ausgegangen wird dabei von dem Umstand, dass die zur Verfügung stehenden Ressourcen unverändert bleiben. Schnell bedeutet hierbei maximal 1 Jahr. | M27: 1 | N27: 0.75
A28: =_xlfn.CONCAT(LEFT(Table1[[#This Row],[Dimension]],1),TEXT(Table1[[#This Row],[Cluster]],"00"),Table1[[#This Row],[Fragecode]]) -> M02f | B28: Markt | C28: 2 | D28: f | E28: Erfolgsfaktoren | F28: lang | G28: Kann die Hardware als Dienstleistung oder ähnliches verwertet werden? | H28: Die Hardware kann als Dienstleistung oder ähnliches verwertet werden. | I28: Die Hardware eignet sich ausschließlich als Standalone-Lösung. | J28: Die Hardware bedient einen weiteren Teilbereich. | K28: Die Hardware besitzt ein breites Anwendungsspektrum. | L28: Kann der Markt für die Hardware durch deren Implementierung in andere Systeme / durch Beratung / als Hardware-as-a-Service (HaaS) (bspw. Vermietung) usw. erweitert werden? | M28: 1 | N28: 0
A29: =_xlfn.CONCAT(LEFT(Table1[[#This Row],[Dimension]],1),TEXT(Table1[[#This Row],[Cluster]],"00"),Table1[[#This Row],[Fragecode]]) -> M02g | B29: Markt | C29: 2 | D29: g | E29: Erfolgsfaktoren | F29: beide | G29: Kann mit der Verwertung der Hardware Gewinn erzielt werden? | H29: Mit der Verwertung der Hardware kann ein Gewinn erzielt werden. | I29: Es wird ein Verlust erwartet. | J29: Die Verwertung wäre kostenneutral. | K29: Ein Gewinn wird erwartet. | L29: Mit Gewinn ist ein positiver „return of investment“ gemeint. | M29: 1 | N29: 1
A30: =_xlfn.CONCAT(LEFT(Table1[[#This Row],[Dimension]],1),TEXT(Table1[[#This Row],[Cluster]],"00"),Table1[[#This Row],[Fragecode]]) -> H01a | B30: Hardware | C30: 1 | D30: a | E30: Zustand der Hardware | F30: beide | G30: Ist die Hardware eine neuartige Erfindung? | H30: Es handelt sich bei der Hardware um eine neue, nicht offensichtliche Erfindung. | I30: Die Hardware existiert bereits in anderweitiger Form. | J30: Die Hardware besitzt teilweise neue Funktionen. | K30: Die Hardware oder Teile davon ist/sind eine neuartige Entwicklung. | L30: Hier wird abgefragt, wie neuartig und einzigartig eine Hardware ist: Existiert bereits vergleichbare Hardware oder ist sie eine neuartige Lösung für ein bestehendes Problem. Bei NEUHEIT geht es sowohl um Hardware aus der eigenen Einrichtung, als auch um Hardware, die von Dritten entwickelt wurde.) | M30: 1 | N30: 0.3
A31: =_xlfn.CONCAT(LEFT(Table1[[#This Row],[Dimension]],1),TEXT(Table1[[#This Row],[Cluster]],"00"),Table1[[#This Row],[Fragecode]]) -> H01b | B31: Hardware | C31: 1 | D31: b | E31: Zustand der Hardware | F31: beide | G31: Ist die Hardware in Verwendung? | H31: Die Hardware wird verwendet. | I31: Es existiert maximal ein Proof of Concept (bis TRL 3). | J31: Es existiert bereits ein Labor- oder Funktionsmus-ter/Prototyp (TRL 4-6). | K31: Die Hardware ist bereits im realen Einsatz (ab TRL 7). | L31: Die Einteilung orientiert sich am Technology Readiness-Level (TRL). Ist die Hardware bereits im Einsatz (TRL7), dann kann die Frage mit „Ja“ beantwortet werden. Handelt es sich dagegen um ein Labor- oder Funkti-onsmuster/Prototypen in relevanter Einsatzumgebung, (TRL 4-6) kann die mittlere Antwort gewählt werden. Besteht bisher nur ein Proof of Con-cept (bis TRL 3), dann ist die Frage zu verneinen. | M31: 1 | N31: 0.75
A32: =_xlfn.CONCAT(LEFT(Table1[[#This Row],[Dimension]],1),TEXT(Table1[[#This Row],[Cluster]],"00"),Table1[[#This Row],[Fragecode]]) -> H01c | B32: Hardware | C32: 1 | D32: c | E32: Zustand der Hardware | F32: beide | G32: Ist eine verwertbare Entwicklung der Hardware machbar? | H32: Die verwertbare Entwicklung der Hardware ist machbar. | I32: Die Wahrscheinlichkeit für einen Abbruch der Entwicklung und damit Verwertung ist hoch. | J32: Es besteht die Möglichkeit, dass die Entwicklung abgebrochen wird. Das Risiko hierfür ist jedoch gering. | K32: Ein Abschluss der Entwicklung und damit einer erfolgreichen Verwertung ist sehr wahrscheinlich. | L32: Für die Verwertung der Hardware sollte diese soweit wie möglich fertiggestellt sein. Verschiedene Risiken können jedoch dafür sorgen, dass es zu einem Abbruch der Entwicklung und der Verwertung kommt. Schätzen sie ein, ob die Hardware zu einem fertigen Produkt entwickelt werden kann. | M32: 1 | N32: 0
A33: =_xlfn.CONCAT(LEFT(Table1[[#This Row],[Dimension]],1),TEXT(Table1[[#This Row],[Cluster]],"00"),Table1[[#This Row],[Fragecode]]) -> H01d | B33: Hardware | C33: 1 | D33: d | E33: Zustand der Hardware | F33: beide | G33: Ist die Hardware ausreichend dokumentiert? | H33: Die Hardware ist ausreichend dokumentiert. | I33: Die Hardware ist vollständig undokumentiert. | J33: Die Dokumentation ist noch unzureichend. | K33: Die Dokumentation ist vollständig. | L33: Eine ordentliche Dokumentation der Teileliste, des Aufbaus usw. ist essenziell dafür, dass man die Hardware auch in Zukunft noch warten und weiterentwickeln kann. | M33: 1 | N33: 0.8
A34: =_xlfn.CONCAT(LEFT(Table1[[#This Row],[Dimension]],1),TEXT(Table1[[#This Row],[Cluster]],"00"),Table1[[#This Row],[Fragecode]]) -> H01e | B34: Hardware | C34: 1 | D34: e | E34: Zustand der Hardware | F34: beide | G34: Sind die Lizenzen der Hardwarekomponenten untereinander kompatibel? | H34: Die Lizenzen der Hardwarekomponenten sind untereinander inkompatibel. | I34: Die Lizenzen der Hardwarekomponenten sind nicht kompatibel. | J34: Die Kompatibilität der Lizenzen ist nur teilweise gegeben oder noch nicht abschließend geprüft. | K34: Die Lizenzen der Hardwarekomponenten sind miteinander kompatibel. | L34: Hier wird geprüft, ob sich die für die einzelnen Komponenten verwendeten Hardwarelizenzen miteinander vereinbaren lassen. Lizenzinkompatibilitäten können die Weitergabe, Kombination, Herstellung, Veränderung oder kommerzielle Verwertung der Hardware einschränken und müssen vor einer Verwertung geklärt werden. | M34: 1 | N34: 0.8
... A43: =_xlfn.CONCAT(LEFT(Table1[[#This Row],[Dimension]],1),TEXT(Table1[[#This Row],[Cluster]],"00"),Table1[[#This Row],[Fragecode]]) -> H03a | B43: Hardware | C43: 3 | D43: a | E43: Lizensierung und Zulassung | F43: lang | G43: Handelt es sich um eine noch nicht lizenzierte Hardware? | H43: Die Hardware wurde noch nicht lizenziert. | I43: Die Hardware wurde bereits lizenziert. | J43: Die Lizenzierung befindet sich im Abstimmungsprozess. | K43: Die Hardware ist noch unlizenziert. | L43: Wurde die Hardware bereits (Open Source) lizenziert, dann können sich Probleme für die weitere Verwertung ergeben. | M43: 1 | N43: 1
A44: =_xlfn.CONCAT(LEFT(Table1[[#This Row],[Dimension]],1),TEXT(Table1[[#This Row],[Cluster]],"00"),Table1[[#This Row],[Fragecode]]) -> H03b | B44: Hardware | C44: 3 | D44: b | E44: Lizensierung und Zulassung | G44: Kann die Hardware – oder Teile von ihr – geschützt werden? | I44: Ein Schutz ist nicht (mehr) möglich. | J44: Die Schutzfähigkeit der Hardware oder einzelner Teile ist noch zu prüfen. | K44: Die Hardware oder einzelne Teile können geschützt werden oder ein Schutz wird bereits vorbereitet. | L44: Ein Schutz der Hardware, etwa durch Patente, Gebrauchsmuster, Designs oder Marken, kann für die Kommerzialisierung und insbesondere für Ausgründungen von erheblicher Bedeutung sein. Schutzrechte können die Position gegenüber Wettbewerbern stärken, Investitionen absichern und die Grundlage für Lizenzierungs- oder Exklusivmodelle bilden. | M44: 1 | N44: 0.7
A45: =_xlfn.CONCAT(LEFT(Table1[[#This Row],[Dimension]],1),TEXT(Table1[[#This Row],[Cluster]],"00"),Table1[[#This Row],[Fragecode]]) -> H03c | B45: Hardware | C45: 3 | D45: c | E45: Lizensierung und Zulassung | F45: beide | G45: Kann die Hardware ohne spezielle Zulassungen verwertet werden? | H45: Die Hardware kann ohne spezielle Zulassungen verwertet werden. | I45: Die Hardware erfordert spezielle Zulassungen. | J45: Die Hardware benötigt keine Zulassungen, muss jedoch bestimmte Standards erfüllen. | K45: Keine Zulassungen oder Einhaltung von Standards erforderlich. | L45: Für die Verwertung der Hardware sind möglicherweise bestimmte Zulassungen, Standards oder Anforderungen erforderlich. Dies können bspw. die Zulassung als Medizinprodukt (MDR), bestimmte Datenschutzverordnungen oder Industriestandards sein. | M45: 1 | N45: 0
A46: =_xlfn.CONCAT(LEFT(Table1[[#This Row],[Dimension]],1),TEXT(Table1[[#This Row],[Cluster]],"00"),Table1[[#This Row],[Fragecode]]) -> H03d | B46: Hardware | C46: 3 | D46: d | E46: Lizensierung und Zulassung | F46: beide | G46: Lässt sich die Hardware unbedenklich für Umwelt, Mensch und/oder Gesellschaft verwenden? | H46: Die Hardware ist für Umwelt, Mensch und/oder Gesellschaft sicher. | I46: Die Hardware ist schädlich. | J46: Die Hardware lässt sich zu schädlichen Zwecken missbrauchen. | K46: Die Hardware ist unbedenklich. | L46: Führt die Hardware zu schädlichen Auswirkungen auf Mensch, Gesellschaft oder Umwelt, dann sollte von einer Veröffentlichung abgesehen werden. Schädliche Auswirkungen können sein: Nutzung als Waffensysteme, Aufnahme von Satellitenbildern, Sammlung und Auswertung personenbezogener Daten usw. | M46: 1 | N46: 0.4
A47: =_xlfn.CONCAT(LEFT(Table1[[#This Row],[Dimension]],1),TEXT(Table1[[#This Row],[Cluster]],"00"),Table1[[#This Row],[Fragecode]]) -> H03e | B47: Hardware | C47: 3 | D47: e | E47: Lizensierung und Zulassung | G47: Sind die Nutzungsbedingungen der Hardware für eine mögliche Ausgründung geklärt? | I47: Die Nutzungsbedingungen sind ungeklärt. | J47: Die Nutzungsbedingungen sind derzeit in Klärung. | K47: Die Nutzungsbedingungen sind geklärt. | L47: Für eine Ausgründung muss eindeutig feststehen, zu welchen Bedingungen die Hardware genutzt, weiterentwickelt, produziert, lizenziert und vermarktet werden darf. Unklare Nutzungsbedingungen führen zu rechtlichen und wirtschaftlichen Unsicherheiten und können Gründung, Finanzierung und Verwertung erheblich erschweren. | M47: 1 | N47: 0.8
A48: =_xlfn.CONCAT(LEFT(Table1[[#This Row],[Dimension]],1),TEXT(Table1[[#This Row],[Cluster]],"00"),Table1[[#This Row],[Fragecode]]) -> H03f | B48: Hardware | C48: 3 | D48: f | E48: Lizensierung und Zulassung | G48: Wird die Hardware exklusiv an eine Ausgründung lizenziert? | I48: Es wird keine exklusive Lizenzierung für eine Ausgründung geben. | J48: Die Hardware soll neben einer exklusiven Lizenzierung auch am eigenen Institut genutzt werden. | K48: Die Hardware wird exklusiv an eine Ausgründung lizenziert. | L48: Für Ausgründungen kann eine exklusive Lizenzierung wirtschaftlich bedeutsam sein, weil sie Wettbewerbsvorteile schafft und die Attraktivität für Investoren erhöht. Fehlt eine Exklusivität, kann dies die Marktposition der Ausgründung schwächen, insbesondere wenn Wettbewerber dieselbe Hardware ebenfalls verwerten können. | M48: 1 | N48: 1
A49: =_xlfn.CONCAT(LEFT(Table1[[#This Row],[Dimension]],1),TEXT(Table1[[#This Row],[Cluster]],"00"),Table1[[#This Row],[Fragecode]]) -> H03g | B49: Hardware | C49: 3 | D49: g | E49: Lizensierung und Zulassung | G49: Sollen bestimmte Hardwarekomponenten zukünftig offen bleiben, d.h. gibt es Hardwarekomponenten mit starker copyleft-Lizenz? | H49: Bestimmte Hardwarekomponenten bleiben auch zukünftig offen und stehen unter starker Copyleft-Lizenz. | I49: Es gibt keine Hardwarekomponenten mit starker Copyleft-Lizenz: Eine exklusive oder proprietär geprägte Verwertung bleibt möglich. | J49: Einzelne Komponenten stehen unter starker Copyleft-Lizenz; die Auswirkungen auf die geplante Verwertung müssen noch geprüft werden. | K49: Bestimmte Hardwarekomponenten sollen bewusst offen bleiben und stehen unter starker Copyleft-Lizenz. | L49: Hier wird geprüft, ob bestimmte Komponenten der Hardware dauerhaft offen gehalten werden sollen, etwa durch eine starke Copyleft-Lizenz. Dies kann aus Open-Source-Perspektive erwünscht sein, kann aber zugleich exklusive Lizenzierungen, proprietäre Anschlussverwertungen oder bestimmte Ausgründungsmodelle einschränken. Die Bewertung hängt daher vom gewählten Verwertungsziel ab: Für offene, gemeinschaftsbasierte Verwertung kann starkes Copyleft günstig sein; für exklusive kommerzielle Verwertung eher nachteilig. | M49: 1 | N49: 0.4
A50: =_xlfn.CONCAT(LEFT(Table1[[#This Row],[Dimension]],1),TEXT(Table1[[#This Row],[Cluster]],"00"),Table1[[#This Row],[Fragecode]]) -> T01a | B50: Team | C50: 1 | D50: a | E50: Motivation Team | F50: beide | G50: Ist das Entwicklerteam bereit, die Verwertung der Hardware zu unterstützen? | H50: Das Entwicklerteam ist bereit, stark bei der Verwertung zu unterstützen. | I50: Das Entwicklerteam will die Verwertung nicht unterstützen. | J50: Das Entwicklerteam möchte die Hardware noch fertigstellen, aber nicht verwerten. | K50: Das Entwicklerteam möchte bei der Verwertung mitarbeiten. | L50: Inwieweit sind die Entwickler: innen bereit bei der Verwertung mitzuarbeiten? Sei es in Form einer Ausgründung oder durch Unterstützung bei Aufgaben wie Wartung, Support, Beratung usw.? | M50: 1 | N50: 0.8
A51: =_xlfn.CONCAT(LEFT(Table1[[#This Row],[Dimension]],1),TEXT(Table1[[#This Row],[Cluster]],"00"),Table1[[#This Row],[Fragecode]]) -> T01b | B51: Team | C51: 1 | D51: b | E51: Motivation Team | F51: beide | G51: Ist das Entwicklerteam kompromissbereit und zeigt es eine realistische Erwartung bzgl. der angestrebten Verwertung? | H51: Das Entwicklerteam zeigt Kompromissbereitschaft und hat realistische Erwartungen in Bezug auf eine angestrebte Verwertung. | I51: Die Entwickler zeigen wenig Kompromissbereitschaft. | J51: Das Entwicklerteam hat gegensätzliche und unrealistische Erwartungen. | K51: Das Entwicklerteam hat realistische Erwartungen hinsichtlich der Verwertung. | L51: Die Erwartungen von Entwickler: innen bzgl. der Verwertung können erheblich variieren. Sie können auf eine Open-Source-Verwertung bestehen oder großen Gewinn anstreben. Bei der Bewertung muss abgeschätzt werden, ob die Erwartungen im Entwicklerteam realistisch sind, zu Problemen führen und Kompromissbereitschaft besteht. | M51: 1 | N51: 1
A52: =_xlfn.CONCAT(LEFT(Table1[[#This Row],[Dimension]],1),TEXT(Table1[[#This Row],[Cluster]],"00"),Table1[[#This Row],[Fragecode]]) -> T01c | B52: Team | C52: 1 | D52: c | E52: Motivation Team | F52: lang | G52: Sind das Entwicklerteam oder Einzelpersonen aus dem Team daran interessiert, die Hardwarelösung in einer Ausgründung fortzuführen? | H52: Das Entwicklerteam oder einzelne Personen aus dem Team sind daran interessiert, die Hardwarelösung in einer Ausgründung fortzuführen? | I52: Niemand im Team ist an einer Ausgründung interessiert. | J52: Das Team würde eine Ausgründung unterstützen. | K52: Das Entwicklerteam arbeitet aktiv an einer Ausgründung. | L52: Sollte es für die Verwendung der Hardware sinnvoll sein eine Ausgründung zu planen, wie bereit sind die Entwickler hierfür? | M52: 1 | N52: 1
A53: =_xlfn.CONCAT(LEFT(Table1[[#This Row],[Dimension]],1),TEXT(Table1[[#This Row],[Cluster]],"00"),Table1[[#This Row],[Fragecode]]) -> T02a | B53: Team | C53: 2 | D53: a | E53: Autorenschaft | F53: beide | G53: Sind alle Fragen der Autorenschaft geklärt? | H53: Alle Fragen der Autorenschaft sind geklärt. | I53: Es gibt noch offene Fragen oder Streitpunkte. | J53: Offene Punkte lassen sich klären. | K53: Alle Fragen sind geklärt. | L53: Zu den Fragen der Autorenschaft zählen u.a.: Wer sind die involvierten Entwickler? Wie groß sind die jeweiligen Beiträge? Wurden Fragen der Vergütung usw. geklärt? | M53: 1 | N53: 0.75
A54: =_xlfn.CONCAT(LEFT(Table1[[#This Row],[Dimension]],1),TEXT(Table1[[#This Row],[Cluster]],"00"),Table1[[#This Row],[Fragecode]]) -> T02b | B54: Team | C54: 2 | D54: b | E54: Autorenschaft | F54: beide | G54: Ist die Autorenschaft gut dokumentiert? | H54: Die Autorenschaft ist gut dokumentiert. | I54: Dokumente zur Autorenschaft und zu einzelnen Beiträgen liegen nicht vor. | J54: Die Autorenschaft geht aus schriftlicher Kommunikation hervor. | K54: Die Dokumentation ist ausreichend und verständlich. | L54: Geht aus der Dokumentation hervor, wer an der Entwicklung beteiligt war/ist und wie groß der jeweilige Anteil/Beitrag zur Hardware war/ist? Hierbei ist auch die Form der Dokumentation entscheidend. Existieren lediglich mündliche Absprachen, kann dies nicht mit "gut" bewertet werden. Besser wäre es, wenn zumindest aus schriftlicher Kommunikation hervorgeht, wer was gemacht hat. Eine gute Dokumentation sollte bspw. in Form eines Repository oder einer Erfindungsmeldung vorliegen. | M54: 1 | N54: 0.85
A55: =_xlfn.CONCAT(LEFT(Table1[[#This Row],[Dimension]],1),TEXT(Table1[[#This Row],[Cluster]],"00"),Table1[[#This Row],[Fragecode]]) -> T03a | B55: Team | C55: 3 | D55: a | E55: Projektteam | F55: beide | G55: Verfügt das Entwicklerteam über genügend Ressourcen für die Verwertung? | H55: Das Entwicklerteam verfügt über ausreichende Ressourcen für die weitere Verwertung? | I55: Es fehlen sowohl Geld als auch Zeit. | J55: Es fehlt entweder Geld oder Zeit. | K55: Es sind ausreichend Res-sourcen vorhanden. | L55: Ressourcen sind sowohl Zeit als auch Geld, die dem Team für die Entwicklung und Verwertung zur Verfügung stehen. | M55: 1 | N55: 0.85
A56: =_xlfn.CONCAT(LEFT(Table1[[#This Row],[Dimension]],1),TEXT(Table1[[#This Row],[Cluster]],"00"),Table1[[#This Row],[Fragecode]]) -> T03b | B56: Team | C56: 3 | D56: b | E56: Projektteam | F56: beide | G56: Verfügt das Entwicklerteam über die notwendigen Kompetenzen? | H56: Das Entwicklerteam verfügt über die notwendigen Kompetenzen. | I56: Es fehlen wichtige Kompetenzen. | J56: Fehlende Kompetenzen können erworben werden. | K56: Alle nötigen Kompetenzen sind vorhanden. | L56: Kompetenzen können sich auf die Entwicklung der Hardware (z.B. Kenntnisse zum Aufbau und der Funktionsweise oder auch theoretisches Wissen im Fachgebiet) oder auf die Verwertung (fehlendes Know-how über Rechte, Markt etc.) beziehen. | M56: 1 | N56: 0.85
A57: =_xlfn.CONCAT(LEFT(Table1[[#This Row],[Dimension]],1),TEXT(Table1[[#This Row],[Cluster]],"00"),Table1[[#This Row],[Fragecode]]) -> T03c | B57: Team | C57: 3 | D57: c | E57: Projektteam | F57: beide | G57: Ist das Entwicklerteam gut mit der Community und/oder Industrie vernetzt? | H57: Das Entwicklerteam ist gut in die Community und Industrie eingebunden. | I57: Es gibt keine Vernetzungen. | J57: Das Entwicklerteam ist in die Forschungscommunity oder in die Industrie integriert. | K57: Das Entwicklerteam ist in beide Bereiche gut integriert. | L57: Anerkennung/Etablierung im relevanten Gebiet, Unterstützung und Kontakte zu Industrie, ggfs. Vertriebsnetze (direkte Kontakte aus dem Bereich der Entwicklerschaft/Lehrstuhlinhaber usw.). | M57: 1 | N57: 0.5
A58: =_xlfn.CONCAT(LEFT(Table1[[#This Row],[Dimension]],1),TEXT(Table1[[#This Row],[Cluster]],"00"),Table1[[#This Row],[Fragecode]]) -> T03d | B58: Team | C58: 3 | D58: d | E58: Projektteam | G58: Gibt es ein kompetentes Team für eine Ausgründung? | I58: Es sind keine Gründer vorhanden, um die Geschäftsidee umzusetzen und eine Ausgründung zu beginnen. | J58: Es gibt bereits Gründer, das Team muss jedoch mit weiteren Co-Foundern besetzt werden (bspw. BWLern). | K58: Ein kompetentes Gründerteam ist vorhanden, um die Ausgründung zu entwickeln. | L58: Ein vollständiges und engagiertes Gründerteam, das alle notwendigen Kompetenzen besitzt, ist von enormer Wichtigkeit für eine erfolgreiche Ausgründung. | M58: 1 | N58: 0.9

Sheet Szenarien
A3: ID | B3: Bezeichnung | C3: Beispielszenario | D3: Hardware | E3: Team | F3: Einrichtung | G3: Markt | H3: Handlungsempfehlung | I3: Einzelne Empfehlungen | J3: Prioritäten
A4: =16-G4-F4*2-E4*4-D4*8 -> 1 | B4: Superstar | C4: Im Durchschnitt sind alle notwendigen Dimensionen positiv bewertet. | D4: 1 | E4: 1 | F4: 1 | G4: 1 | H4: Die Verwertung sollte so bald wie möglich gestartet werden. | I4: Verwertung starten(1) | J4: Verwertung starten
A5: =16-G5-F5*2-E5*4-D5*8 -> 2 | B5: motivierte, strategische Entwicklung | C5: Kein oder unattraktiver Markt, kein Interesse außerhalb der Einrichtung an der Hardware. | D5: 1 | E5: 1 | F5: 1 | G5: 0 | H5: Durchführung einer Marktanlyse, um neue Märkte zu erschließen. Sollte kein weiterer Markt vorhanden sein ggfs. versuchen die Hardware an den bestehenden Markt anzupassen oder mit wenig Aufwand zu veröffentlichen. | I5: Marktanalyse(2)--> Marktorientierung(3) oder Analyse der Hardware(4) und Weiterentwicklung zur Marktreife(5); ansonsten Minimal Effort-Verwertung(6) | J5: Marktanalyse
A6: =16-G6-F6*2-E6*4-D6*8 -> 3 | B6: originelles, visionäres Projekt | C6: Einrichtung kann (fehlende Ressourcen, Rechte) oder will Hardware nicht verwerten. | D6: 1 | E6: 1 | F6: 0 | G6: 1 | H6: Analysieren, warum die Einrichtung das vielversprechende Projekt nicht verwerten kann oder möchte und je nach Ergebniss die Einrichtung startklar machen oder ein unabhängiges Projekt starten (Startup). | I6: Analyse der Interessen und Ressourcen der Einrichtung(7) --> Einrichtung startklar machen(8) oder unabhängies Projekt(9) --> ggfs. Verwertung starten(1) | J6: Analyse der Einrichtung
A7: =16-G7-F7*2-E7*4-D7*8 -> 4 | B7: originelle Entwicklung | C7: Einrichtung ist nicht von der Hardware überzeugt, da es nur einen kleinen Markt gibt. | D7: 1 | E7: 1 | F7: 0 | G7: 0 | H7: Das Team sollte eine Marktanlyse starten. Sollte sich sich ein belastbarer Bedarf an der Technologie ergeben, kann entweder die Einrichtung startklar gemacht oder ein unabhängiges Projekt gestartet werden. | I7: Marktanalyse(2) vom Team, um Einrichtung startklar machen(8) oder unabhängiges Projekt(9) starten | J7: Marktanalyse
A8: =16-G8-F8*2-E8*4-D8*8 -> 5 | B8: strategisches, visionäres Projekt | C8: Team fehlt es an Motivation, Kompetenz und/oder Ressourcen. | D8: 1 | E8: 0 | F8: 1 | G8: 1 | H8: Analysieren, woran es dem Team für die Verwertung mangelt und versuchen dieses Problem zu beheben. Im Notfall die Verwertung an ein anderes Team übergeben und auf jeden Fall die Verwertung starten. | I8: Analyse des Team(10)--> entweder Team befähigen(11) oder externes Team suchen(12) --> Verwertung starten(1) | J8: Analyse des Teams
A9: =16-G9-F9*2-E9*4-D9*8 -> 6 | B9: strategisches Konzept | C9: Einrichtung möchte vielversprechende Hardware gegen den Willen verwerten, es fehlt jedoch ein Markt. | D9: 1 | E9: 0 | F9: 1 | G9: 0 | H9: Die Einrichtung sollte sich den Markt und die Technologie anschauen, um zu ermitteln, ob sich eine Verwertung lohnt. Erst danach sollte versucht werden das Team zu stärken oder auszutauschen. Ohne Markt sollte eine Minimal-Effort-Verwertung in Betracht gezogen werden. Es sollte ebenfalls gefragt werden, warum die Einrichtung die Technologie ohne belastbaren Markt verwerten will. | I9: Marktanalyse(2) --> Marktorientierung(3) oder Analyse der Hardware(4) --> Team befähigen(11) oder externes Team suchen(12) ggfs. für Weiterentwicklung zur Marktreife(5) oder Verwertung starten(1); ansonsten Minimal-Effort-Verwertung(6) Feedback sammeln: Warum soll Hardware ohne Marktpotential verwertet werden? | J9: Marktanalyse
A10: =16-G10-F10*2-E10*4-D10*8 -> 7 | B10: visionäre Innovation | C10: Hardware ist technisch so gut, so dass sie gute Chancen auf dem Markt hat. | D10: 1 | E10: 0 | F10: 0 | G10: 1 | H10: Um das große Potential der Technologie verwerten zu können, sollte sowohl Einrichtung als auch das Team analysiert und Hindernisse in beiden Dimensionen beseigtigt werden. Sollte nur im äußersten Notfall nicht verwertet werden | I10: Einrichtung startklar machen(8) --> Analyse des Teams(10)--> Team befähigen(11) oder externes Team suchen(12) Sollte nur im äußersten Notfall nicht verwertet werden. | J10: Analyse der Einrichtung
A11: =16-G11-F11*2-E11*4-D11*8 -> 8 | B11: Technologie | C11: Veraltete Technologie oder Technologie ohne Marktperspektive. | D11: 1 | E11: 0 | F11: 0 | G11: 0 | H11: Existiert bereits eine Idee für einen Markt, sollte dieser analysiert und entwickelt werden, um zu einer visionären Innovation zu kommen. Wenn es absolut keinen Markt für die Technologie gibt, sollte diese gut dokumentiert archiviert werden, um eine schnelle Verwertung zu ermöglichen, sollte sich die Nachfrage ändern. Alternativ käme auch eine Minimal-Effort-Verwertung in Frage. | I11: Archivieren(13) --> Marktanalyse(2) ansonsten Minimal-Effort-Verwertung(6) | J11: Marktanalyse
A12: =16-G12-F12*2-E12*4-D12*8 -> 9 | B12: profitabler, struktureller Kurs | C12: Förderliche Rahmenbedingungen erlauben die Investition in die Weiterentwicklung der Hardware. | D12: 0 | E12: 1 | F12: 1 | G12: 1 | H12: Analysieren, wo die Probleme der Technologie liegen, die der Verwertung im Wege stehen und versuchen diese zu beheben. | I12: Analyse der Hardware(4) -->Weiterentwicklung zur Marktreife(5)--> Verwertung starten(1) | J12: Analyse der Hardware
A13: =16-G13-F13*2-E13*4-D13*8 -> 10 | B13: strukturelles Potential | C13: Hardware findet in dieser Form keinen Markt. | D13: 0 | E13: 1 | F13: 1 | G13: 0 | H13: Um das Potential an der Einrichtung zu nutzen, den Markt analysieren, um die Technologie gezielt in Richtung Marktreife zu entwickeln. | I13: Marktanalyse(2) mit dem Ziel Weiterentwicklung zur Marktreife(5) oder Forschungsförderung(14); ansonsten Minimal-Effort-Verwertung(6) | J13: Marktanalyse
A14: =16-G14-F14*2-E14*4-D14*8 -> 11 | B14: autarke Vision | C14: Team hat einen Markt aufgetan, die Hardware ist aber noch nicht für die Verwertung geeignet und Team muss die Einrichtung noch überzeugen. | D14: 0 | E14: 1 | F14: 0 | G14: 1 | H14: Analysieren, woran es der Einrichtung mangelt, um die Weiterentwicklung der gefragten Technologie hin zur Marktreife zu unterstützen und dem Team helfen, die Einrichtung von der Vision zu überzeugen. | I14: Einrichtung startklar machen(8) für Analyse der Hardware(4) und Weiterentwicklung zur Marktreife(5) oder unabhängiges Projekt(9) | J14: Analyse der Einrichtung
A15: =16-G15-F15*2-E15*4-D15*8 -> 12 | B15: Motivation | C15: Transferinteressierte Wissenschaftler*in ohne konkretes Projekt. | D15: 0 | E15: 1 | F15: 0 | G15: 0 | H15: Das Team sollte eine Marktanlyse beginnen. Sollte sich sich ein belastbarer Bedarf an der Technologie ergeben, kann die Einrichtung startklar gemacht werden, um für die Entwicklung der Technologie ein Projekt zu starten. | I15: Team befähigen(11) eigenständige Marktanalyse(2) durchzuführen --> Einrichtung startklar machen(8), um ein neues Projekt zu starten(16) | J15: Marktanalyse
... A19: =16-G19-F19*2-E19*4-D19*8 -> 16 | B19: Kritische Zone | C19: Bewertung in allen Dimensionen negativ. | D19: 0 | E19: 0 | F19: 0 | G19: 0 | H19: Hardware hat wenig Potential für eine Verwertung. | I19: Projekt fallen lassen (15) | J19: Projekt fallen lassen

Sheet Handlungsempfehlungen
A1: ID | B1: Empfehlung | C1: Beschreibung
A2: 1 | B2: Verwertung starten | C2: Die nächsten Schritte der Verwertung können und sollten gestartet werden. Dazu gehören unter anderem: offene Fragen/Probleme klären, Roadmap für Projekt erstellen, Finanzierung sicherstellen, Ressourcenplanung, Verwertungsweg wählen (siehe Entscheidungshilfen), Abbruchkriterien definieren (wann muss die Verwertung als gescheitert angesehen werden).
A3: 2 | B3: Marktanalyse | C3: Analysieren, für welche Märkte die Technologie noch interessant sein könnte oder wie die Technologie an die Bedürfnisse des Marktes anzupassen wäre.
A4: 3 | B4: Marktorientierung | C4: Aktive Steigerung der Nachfrage nach der Hardware, beispielsweise durch: - Erschließen neuer Märkte - Akquise neuer Abnehmer (z.B. Inkubatoren, Pilotkunden, Alumni, die mit der Hardware gearbeitet haben) Durch die Marktentwicklung kann es zu Verschiebungen in anderen Dimensionen kommen.
A5: 4 | B5: Analyse der Hardware | C5: Identifizieren von Anpassungen an der Hardware, die das Potential für eine Verwertung steigern können. Hierzu können folgende Schritte durchgeführt werden: - Qualitätsprüfung der Hardware - Klärung der rechtlichen Situation (z.B. Abhängigkeiten von z.B. Copyleft-Lizenzen) - Risikoanalyse der Hardware
A6: 5 | B6: Weiterentwicklung zur Marktreife | C6: Hardware zu einem Produkt weiterentwickeln, das den anvisierten Markt bedienen kann.
A7: 6 | B7: Minimal Effort-Verwertung | C7: Hardware ohne großen Aufwand veröffentlichen, so wie sie aktuell ist, z.B. indem sie als Open-Source-Hardware auf ein Repository gestellt wird oder sie im aktuellen Zustand verkauft wird. Vielleicht werden dadurch mögliche Interessenten auf die Hardware aufmerksam.
A8: 7 | B8: Analyse der Interessen und Ressourcen der Einrichtung | C8: Herausfinden, warum das Projekt nicht von der Einrichtung getragen werden kann oder will.
A9: 8 | B9: Einrichtung startklar machen | C9: Einrichtung überzeugen mehr Ressourcen für das Projekt bereitzustellen und/oder diese bei Bedarf aus externen Quellen zu beschaffen. Dies kann beinhalten, die Einrichtung davon zu überzeugen, die Hardware an motivierte externe Personen/Einrichtungen weiter zu geben (Outsourcen, Ausgründung).
A10: 9 | B10: unabhängiges Projekt | C10: Wenn das Projekt keine Zukunft in der Einrichtung hat, dieses entweder als Ausgründung fortführen oder komplett verkaufen. Die Einrichtung muss dafür ggfs. überzeugt werden. Dies würde auch das Risiko der Verwertung von der Einrichtung auf das neue Team verschieben.
A11: 10 | B11: Analyse des Teams | C11: Analysieren, woran es dem aktuellen Entwicklerteam mangelt und was für eine erfolgreiche Verwertung fehlt. Es sollten die Kapazitäten, Kompetenzen und Motivationen des Teams ermittelt werden, um weitere Entscheidungen treffen zu können.
A12: 11 | B12: Team befähigen | C12: Defizite beim Team beheben und dieses für die Verwertung vorbereiten. Dies kann geschehen durch: - Schulungen, mehr Ressourcen bereitstellen, Anreize schaffen, Matching mit (transfer-) interessierten Wissenschaftlern, Matching mit bestehenden, archivierten Technologien.
A13: 12 | B13: externes Team suchen | C13: Wenn das aktuelle Team nicht für die Verwertung bereitsteht, sollte ein externes Team gesucht werden.
... A17: 16 | B17: neues Projekt starten | C17: Es gibt noch zu wenig für eine Verwertung, daher müsste in der Einrichtung zunächst ein Projekt zur Entwicklung der Hardware gestartet werden bis das Transferbüro in Aktion treten kann.

Sheet LookupTabellen
A1: Bewertung | D1: Zuversicht | G1: Kritische Frage
A2: Antwort | B2: Wert | C2: Wert (Punkte) | D2: Wertung | E2: Wert | F2: Wert (Punkte) | H2: nein
A3: nein | B3: 0 | C3: 1 | D3: unsicher | E3: 0.33 | F3: 1 | H3: ja | I3: Kritisch:
A4: dazwischen | B4: 0.5 | C4: 2 | D4: relativ sicher | E4: 0.66 | F4: 2
A5: ja | B5: 1 | C5: 3 | D5: sehr sicher/belegbar | E5: 1 | F5: 3
A6: keine Antwort möglich | B6: 0
A7: nicht relevant | B7: x
